Workbook
Name \: #REF!
Name \: #REF!
Name \: #REF!
Name \: #REF!
Name \: #REF!
Name \: #REF!
Name \a: #REF!
Name \a: #REF!
Name \a: #REF!
Name \a: #REF!
Name \P: #REF!
Name ____: #REF!
Name ____: #REF!
Name ____: #REF!
Name ____: #REF!
Name _____________________________________________________________________l12: #REF!
Name _____________________________________________________________________l3: #REF!
Name _____________________________________________________________________l5: #REF!
Name _____________________________________________________________________var1: #REF!
Name _____________________________________________________________________var4: #REF!
Name ____________________________________________________________________l12: #REF!
Name ____________________________________________________________________l3: #REF!
Name ____________________________________________________________________l5: #REF!
Name ____________________________________________________________________var1: #REF!
Name ____________________________________________________________________var4: #REF!
Name ___________________________________________________________________l12: #REF!
Name ___________________________________________________________________l3: #REF!
Name ___________________________________________________________________l5: #REF!
Name ___________________________________________________________________pc2: #REF!
Name ___________________________________________________________________pv2: #REF!
Name ___________________________________________________________________var1: #REF!
Name ___________________________________________________________________var4: #REF!
Name __________________________________________________________________pc2: #REF!
Name __________________________________________________________________pv2: #REF!
Name _________________________________________________________________l12: #REF!
Name _________________________________________________________________l3: #REF!
Name _________________________________________________________________l5: #REF!
Name _________________________________________________________________pc2: #REF!
Name _________________________________________________________________pv2: #REF!
Name _________________________________________________________________var1: #REF!
Name _________________________________________________________________var4: #REF!
Name ________________________________________________________________l12: #REF!
Name ________________________________________________________________l3: #REF!
Name ________________________________________________________________l5: #REF!
Name ________________________________________________________________pc2: #REF!
Name ________________________________________________________________pv2: #REF!
Name ________________________________________________________________var1: #REF!
Name ________________________________________________________________var4: #REF!
Name _______________________________________________________________l12: #REF!
Name _______________________________________________________________l3: #REF!
Name _______________________________________________________________l5: #REF!
Name _______________________________________________________________pc2: #REF!
Name _______________________________________________________________pv2: #REF!
Name _______________________________________________________________var1: #REF!
Name _______________________________________________________________var4: #REF!
Name ______________________________________________________________l12: #REF!
Name ______________________________________________________________l3: #REF!
Name ______________________________________________________________l5: #REF!
Name ______________________________________________________________pc2: #REF!
Name ______________________________________________________________pv2: #REF!

Sheet 0000000000000

Sheet 1000000000000

Sheet VUP Data
B1: DATA-CD STRUCTURES
B2: Name of Work ::- | D2: =#REF! -> #REF!
A4: S.No. | B4: Quantity | D4: Description of Item | H4: Rate | I4: per | J4: Amount (Rs.)
A6: 1 | B6: Dismantling of Structures (superstructure, substructure, foundation and other miscellaneous structures) and pavements including disposing of resulting materials and/or salvaging useful materials up to a distance of 1 km from project road complete as per Drawings and Technical Specification Clause MoRT&H 202 and as directed by the Engineer.(By Mechanical means in Cement Concrete grade M-15 & M-20)
D7: Page 23,24,25 of MoRT&H SDB
B8: Unit = cum
B9: Taking output = 1.25 cum
D10: (A) Labour
B11: 0.02 | C11: no | D11: Mate | H11: ='SSR-rates'!$H$58 -> 490 | I11: 1 | J11: =ROUND(B11*H11,2) -> 9.8
B12: 0.25 | C12: no | D12: Mazdoor skilled | H12: ='SSR-rates'!$H$59 -> 524 | I12: 1 | J12: =ROUND(B12*H12,2) -> 131
B13: 0.25 | C13: no | D13: Mazdoor unskilled | H13: ='SSR-rates'!$H$60 -> 490 | I13: 1 | J13: =ROUND(B13*H13,2) -> 122.5
B14: ='Input Data'!$D$23 -> 0 | D14: Agency area allowance | H14: =SUM(J11:J13) -> 263.3 | J14: =B14*H14 -> 0
D15: TOTAL | I15: A = | J15: =SUM(J11:J14) -> 263.3
D16: (B ) Machinery | L16: Air compressor 250 cfm with 2 leads of
D17: Air compressor 250 cfm with 2 leads of
B18: 0.67 | D18: pneumatic breaker @ 1.5 cum per hour | H18: ='SSR-rates'!$H$73 -> 619.5 | J18: =ROUND(B18*H18,2) -> 415.07 | L18: pneumatic breaker @ 1.5 cum per hour
B19: 0.27 | C19: hour | D19: Tractor Trolley | H19: ='SSR-rates'!$H$70 -> 465 | I19: 1 | J19: =ROUND(B19*H19,2) -> 125.55
D20: TOTAL | I20: B = | J20: =SUM(J18:J19) -> 540.62
D21: (A + B ) | J21: =J15+J20 -> 803.92
C22: (C) | D22: Over Head Charges on (A+B)
B23: ='Input Data'!$D$24 -> 0.13615 | D23: ="Over head charges "&'Input Data'!$D$24*100&"% on (A) + (B)" -> Over head charges 13.615% on (A) + (B) | H23: =J21 -> 803.92 | J23: =H23*B23 -> 109.45371
B25: 10 | C25: % | D25: (D) Contractors Profit on (A+B+C) | H25: =H23+J23 -> 913.37371 | J25: =ROUND(B25*H25/100,2) -> 91.34
B27: 1.25 | C27: cum | D27: =CONCATENATE("TOTAL Cost for ",B27," ",C27," = (A+B+C+D)",) -> TOTAL Cost for 1.25 cum = (A+B+C+D) | J27: =SUM(J21:J25) -> 1004.7137
D28: =CONCATENATE("Rate per 1 ",C27) -> Rate per 1 cum | J28: =J27/B27 -> 803.77097
D29: =D28 -> Rate per 1 cum | J29: =ROUND(J28,0) -> 804
B30: Earthwork excavation in soils upto SDR by mechanical means for foundations of structures as per drawing and technical specification including setting out, construction of shoring and bracing, removal of stumps and other deleterious matter, dressing sides of bottom, back filling the excavation earth to the extent required etc., complete excluding seignioarge charges for finished item of work as per MoRT&H specification 304(5th Revision) and as directed by the Engineer-in-Charge. (Payment Based on Levels)
B31: Unit : Cum | F31: Page 323 of MoRT&H SDB
B32: Taking out put = 240 Cum
B33: (A) | C33: Labour
B34: 0.32 | C34: day | D34: Mate | H34: ='SSR-rates'!$H$58 -> 490 | I34: day | J34: =ROUND(B34*H34,2) -> 156.8
B35: 8 | C35: day | D35: Mazdoor unskilled | H35: ='SSR-rates'!$H$60 -> 490 | I35: day | J35: =ROUND(B35*H35,2) -> 3920
B36: ='Input Data'!$D$23 -> 0 | D36: Agency area allowance | H36: =SUM(J34:J35) -> 4076.8 | J36: =B36*H36 -> 0
J37: =SUM(J34:J36) -> 4076.8
B38: (B) | C38: Machinery
B39: 6 | C39: hr | D39: Hydraualic Excavator 1 Cum bucket capacity @ 60 cum/hr | H39: ='SSR-rates'!$H$64 -> 3331.2 | I39: hr | J39: =ROUND(B39*H39,2) -> 19987.2
C40: cum | D40: Rate as per G.O. Ms No 10, Dt 26/7/2005 | H40: 13 | I40: cum | J40: =ROUND(B40*H40,2) -> 0
B42: (C) | C42: Over head charges
B43: ='Input Data'!$D$25 -> 0 | C43: ="Over head charges "&'Input Data'!$D$25*100&"% on (A) + (B)" -> Over head charges 0% on (A) + (B) | H43: =J39+J37 -> 24064 | J43: =H43*B43 -> 0
B44: (D) | C44: Total of (A) + (B)+( C) | J44: =J37+J40+J41+J43 -> 4076.8
B45: (E) | C45: Add Contractors Profit at 10% on (D) | J45: =J44*10/100 -> 407.68
D46: Cost per 240 cum (D)+(E) | J46: =SUM(J44:J45) -> 4484.48
D47: Rate for 1 cum | J47: =J46/240 -> 18.685333
F48: Add seignorage charges (1*22)
J49: =SUM(J47:J48) -> 18.685333
D50: Rate to be adopted | J50: =ROUND(J49,0) -> 19
J51: 1 Cum
B53: Vibrated cement concrete M 15 Grade Concrete using 40mm , 20mm and 10mm size HBG crushed stone aggregate (Coarse aggregate conforming to table 1000-1 and fine aggregate conforming to table 1000-2) including cost, (excluding seigniorage) and conveyance of all materials to site and all labour charges ,centering, machine mixing, laying in position, Compacting , Vibrating and curing including all other incidental and all other operational charges of T&P required etc., complete as per MoRT&H Specification 1500,1700, 2100 (5th Revision) for levelling Course
D54: Unit = cum | F54: Page 335 of MoRT&H SDB
D55: Taking output = 15 cum
B56: (A) | C56: Labour
B57: 0.86 | C57: Day | D57: Mate | H57: ='SSR-rates'!$H$58 -> 490 | I57: day | J57: =ROUND(B57*H57,2) -> 421.4
B58: 1.5 | C58: Day | D58: Mason | H58: ='SSR-rates'!$H$59 -> 524 | I58: day | J58: =ROUND(B58*H58,2) -> 786
B59: 20 | C59: Day | D59: Mazdoor | H59: ='SSR-rates'!$H$60 -> 490 | I59: day | J59: =ROUND(B59*H59,2) -> 9800
B60: ='Input Data'!$D$23 -> 0 | D60: Agency area allowance | H60: =SUM(J57:J59) -> 11007.4 | J60: =B60*H60 -> 0
D61: Total | J61: =SUM(J57:J60) -> 11007.4
B62: (B) | C62: Material
B63: 8.1 | C63: cum | D63: Cost of 40mm SS-5 HBG M/C metal | H63: =lead!$J$14 -> 1732.2188 | I63: cum | J63: =ROUND(B63*H63,2) -> 14030.97
B64: 4.05 | C64: cum | D64: Cost of 20mm SS-5 HBG M/C metal | H64: =lead!J16 -> 2031.2188 | I64: cum | J64: =ROUND(B64*H64,2) -> 8226.44
B65: 1.35 | C65: cum | D65: Cost of 10mm SS-5 HBG M/C metal | H65: =lead!J18 -> 1780.2188 | I65: cum | J65: =ROUND(B65*H65,2) -> 2403.3
B66: 6.75 | C66: cum | D66: Sand at site | H66: =lead!J12 -> 1684.4688 | I66: cum | J66: =ROUND(B66*H66,2) -> 11370.16
B67: 4.13 | C67: MT | D67: Cement at site | H67: ='Input Data'!$I$24 -> 5000 | I67: MT | J67: =ROUND(B67*H67,2) -> 20650
D68: Total | J68: =SUM(J63:J67) -> 56680.87
B69: (C) | C69: Machinery
B70: 6 | C70: hr | D70: Concrete mixer 0.4/0.28 cum | H70: ='SSR-rates'!$H$88 -> 627.6 | I70: hr | J70: =ROUND(B70*H70,2) -> 3765.6
B71: 6 | C71: hr | D71: Generator set 35 KVA | H71: ='SSR-rates'!$H$87 -> 1237.4 | I71: hr | J71: =ROUND(B71*H71,2) -> 7424.4
C72: hr | D72: Water tanker 6 KL capacity | H72: ='SSR-rates'!$H$69 -> 699 | I72: hr | J72: =ROUND(B72*H72,2) -> 0
D73: Total | J73: =SUM(J70:J72) -> 11190
B74: (D) | C74: Form work
C75: % | D75: Form work @ 10% on (A)+(B)+( C) | H75: =J61+J68+J73 -> 78878.27 | I75: Cum | J75: =H75*B75 -> 0
B76: (E) | C76: Over head charges @ 5%
B77: ='Input Data'!$D$25 -> 0 | C77: Add for Over head charges @ 5% on (A)+(B)+( C) | H77: =J75+J73+J68+J61 -> 78878.27 | J77: =H77*B77 -> 0
B78: (F) | C78: Total of (A) + (B)+( C)+(D)+(E) | J78: =J61+J68+J73+J75+J77 -> 78878.27
B79: (G) | C79: Add Contractors Profit at 10% on (F) | J79: =J78*10/100 -> 7887.827
D80: Cost per 15 cum (F)+(G) | J80: =SUM(J78:J79) -> 86766.097
D81: Rate for 1 cum | J81: =ROUND(J80/15,2) -> 5784.41
D82: Rate to be adopted | J82: =ROUND(J81,0) -> 5784
J83: 1 Cum
B85: Providing and filling bedding of Granular material around the pipes of Hume pipe culverts suitably compacted / rammed including cost, (excluding seigniorage) and conveyance of materials to site etc., complete as per drawing and MoRT&H Specification 2900 ( 5th Revision) and as directed by the Engineer-in-Charge.
D86: Unit = cum | F86: Page 462 of MoRT&H SDB
D87: Taking output = 10 cum
B88: (A) | C88: Labour
B89: 0.28 | C89: Day | D89: Mate | H89: ='SSR-rates'!$H$58 -> 490 | I89: day | J89: =ROUND(B89*H89,2) -> 137.2
B90: 7 | C90: Day | D90: Mazdoor | H90: ='SSR-rates'!$H$60 -> 490 | I90: day | J90: =ROUND(B90*H90,2) -> 3430
B91: ='Input Data'!$D$23 -> 0 | D91: Agency area allowance | H91: =SUM(J89:$J$90) -> 3567.2 | J91: =B91*H91 -> 0
D92: Total | J92: =SUM(J89:J91) -> 3567.2
B94: (B) | C94: Material
B95: 12 | C95: cum | D95: Cost of Gravel | H95: =lead!$J$34 -> 219.28473 | I95: cum | J95: =ROUND(B95*H95,2) -> 2631.42
D96: Total | J96: =SUM(J95:J95) -> 2631.42
B97: © | C97: Machinery
B98: 2.5 | C98: hr | D98: Plate compactor/Power rammer/road roller | H98: ='SSR-rates'!$H$91 -> 54 | I98: hr | J98: =ROUND(B98*H98,2) -> 135
B99: 0.05 | C99: hr | D99: Water tanker 6 KL capacity | H99: ='SSR-rates'!$H$69 -> 699 | I99: hr | J99: =ROUND(B99*H99,2) -> 34.95
D100: Total | J100: =SUM(J98:J99) -> 169.95
B101: (D) | C101: Over head charges
B102: ='Input Data'!$D$25 -> 0 | C102: ="Over head charges "&'Input Data'!$D$25*100&"% on (A) + (B)+(C)" -> Over head charges 0% on (A) + (B)+(C) | H102: =J100+J96+J92 -> 6368.57 | J102: =H102*B102 -> 0
B103: (E) | C103: Total of (A) + (B)+( C)+(D) | J103: =J92+J96+J100+J102 -> 6368.57
B104: (F) | C104: Add Contractors Profit at 10% on (E) | J104: =J103*10/100 -> 636.857
D105: Cost per 10 cum (E)+(F) | J105: =SUM(J103:J104) -> 7005.427
D106: Rate for 1 cum | J106: =J105/10 -> 700.5427
D107: Rate to be adopted | J107: =ROUND(J106,0) -> 701 | K107: 512
J108: 1 Cum
...

Sheet temp-calculations
A1: ='Schedule-A'!D3 -> BT Renewal from Balabadraipally to Danamma Thanda of Gundumal Mandal in Narayanpet District
B2: ='Schedule-A'!H4 -> NIT.No-- | C2: Estt.Cost.Rs. | D2: ='Schedule-A'!C4 -> 96.15 | E2: Lakhs
A3: ECV | B3: ='Schedule-A'!H192 -> 7737566 | C3: =B3 -> 7737566 | D3: 1% | E3: 0.015 | F3: 0.025
A4: EMD | B4: 1% ECV | C4: =CEILING(1%*B3,100) -> 77400 | D4: =CEILING(1%*C3,100) -> 77400 | E4: =CEILING(1.5%*C3,100) -> 116100 | F4: =SUM(D4:E4) -> 193500
A5: C1- TRANSATION FEE | B5: 0.03% of ECV+12.36% service tax | C5: Plus 12.36% service tax with upper ceiling of 10000+1236=11236/- up to 50.00 Crore | D5: =1.12368*(ROUND(0.03%*C3,0)) -> 2608.0613 | E5: 11236/-
A6: Period of contract in months | B6: =IF(B3<=20000000,12,15) -> 12 | C6: up to 2.00Cr -> 12 months above 2.00 Cr -> 15 months
A7: Solvency | B7: 3 x ECV / Period of Contract in months | C7: =ROUNDUP((3*C3)/(B6),0) -> 1934392 | D7: MTC-> | E7: ='Schedule-A'!#REF! -> #REF! | F7: ='Schedule-A'!#REF! -> #REF!
A8: Prime Contractor | B8: 50% of ECV X 12 / Period of Contract | C8: =ROUNDUP(50%*C3*12/B6,0) -> 3868783
A9: Bid Capacity | B9: ECV | C9: =C3 -> 7737566
A10: Quantities | B10: 50 % of Est. Qty X 12/Period of contract | C10: Required Quantity
A11: Earth work | B11: 0 | C11: =ROUNDUP(B11*50%*12/B6,0) -> 0 | D11: cum
A12: Gravel/GSB | B12: 0 | C12: =ROUNDUP(B12*50%*12/B6,0) -> 0 | D12: cum
A13: WBM/WET MIX | B13: 0 | C13: =ROUNDUP(B13*50%*12/B6,0) -> 0 | D13: cum
A14: BT ALL TYPES Sqm | B14: 0 | C14: =ROUNDUP(B14*50%*12/B6,0) -> 0 | D14: Sqm
A15: CC or VCC or VRCC | B15: 0 | C15: =ROUNDUP(B15*50%*12/B6,0) -> 0 | D15: cum
A17: MILE STONES | B17: Mile stone -1 ( Fnancial ) | C17: =(C9/3) -> 2579188.7 | D17: =C17*0.5 -> 1289594.3 | E17: =ROUND(D17*0.1%,0) -> 1290
B18: Mile stone -2 ( Fnancial ) | C18: =2*C17 -> 5158377.3 | D18: =C18*0.5 -> 2579188.7 | E18: =ROUND(D18*0.1%,0) -> 2579
B19: Mile stone -3 ( Fnancial ) | C19: =3*C17 -> 7737566 | D19: =C19*0.5 -> 3868783 | E19: =ROUND(D19*0.1%,0) -> 3869
D20: =SUM(D17:D19) -> 7737566 | F20: Rs.100/per Lakh per day | G20: OK | H20: =C20*0.5% -> 0
A21: LIQUIDITY DAMAGES | B21: For Mile stone -1 | C21: =ROUND(((C3/3)/1000),0) -> 2579 | D21: =C21*10% -> 257.9 | E21: =C3/3 -> 2579188.7 | F21: =E21*100/100000 -> 2579.1887 | G21: =C21-F21 -> -0.18866667
B22: For Mile stone -2 | C22: =C21 -> 2579 | D22: =C22*10% -> 257.9 | E22: =E21*2 -> 5158377.3 | F22: =E22*100/100000 -> 5158.3773 | G22: =C22-F22 -> -2579.3773
B23: For Mile stone -3 | C23: =C22 -> 2579 | D23: =C23*10% -> 257.9 | E23: =E21*3 -> 7737566 | F23: =E23*100/100000 -> 7737.566 | G23: =C23-F23 -> -5158.566
B25: Total | C25: =C21*3 -> 7737 | E25: TCV | F25: 0.10% of TCV | H25: =D17*10% -> 128959.43
D26: Mile stone 1 | E26: =C3/3 -> 2579188.7 | F26: =E26*0.1% -> 2579.1887 | G26: =C21-F26 -> -0.18866667 | H26: =D18*10% -> 257918.87
D27: Mile stone 2 | E27: =E26*2 -> 5158377.3 | F27: =E27*0.1% -> 5158.3773 | G27: =C22-F27 -> -2579.3773 | H27: =D19*10% -> 386878.3
D28: Mile stone 3 | E28: =E26*3 -> 7737566 | F28: =E28*0.1% -> 7737.566 | G28: =C23-F28 -> -5158.566 | H28: =SUM(H25:H27) -> 773756.6

Sheet Input Data
B1: Name of the Work:- | E1: BT Renewal from Balabadraipally to Danamma Thanda of Gundumal Mandal in Narayanpet District
H2: Sanction Details | K2: Go.No | L2: Go. Date | M2: Sl.No.in Go
B3: 1 | C3: (P.R) Circle | D3: Vikarabad | E3: Vkb | H3: Administrative sanction Ref.
B4: 2 | C4: District | D4: Narayanpet | H4: Sanctioned Amount | I4: Rs. in Lakhs | J4: 96.15 | K4: =J4 -> 96.15 | L4: NIT.NO
B5: 3 | C5: (P.R) Division | D5: Narayanpet | H5: Sanctioned Length | I5: In Km | J5: 2.07 | K5: =J5 -> 2.07 | L5: -
B6: 4 | C6: (P.R) Sub-Division | D6: Maddur | H6: Grant | I6: SDF | J6: =H7&""&I6&"-"&I7 -> SDF-2024-25 | K6: common List Sl.No | L6: 0
B7: 5 | C7: Mandal | D7: Gundumal | I7: 2024-25
B9: Lead Distance | G9: Bitumen & Emulsion
B10: S.No | C10: Item | D10: Sourse of Meterial | E10: Km | G10: Location | I10: Chennai IOCL | J10: IOCL Intial Rate excluding GST
B11: 1 | C11: Metal Cushed | D11: MBNR(Palkonda) | E11: 59 | G11: S.No | H11: Dated | I11: Item
B12: 2 | C12: Manufactured Sand (Rock Sand) | D12: =D11 -> MBNR(Palkonda) | E12: =E11 -> 59
B13: 3 | C13: Sand concrete | D13: Warkur(Maganur) | E13: =72+12+1 -> 85
B14: 4 | C14: Sand for filling | D14: Local | E14: 5 | G14: 1 | H14: 45642 | I14: Bulk VG 30 Grade 60/70 | J14: 45682
B15: 5 | C15: Gravel | D15: Local | E15: 8 | G15: 2 | H15: =H14 -> 45642 | I15: Emulsion SS-1 (Bulk) | J15: 75983
B16: 6 | C16: Pipes | D16: Kothakota | E16: =91+1 -> 92 | G16: 3 | H16: =H15 -> 45642 | I16: Rapid Setting -I Bulk | J16: 43017
B17: 7 | C17: concrete mix | E17: 1
B18: 8 | C18: Borrowed earth | D18: Local | E18: 8
B19: 9 | C19: Selected earth for shoulder | D19: Local | E19: 5 | H19: Rates as on | I19: NOV' 2024 | J19: Till Nov same rates as sep phmed
B20: 10 | C20: BT Lead in Kms (Round Trip) | D20: chennai | E20: 650
B21: 11 | C21: Metal Hand Broken | D21: =D11 -> MBNR(Palkonda) | E21: =E11 -> 59
B22: Allowance | G22: Cement & Steel Rates
B23: 1 | C23: MAA/AA | D23: 0 | G23: S.No | H23: Item | I23: Amount in Rs.
B24: 2 | C24: OHC- Road Work | D24: 0.13615 | E24: 0 | G24: 1 | H24: ="Cement, "&I19&"" -> Cement, NOV' 2024 | I24: 5000
B25: 3 | C25: OHC- Bridge Work | D25: 0 | G25: 2 | H25: ="Steel HYSD-Fe-500 Bars, "&I19&"" -> Steel HYSD-Fe-500 Bars, NOV' 2024 | I25: 49000
B26: 4 | C26: Water cost Allowed Y/N | D26: N | G26: 3 | H26: ="Mild Steel Bars, "&I19&"" -> Mild Steel Bars, NOV' 2024 | I26: 60000
G27: 4 | H27: ="6mm M.S. Rods, "&I19&"" -> 6mm M.S. Rods, NOV' 2024 | I27: 55000

Sheet Cover Page
C3: GOVERNMENT OF TELANGANA
C7: PANCHAYATRAJ ENGINEERING DEPARTMENT
F11: DETAILED ESTIMATE
C14: Name of Grant | I14: : | J14: ='Input Data'!J6 -> SDF-2024-25
C16: Name of Work:-
C17: ='Input Data'!E1 -> BT Renewal from Balabadraipally to Danamma Thanda of Gundumal Mandal in Narayanpet District
D22: Amount Sanctioned | K22: : | L22: Rs. | M22: ='Input Data'!K4 -> 96.15 | O22: Lakhs
D23: Proposed Length | K23: : | L23: ='Input Data'!K5 -> 2.07 | N23: Km
C25: (P.R) Region | G25: :: | H25: ='Input Data'!D3 -> Vikarabad
C26: District | G26: :: | H26: ='Input Data'!D4 -> Narayanpet
C27: (P.R) Division | G27: :: | H27: ='Input Data'!D5 -> Narayanpet
C28: (P.R) Sub-Division | G28: :: | H28: ='Input Data'!D6 -> Maddur
C29: Mandal | G29: :: | H29: ='Input Data'!D7 -> Gundumal

Sheet Inspection Report
A2: Inspection report of the Superintending Engineer, PR, Region, Vikarabad
A3: Present: Sri P.Srinivas Reddy, B.Tech.
A6: 1 | B6: Date of Inspection | D6: :
A7: 2 | B7: Name of the Officers present | D7: : | E7: 1 | F7: M.Heerya,Executive Engineer, PR, Division, Narayanpet
D8: : | E8: 2 | F8: B.Vilok, Dy. Executive Engineer, PR, SD,Maddur'
D9: : | E9: 3 | F9: A.Anjireddy, Asst.Exe Engineer, PRSD Maddur
A10: 3 | B10: Name of the Work | D10: : | E10: ='Input Data'!E1 -> BT Renewal from Balabadraipally to Danamma Thanda of Gundumal Mandal in Narayanpet District
A11: 4 | B11: Estimated Cost | D11: : | E11: Rs. | G11: ='Input Data'!J4 -> 96.15 | H11: Lakhs
A12: 5 | B12: Administrative Sanction | D12: : | E12: ='Input Data'!I3 -> 0
A13: 6 | B13: Grant | D13: : | E13: ='Input Data'!J6 -> SDF-2024-25
C16: =CONCATENATE("The total length of the Road is ",'Input Data'!J5," Km. ",'Road Estimate'!B45," Km is BT Surface with many pot holes along with damaged WMM with existing GSB 125mm and WMM 75mm thick.") -> The total length of the Road is 2.07 Km. 0/000 to 2/070 km Km is BT Surface with many pot holes along with damaged WMM with existing GSB 125mm and WMM 75mm thick.
C17: =CONCATENATE(" As the reaches ",'Road Estimate'!B25," Km is badly damaged along with WMM, Scarify existing BT from",'Road Estimate'!B25," Km & Provide BT with DGBM 50mm ,BC 30mm over WMM 150mm as per traffic conditions.") -> As the reaches 0/000 to 2/070 km Km is badly damaged along with WMM, Scarify existing BT from0/000 to 2/070 km Km & Provide BT with DGBM 50mm ,BC 30mm over WMM 150mm as per traffic conditions.
C18: The entire road stretch is passing through Fertile lands. Therefore Iron Cage Wheel tractors are regularly being passed on the road for cultivation purpose. Therefore, Provide BT with DGBM 50mm ,BC 30mm over WMM 150mm as a special case to over the above problem and to provide better riding surface.
B19: S.No | C19: Existing Type of surface | D19: Reaches | F19: Total Length in mts | H19: Remarks
B20: 1 | C20: Existing damaged BT Surface along with WMM | D20: ='Road Estimate'!B6 -> 0/000 to 2/070 km | F20: ='Road Estimate'!F6 -> 2070 | H20: Provide BM 50mm over BC 30mm over WMM 150mm as the existing BT Surface is badly damaged along with WMM
C21: Total | F21: =SUM(F20:G20) -> 2070
B25: The Executive Engineer, PR, Division, Tandur is requested to prepare the Detailed Estimate with above provisions
H28: Superintending Engineer
H29: PR, Region, Vikarabad

Sheet Note File
B1: ESTIMATE NOTE FILE | K1: CIRCLE | L1: ='Input Data'!D3 -> Vikarabad | P1: TS Date
B2: ="Note file.No. "&$L$2 -> Note file.No. AE-DEE-Gundumal-Vkb-SDF-2024-25 | L2: ="AE-DEE-"&'Input Data'!D7&"-"&N4 -> AE-DEE-Gundumal-Vkb-SDF-2024-25 | P2: Dt: -12-2024
B3: Subject :- | C3: ="PR Circle: "&L1&" - "&$L$7&" Dist"&'Input Data'!J6&" - "&$L$3&"- Estt.Cost.Rs."&$L$4&".00 Lakhs Detailed estimates Submitted for Technical Sanction - regarding" -> PR Circle: Vikarabad - Narayanpet DistSDF-2024-25 - BT Renewal from Balabadraipally to Danamma Thanda of Gundumal Mandal in Narayanpet District - Estt.Cost.Rs.96.15.00 Lakhs Detailed estimates Submitted for Technical Sanction - regarding | K3: Name of the work | L3: ='Input Data'!E1 -> BT Renewal from Balabadraipally to Danamma Thanda of Gundumal Mandal in Narayanpet District
B4: Reference:- | C4: ="1)."&'Input Data'!I3&"." -> 1).. | K4: Estt.Cost | L4: ='Input Data'!J4 -> 96.15 | M4: CAT | N4: ='Input Data'!E3&"-"&'Input Data'!J6&"" -> Vkb-SDF-2024-25 | Q4: ='Input Data'!L6 -> 0
C5: ="2). SE,PR,"&$L$1&$O$7 -> 2). SE,PR,Vikarabad vide Lr.No.T4/CRR/Wanaparthy/22 Dt: 06.09.2022 | K5: Mandal | L5: ='Input Data'!D7 -> Gundumal | M5: Length Sanctioned | N5: ='Input Data'!J5 -> 2.07
C6: 3)SE,PR,Warangal vide Lr.No.T4/Tenders/2021-22 Dt 03.08.2022
E7: ***** | K7: Dist | L7: ='Input Data'!D4 -> Narayanpet | M7: Length Proposed | N7: ='Input Data'!K5 -> 2.07 | O7: vide Lr.No.T4/CRR/Wanaparthy/22 Dt: 06.09.2022
B8: Submitted, Sir, | K8: Division | L8: ="P.R."&'Input Data'!D5 -> P.R.Narayanpet
B9: Kindly peruse the ref. 2nd cited where in the SE (PR) Vikarabad has submitted detailed estimates of above subject work Sanctioned vide reference 1st cited under -CRR-2024-25 grant and requested for according technical sanction the details are as follows. | K9: TS amount | L9: =ROUND(GA!E21/100000,2) -> 96.15
A10: 1 | B10: Name of the District | E10: : | F10: ='Input Data'!D4 -> Narayanpet | K10: Schedule-A Road | L10: ='Schedule-A'!H191 -> 7737566
A11: 2 | B11: Name of the Division | E11: : | F11: =L8 -> P.R.Narayanpet | K11: Schedule-A MTc. | L11: ='Schedule-A'!#REF! -> #REF!
A12: 3 | B12: Name of the Mandal | E12: : | F12: =L5 -> Gundumal | K12: ECV | L12: =CEILING(SUM(L10:L11),1) -> #REF! | M12: =L13-L12 -> #REF!
A13: 4 | B13: Name of the work | E13: : | F13: =L3 -> BT Renewal from Balabadraipally to Danamma Thanda of Gundumal Mandal in Narayanpet District | L13: ='Schedule-A'!H192 -> 7737566 | M13: Diff
A14: 5 | B14: Administrative sanction Ref. No. & date | E14: : | F14: ='Input Data'!I3 -> 0 | N14: =7.5*3 -> 22.5 | O14: =2*7.5*3 -> 45
A15: 6 | B15: Category of Sanction | E15: : | F15: ='Input Data'!J6 -> SDF-2024-25 | N15: =(0.91+0.76)/2 -> 0.835 | O15: =2.7/2 -> 1.35
A16: 7 | B16: Estimate Cost | E16: : | F16: =L4 -> 96.15 | N16: =N14*N15 -> 18.7875 | O16: =O14*O15 -> 60.75
A17: 8 | B17: Length Proposed | E17: : | F17: ='Input Data'!J5 -> 2.07 | K17: =F17*3 -> 6.21
A18: 9 | B18: Habitations connected
A19: Sl.No | C19: Name of the Mandal | F19: Name of the village | H19: Popupation as per 2011 cencus | T19: 1505 | V19: Directly benefited
H20: SC | I20: ST | J20: Plain
A21: 1 | C21: =SPR!C10 -> Gundumal | F21: =SPR!F10 -> Balabadraiaplly | H21: =SPR!J10 -> 602 | I21: =SPR!L10 -> 0 | J21: =SPR!O10 -> 1085
A22: 2 | C22: =SPR!C11 -> Gundumal | F22: =SPR!F11 -> Danamma Thanda | H22: =SPR!J11 -> 0 | I22: =SPR!L11 -> 145 | J22: =SPR!O11 -> 0
A23: Total | I23: 2825
A24: ="The true extract of the Inspection report of the SE, PR, "&L1&""&'Inspection Report'!E6&"" -> The true extract of the Inspection report of the SE, PR, Vikarabad
A25: ='Inspection Report'!C16 -> The total length of the Road is 2.07 Km. 0/000 to 2/070 km Km is BT Surface with many pot holes along with damaged WMM with existing GSB 125mm and WMM 75mm thick.
A26: ='Inspection Report'!C17 -> As the reaches 0/000 to 2/070 km Km is badly damaged along with WMM, Scarify existing BT from0/000 to 2/070 km Km & Provide BT with DGBM 50mm ,BC 30mm over WMM 150mm as per traffic conditions.
A27: ='Inspection Report'!C18 -> The entire road stretch is passing through Fertile lands. Therefore Iron Cage Wheel tractors are regularly being passed on the road for cultivation purpose. Therefore, Provide BT with DGBM 50mm ,BC 30mm over WMM 150mm as a special case to over the above problem and to provide better riding surface.
A28: ='Inspection Report'!#REF! -> #REF!
A29: ='Inspection Report'!C22 -> 0
A30: ='Inspection Report'!C23 -> 0
A31: ='Inspection Report'!C24 -> 0 | L31: CVPD | M31: Curve | N31: CBR
A32: ='Inspection Report'!C25 -> 0 | L32: ='TRAFF-Count-ESAL-Cal'!N11 -> 176 | M32: ='ESAL-result'!K16 -> 9 | N32: ='ESAL-result'!E29/100 -> 0.1
A33: 10 | B33: Existing Surface Details | E33: Reaches | H33: Length in mtrs | I33: Status | J33: Proposed | L33: Existing Surface Details
A34: 1 | B34: =SPR!C18 -> Damaged BT | E34: =SPR!F18 -> 0/000 to 2/070 km | H34: =SPR!K18 -> 2700 | I34: =B34 -> Damaged BT | J34: CC
A35: 2 | B35: =SPR!C19 -> Earthen | E35: =SPR!F19 -> 0 | H35: =SPR!K19 -> 0 | I35: =B35 -> Earthen | J35: CC | L35: =45+10+40+55+8+20 -> 178
H36: =SUBTOTAL(9,H34:H35) -> 2700 | M36: Total | P36: 0/0 - 2/810 | U36: =SUM(#REF!) -> #REF!
A38: 11 | B38: Traffic Count: 242 CVPD | E38: ESAL = | F38: 1592344 | G38: Adopting T9 curve with CBR 5% as per SPR72-2015
B49: The crust proposed by SE | F49: As per (IRC -SP-72-2015) the crust is to be provided
B50: Cumulative No. Of std. Axles | D50: N= msa | E50: CBR 3% | H50: May be provided as per existing crust | J50: Remarks
B51: The pavement layer proposed by SE is as follows | F51: As per (IRC -SP-72-2015)
B52: Proposed | C52: BC | E52: 30 mm | F52: OGPC | G52: 20mm | H52: BC | I52: 30mm | J52: As per SE IR dated:
B53: Proposed | C53: WMM | E53: 225 mm | F53: WMM | G53: 75mm | H53: WMM | I53: 150 mm
B54: Proposed | C54: Gravel Base | E54: 100 mm | F54: Gravel Base | G54: 150mm | H54: Gravel Base | I54: 175 mm
B55: Existing | C55: Granular Sub Base | E55: 50 mm | F55: Granular Sub Base | G55: 150 mm | H55: Granular Sub Base | I55: 50 mm
B56: Existing | C56: Sub Grade | E56: 150 mm | F56: Sub Grade | G56: 150 mm | H56: Sub Grade | I56: 150 mm | K56: =225+100+50+150 -> 525
B57: Total Pavement thickness | E57: 525 mm | G57: 525 mm | H57: Total Pavement thinckness | I57: 525mm
A58: 12 | B58: Crust Details Existing and Proposed | K58: Slno | L58: Reach | O58: CBR in % | P58: Crust Thickness required asper design | Q58: Existing & Proposed Crust provision | AB58: Crust thickness Check +/- | AC58: B.T.
B59: Rech | D59: CBR | E59: Req. Crust thick asper -SP-72 | F59: Existing Crust | G59: Proposed Crust | Q59: Gravel | S59: GR-II | U59: GR-III | W59: WMM | Y59: Total Pavement thickness
F60: Gravel | G60: GSB | H60: WMM | I60: BT /CC | Q60: Existing | R60: Proposed | S60: Existing | T60: Proposed | U60: Existing | V60: Proposed | W60: Existing | X60: Proposed | Y60: Existing | Z60: Proposed | AA60: Total | AC60: Existing | AD60: Proposed
A61: 13 | B61: Details of estimate provisions
A62: SNo | B62: Description | F62: Estimate with SSR 2024-25 | I62: Remarks
F63: Quantity | G63: Rate | H63: Amount | K63: 1 | L63: 0 | M63: 5.6
A64: =K64 -> 1 | B64: Clearing and grubbing of road | F64: ='Schedule-A'!B12 -> 4920 | G64: ='Schedule-A'!G12 -> 3.93 | H64: =ROUND(F64*G64,0) -> 19336 | J64: =IF(H64<E64,E64-H64,"") | K64: =IF(L64=L63,0,L64) -> 1 | L64: =IF(M64>0,(L63+1),L63) -> 1 | M64: =F64 -> 4920
A65: =K65 -> 0 | B65: Excavation for raod work | F65: ='Schedule-A'!B14 -> 0 | G65: ='Schedule-A'!G14 -> 127.41 | H65: =ROUND(F65*G65,0) -> 0 | K65: =IF(L65=L64,0,L65) -> 0 | L65: =IF(M65>0,(L64+1),L64) -> 1 | M65: =F65 -> 0
A66: =K66 -> 0 | B66: Carted earth | F66: ='Schedule-A'!B15 -> 0 | G66: ='Schedule-A'!G15 -> 0 | H66: =ROUND(F66*G66,0) -> 0 | J66: =IF(H66<E66,E66-H66,"") | K66: =IF(L66=L65,0,L66) -> 0 | L66: =IF(M66>0,(L65+1),L65) -> 1 | M66: =F66 -> 0
A67: =K67 -> 2 | B67: Shoulders with Selected earth | F67: ='Schedule-A'!B17 -> 1164.38 | G67: ='Schedule-A'!G17 -> 288.3 | H67: =ROUND(F67*G67,0) -> 335691 | J67: =IF(H67<E67,E67-H67,"") | K67: =IF(L67=L66,0,L67) -> 2 | L67: =IF(M67>0,(L66+1),L66) -> 2 | M67: =F67 -> 1164.38
A68: =K68 -> 0 | B68: Scarifying ext bitumen surface | F68: ='Schedule-A'!B13 -> 0 | G68: ='Schedule-A'!G16 -> 0 | H68: =ROUND(F68*G68,0) -> 0 | K68: =IF(L68=L67,0,L68) -> 0 | L68: =IF(M68>0,(L67+1),L67) -> 2 | M68: =F68 -> 0
A69: =K69 -> 0 | B69: Sub-Base with Grading -VI | F69: ='Schedule-A'!B18 -> 0 | G69: ='Schedule-A'!G18 -> 0 | H69: =ROUND(F69*G69,0) -> 0 | J69: =IF(H69<E69,E69-H69,"") | K69: =IF(L69=L68,0,L69) -> 0 | L69: =IF(M69>0,(L68+1),L68) -> 2 | M69: =F69 -> 0
A70: =K70 -> 0 | B70: WBM GR-II | F70: ='Schedule-A'!B19 -> 0 | G70: ='Schedule-A'!G19 -> 0 | H70: =ROUND(F70*G70,0) -> 0 | K70: =IF(L70=L69,0,L70) -> 0 | L70: =IF(M70>0,(L69+1),L69) -> 2 | M70: =F70 -> 0
A71: =K71 -> 0 | B71: WBM GR-III | F71: ='Schedule-A'!B20 -> 0 | G71: ='Schedule-A'!G20 -> 0 | H71: =ROUND(F71*G71,0) -> 0 | K71: =IF(L71=L70,0,L71) -> 0 | L71: =IF(M71>0,(L70+1),L70) -> 2 | M71: =F71 -> 0
A72: =K72 -> 3 | B72: WMM | F72: ='Schedule-A'!B21 -> 615 | G72: ='Schedule-A'!G21 -> 3101.04 | H72: =ROUND(F72*G72,0) -> 1907140 | J72: =IF(H72<E72,E72-H72,"") | K72: =IF(L72=L71,0,L72) -> 3 | L72: =IF(M72>0,(L71+1),L71) -> 3 | M72: =F72 -> 615
A73: =K73 -> 4 | B73: Prime coat | F73: ='Schedule-A'!B22 -> 6150 | G73: ='Schedule-A'!G22 -> 57.03 | H73: =ROUND(F73*G73,0) -> 350735 | J73: =IF(H73<E73,E73-H73,"") | K73: =IF(L73=L72,0,L73) -> 4 | L73: =IF(M73>0,(L72+1),L72) -> 4 | M73: =F73 -> 6150
A74: =K74 -> 5 | B74: Tack coat on Granuular base | F74: ='Schedule-A'!B23 -> 7762.5 | G74: ='Schedule-A'!G23 -> 16.65 | H74: =ROUND(F74*G74,0) -> 129246 | J74: =IF(H74<E74,E74-H74,"") | K74: =IF(L74=L73,0,L74) -> 5 | L74: =IF(M74>0,(L73+1),L73) -> 5 | M74: =F74 -> 7762.5
A75: =K75 -> 0 | B75: OGPC 20mm thick | F75: ='Schedule-A'!B24 -> 0 | G75: ='Schedule-A'!G24 -> 156.64 | H75: =ROUND(F75*G75,0) -> 0 | K75: =IF(L75=L74,0,L75) -> 0 | L75: =IF(M75>0,(L74+1),L74) -> 5 | M75: =F75 -> 0
A76: =K76 -> 0 | B76: Seal Coat Type-B | F76: ='Schedule-A'!B25 -> 0 | G76: ='Schedule-A'!G25 -> 62.3 | H76: =ROUND(F76*G76,0) -> 0 | K76: =IF(L76=L75,0,L76) -> 0 | L76: =IF(M76>0,(L75+1),L75) -> 5 | M76: =F76 -> 0
A77: =K77 -> 0 | B77: BM 50mm thick | F77: ='Schedule-A'!B26 -> 0 | G77: ='Schedule-A'!G26 -> 10406.88 | H77: =ROUND(F77*G77,0) -> 0 | K77: =IF(L77=L76,0,L77) -> 0 | L77: =IF(M77>0,(L76+1),L76) -> 5 | M77: =F77 -> 0
A78: =K78 -> 0 | B78: Tack Coat On Bitumen surface | F78: ='Schedule-A'!B27 -> 0 | G78: ='Schedule-A'!G27 -> 12.69 | H78: =ROUND(F78*G78,0) -> 0 | K78: =IF(L78=L77,0,L78) -> 0 | L78: =IF(M78>0,(L77+1),L77) -> 5 | M78: =F78 -> 0
A79: =K79 -> 0 | B79: SDBC | F79: ='Schedule-A'!B28 -> 0 | G79: ='Schedule-A'!G28 -> 10958.84 | H79: =ROUND(F79*G79,0) -> 0 | K79: =IF(L79=L78,0,L79) -> 0 | L79: =IF(M79>0,(L78+1),L78) -> 5 | M79: =F79 -> 0
A80: =K80 -> 6 | B80: BC 30mm thick | C80: 99 | D80: 9895.44 | E80: =ROUND(C80*D80,0) -> 979649 | F80: ='Schedule-A'!B29 -> 388.13 | G80: ='Schedule-A'!G29 -> 11734.57 | H80: =ROUND(F80*G80,0) -> 4554539 | K80: =IF(L80=L79,0,L80) -> 6 | L80: =IF(M80>0,(L79+1),L79) -> 6 | M80: =F80 -> 388.13
A81: =K81 -> 0 | B81: CC Pavement | C81: 277.5 | D81: 6839.26 | E81: =ROUND(C81*D81,0) -> 1897895 | F81: ='Schedule-A'!B30 -> 0 | G81: ='Schedule-A'!G30 -> 0 | H81: =ROUND(F81*G81,0) -> 0 | K81: =IF(L81=L80,0,L81) -> 0 | L81: =IF(M81>0,(L80+1),L80) -> 6 | M81: =F81 -> 0
A82: 12 | B82: Repair pot holes with 75mm BM | F82: ='Schedule-A'!B31 -> 6150 | G82: ='Schedule-A'!G31 -> 10.22 | H82: =ROUND(F82*G82,0) -> 62853 | K82: =IF(L82=#REF!,0,L82) -> #REF! | L82: =IF(M82>0,(#REF!+1),#REF!) -> #REF! | M82: =F82 -> 6150
B83: Road Part Total | E83: =SUBTOTAL(9,E64:E81) -> 2877544 | H83: =SUBTOTAL(9,H64:H82) -> 7359540 | K83: =IF(L83=L82,0,L83) -> #REF! | L83: =IF(M83>0,(L82+1),L82) -> #REF!
B84: CD works
B85: Name of CD work | E85: Nos. | F85: No | G85: Rate | H85: Amount
A86: a | B86: =M86 -> Construction of HP Culvert 1V of 1000mm Dia.NP4 Pipes at Km | E86: =N86 -> 0 | F86: ='CD Abs'!C5 -> 0 | G86: ='CD Abs'!D5 -> 347561 | H86: =F86*G86 -> 0 | L86: i | M86: ='Schedule-A'!D33 -> Construction of HP Culvert 1V of 1000mm Dia.NP4 Pipes at Km | N86: ='Schedule-A'!E33 -> 0 | O86: ='Schedule-A'!I40 -> 0
A87: b | B87: ='CD Abs'!B6 -> Construction of HP Culvert 2V of 1000mm Dia.NP4 Pipes at Km | F87: ='CD Abs'!C6 -> 0 | G87: ='CD Abs'!D6 -> 519897 | H87: =F87*G87 -> 0 | L87: ii | M87: ='Schedule-A'!D41 -> Construction of HP Culvert 2V of 1000mm Dia.NP4 Pipes at Km | N87: ='Schedule-A'!E41 -> 0 | O87: ='Schedule-A'!I48 -> 0
A88: c | B88: ='CD Abs'!B9 -> Construction of 1vent 6.00 x 1.50m span slab culvert at 0/340 KM (1 No) | F88: 1 | G88: ='CD Abs'!D9 -> 2541649 | H88: =F88*G88 -> 2541649 | L88: ii | M88: ='Schedule-A'!D49 -> Construction of HP Culvert 3V of 1000mm Dia. NP4 Pipes | N88: ='Schedule-A'!E49 -> 0 | O88: ='Schedule-A'!I56 -> 0
B89: CD works Total | E89: =SUM(E87:E88) -> 0 | H89: =SUM(H86:H88) -> 2541649
B90: Road Furniture | H90: =GA!E9 -> 58374
B91: Raod Safety | H91: =GA!E10 -> 319652
B92: Road + CD works + RF | F92: Total | H92: =SUM(H91+H90+H89+H83) -> 10279215
A93: =+A90+1 -> 1 | B93: Q.C. Charges @ 0.50% | H93: =GA!E12 -> 38688
A94: =A93+1 -> 2 | B94: NAC @ 0.10% | H94: =GA!E13 -> 7738
A95: =A94+1 -> 3 | B95: Seignarage Charges | H95: =GA!E14 -> 170348
A96: =A95+1 -> 4 | B96: Add DMF @ 30% on Seignarage amount | H96: =GA!E15 -> 51104
A97: =A96+1 -> 5 | B97: Add SMET @2% on Seignarage amount | H97: =GA!E16 -> 3407 | O97: 548734 | P97: 568729 | S97: =O97-P97 -> -19995
A98: =A97+1 -> 6 | B98: =GA!B17 -> Add 0.8 times permit fee on Seign Charges | H98: =GA!E17 -> 136278
A99: =A98+1 -> 7 | B99: Add GST @ 18% | H99: =GA!E19 -> 1466123 | O99: 199305 | P99: 202046 | S99: =O99-P99 -> -2741
A100: =A99+1 -> 8 | B100: Unforeseen, price escalation, Seinarage, rounding off | H100: =GA!E20 -> 3748 | K100: =L4 -> 96.15 | O100: 4231119 | P100: 4185149 | S100: =O100-P100 -> 45970
B101: Total Rs. | H101: =SUBTOTAL(9,H92:H100) -> 12156649 | K101: =K100*100000-SUM(H92:I94) -> -710641 | O101: =O97+O99+O100 -> 4979158 | P101: =P97+P99+P100 -> 4955924 | S101: =O101-P101 -> 23234
B103: Sanctioned Estimate | E103: =E101 -> 0 | G103: Excess | H103: =I101 -> 0
B104: Recast Estimate | E104: =H101 -> 12156649 | G104: Less | H104: =J101 -> 0
B105: Difference | E105: =E103-E104 -> -12156649 | G105: Diff | H105: =H103-H104 -> 0
B106: The amount in the recast estimate is increased due to adaptation of SSR 2022-23 for which the length of the road is decreased.
B107: The Following are the rates adopted in the present estimate .
B108: SSR used for preparation Estimate | H108: SSR 2024-25
A109: 14 | B109: Initial Rates of Steel, Cement, BT and Lead of materials proposed as follows
A110: Sl. No | B110: Items | E110: Rates | G110: Per | H110: Lead allowed | I110: Rate Ref. / Date | L110: Gravel | M110: ='Input Data'!D15 -> Local | N110: ='Input Data'!E15 -> 8
A111: 1 | B111: Cement OPC 53 Gr. | E111: ='Input Data'!I24 -> 5000 | G111: MT | I111: ='Input Data'!H24 -> Cement, NOV' 2024 | L111: Selected earth | M111: ='Input Data'!D19 -> Local | N111: ='Input Data'!E19 -> 5
A112: 2 | B112: Steel Fe-500/500D/550D Primary Producers Like TATA,SAIL,Jindal | E112: ='Input Data'!I25 -> 49000 | G112: MT | I112: ='Input Data'!H25 -> Steel HYSD-Fe-500 Bars, NOV' 2024 | L112: Sand for Concrete | M112: ='Input Data'!D13 -> Warkur(Maganur) | N112: ='Input Data'!E13 -> 85
...

Sheet GA
A1: GENERAL ABSTRACT
A2: Name of Work: | B2: ='Input Data'!E1 -> BT Renewal from Balabadraipally to Danamma Thanda of Gundumal Mandal in Narayanpet District
B3: Estt.Cost Rs. | C3: ='Input Data'!J4 -> 96.15 | E3: Lakhs
A4: Sl. No. | B4: Particular | E4: Amount (Rs.)
A5: PART-(A)
B6: Road Works
A7: 1 | B7: Road work | C7: ='Input Data'!J5 -> 2.07 | E7: ='Road Estimate'!L64 -> 7359540
A8: 2 | B8: CD Works | C8: Nos | E8: ='CD Abs'!E14 -> 0 | G8: =F8-E8 -> 0 | I8: =279184*2 -> 558368
A9: =A7+1 -> 2 | B9: Road Furniture | E9: ='Road-furniture '!G18 -> 58374 | I9: =613168 -> 613168
A10: =A9+1 -> 3 | B10: Road Safety Interventions | E10: ='RSI-Estt'!L28 -> 319652
B11: Sub-Total | E11: =SUM(E7:E10) -> 7737566
A12: =A10+1 -> 4 | B12: Q.C. Charges @ 0.50% | E12: =ROUND(E11*0.5%,0) -> 38688
A13: =A12+1 -> 5 | B13: NAC @ 0.10% | E13: =ROUND(E11*0.1%,0) -> 7738
A14: =+A13+1 -> 6 | B14: Seignarage Charges | E14: =Seigneorage!G107 -> 170348
A15: =+A14+1 -> 7 | B15: Add DMF @ 30% on Seignarage amount | E15: =ROUND(E14*30%,0) -> 51104
A16: =+A15+1 -> 8 | B16: Add SMET @2% on Seignarage amount | E16: =ROUND(E14*2%,0) -> 3407
A17: =+A16+1 -> 9 | B17: Add 0.8 times permit fee on Seign Charges | E17: =ROUND(E14*80%,0) -> 136278 | H17: =E14*0.008 -> 1362.784
B18: Sub-Total | E18: =SUM(E11:E17) -> 8145129 | K18: =168.5/2.5 -> 67.4
A19: =A17+1 -> 10 | B19: Add GST @ 18% | E19: =ROUND(E18*18%,0) -> 1466123
A20: =A19+1 -> 11 | B20: Unforeseen, price escalation, Seinarage, as per Govt. orders and rounding off | E20: =G20 -> 3748 | G20: =(C3*100000)-E18-E19 -> 3748 | H20: =E20-G20 -> 0 | I20: =E20/E21 -> 0.00038980759
B21: Total Amount (Part- A) | E21: =SUM(E18:E20) -> 9615000 | G21: =+'Input Data'!J4*100000-SUM(E11:E20) -> -8145129
A22: PART- (B)
B23: Maintenance Estimate
A24: 1 | B24: Routine Maintanance for 5 YEARS | E24: ='Mtc-Abs'!D15 -> 661485
A25: 2 | B25: Add GST on Maintanence @ 12.00% | E25: ='Mtc-Abs'!D16 -> 79378
A26: 3 | B26: Add LS For U/F items | E26: ='Mtc-Abs'!D17 -> 9137
B27: Total Part-B | E27: =SUM(E24:E26) -> 750000
B28: Total (Part- A+B) | E28: =E21+E27 -> 10365000
A30: =" The work is Administratively Sanctioned for Rs."&'Input Data'!J4&".00 lakhs, Vide "&'Input Data'!I3&" under "&'Input Data'!J6 -> The work is Administratively Sanctioned for Rs.96.15.00 lakhs, Vide under SDF-2024-25
A32: =" The Estimate of work '' "&'Input Data'!E1&" '' is Technically sanctioned for Rs."&'Note File'!L9&" lakhs, and Technically Approved for Rs."&ROUND(E28/100000,2)&" lakhs Vide TSR No. /2021-22 dated -11-2021." -> The Estimate of work '' BT Renewal from Balabadraipally to Danamma Thanda of Gundumal Mandal in Narayanpet District '' is Technically sanctioned for Rs.96.15 lakhs, and Technically Approved for Rs.103.65 lakhs Vide TSR No. /2021-22 dated -11-2021.
B34: Asst Exe Engineer, | C34: Dy. Exe. Engineer | G34: LS below 10%
B35: PRSD Maddur | C35: ="PRSD, "&'Input Data'!D6&"" -> PRSD, Maddur
B37: District Panchayat Raj Engineer, | C37: Superintending Engineer
B38: ="PR Division, "&'Input Data'!D5&"" -> PR Division, Narayanpet | C38: ="PR, Circle, "&'Input Data'!D3&"" -> PR, Circle, Vikarabad
C40: Engineer-In-chief
C41: P.R, Hyderabad

Sheet ESAL-result
B1: State- | C1: TELANGANA | D1: Name of the Road | F1: ='Input Data'!E1 -> BT Renewal from Balabadraipally to Danamma Thanda of Gundumal Mandal in Narayanpet District
B2: District- | C2: ='Input Data'!D4 -> Narayanpet
B3: Block- | C3: ='Input Data'!D7 -> Gundumal
B5: INPUT | H5: RESULT
K6: ADT | L6: AADT
D7: Traffic count | E7: VDF Values
H8: Total motorised Vehicle per Day | K8: ='TRAFF-Count-ESAL-Cal'!G12 -> 512 | L8: ='TRAFF-Count-ESAL-Cal'!G16 -> 638
B9: (cars/vans/jeeps/ three wheelers) | D9: ='TRAFF-Count-ESAL-Cal'!B11 -> 139
B10: LCV | D10: 0 | H10: Commercial vehicles per Day | K10: =SUM('TRAFF-Count-ESAL-Cal'!D11:I11) -> 176 | L10: =SUM('TRAFF-Count-ESAL-Cal'!G20:G25) -> 247
B11: HCV (Truck/Buses) | C11: Laden | D11: ='TRAFF-Count-ESAL-Cal'!G11 -> 75 | E11: 2.58
C12: Unladen | D12: ='TRAFF-Count-ESAL-Cal'!H11 -> 17 | E12: 0.31 | H12: Before opening to traffic , AADT | K12: ='TRAFF-Count-ESAL-Cal'!G18 -> 717
C13: Over loaded | D13: ='TRAFF-Count-ESAL-Cal'!I11 -> 0 | E13: 2.86
B14: MCV (Tractor/Trollies/ Mini-Buses) | C14: Laden | D14: ='TRAFF-Count-ESAL-Cal'!D11 -> 47 | E14: 0.31 | H14: Final cumulative ESAL | K14: ='TRAFF-Count-ESAL-Cal'!G30 -> 1501032
C15: Unladen | D15: ='TRAFF-Count-ESAL-Cal'!E11 -> 10 | E15: 0.02
C16: Over loaded | D16: ='TRAFF-Count-ESAL-Cal'!F11 -> 27 | E16: 0.34 | H16: Traffic Category | J16: T | K16: 9
B17: Two wheelers | D17: ='TRAFF-Count-ESAL-Cal'!C11 -> 168
B18: Bicycles | D18: ='TRAFF-Count-ESAL-Cal'!J11 -> 29
B19: Bullock cart | C19: solid wheel | D19: ='TRAFF-Count-ESAL-Cal'!K11 -> 0
C20: Pnu. Tyres | D20: ='TRAFF-Count-ESAL-Cal'!L11 -> 0 | K20: THICKNESS
H21: BC | K21: 30 | M21: PLEASE ENTER MANUALLY ALL THE VALUES AS PER DESIGN CURVES SHEET
H22: DGBM | K22: 50 | M22: PLEASE ENTER MANUALLY ALL THE VALUES AS PER DESIGN CURVES SHEET
B23: Time after which road will be opened to Traffic (year) | E23: 2 | H23: WBM/CRMB/ BASE OF GRAVEL | K23: 225 | M23: PLEASE ENTER MANUALLY ALL THE VALUES AS PER DESIGN CURVES SHEET
B24: Traffic count during harvesting (yes/no) | E24: NO | H24: GRANULAR SUBASE | K24: 125 | M24: PLEASE ENTER MANUALLY ALL THE VALUES AS PER DESIGN CURVES SHEET
B25: No of Harvesting season | E25: 2 | H25: IMPROVED SUBGRADE | K25: ='ESAL-calculation '!H45 -> 0 | L25: mm | M25: PLEASE ENTER MANUALLY ALL THE VALUES AS PER DESIGN CURVES SHEET
B26: No of days in each Harvesting season | E26: 75
B27: Value of n assumed | E27: 1
B29: CBR VALUE | E29: 10 | H29: TOTAL THICKNESS | K29: =K24+K23+K22+K21 -> 430 | M29: =K24+K23 -> 350 | N29: Add total thickness
M32: Enter manually CBR VALUE
B35: Asst. Exe Engineer, | D35: Dy.Executive Engineer | H35: District Panchayat Raj Engineer, | K35: Superintending Engineer
B36: ='TRAFF-Count-ESAL-Cal'!B34 -> PRSD Maddur | D36: ='TRAFF-Count-ESAL-Cal'!E34 -> PRSD, Maddur | H36: ='TRAFF-Count-ESAL-Cal'!H34 -> PR Division, Narayanpet | K36: ='TRAFF-Count-ESAL-Cal'!K34 -> PR, Circle, Vikarabad

Sheet TRAFF-Count-ESAL-Cal
A1: FIELD DATA SHEET FOR TRAFFIC CENSUS (BOTH DIRECTIONS) FOR 3 DAYS ( Lean Seasion )
A2: & CUMALATIVE ESAL APPLICATION CALCULATIONS
A3: ='Input Data'!E1 -> BT Renewal from Balabadraipally to Danamma Thanda of Gundumal Mandal in Narayanpet District
A4: Day | B4: Vehicle Class | M4: Total
B5: Cars, Jeeps, Vans, Three-wheelers | C5: Motorised two- wheelers | D5: Agricultural Tractors/ Trailers (MCV) | G5: Trucks / Buses (HCV) | J5: Cycles | K5: Cycle Rickshaws | L5: Animal Drawn Vehicles
D6: Laden | E6: Unladen | F6: Over Laden | G6: Laden | H6: Unladen | I6: Over Laden
A7: Day 1 From 0.00 Hrs To 24.00 Hrs | B7: 135 | C7: 165 | D7: 42 | E7: 10 | F7: 25 | G7: 75 | H7: 15 | I7: 0 | J7: 24 | K7: 0 | L7: 0 | M7: =SUM(B7:L7) -> 491 | O7: =G30 -> 1501032
A8: Day 2 From 0.00 Hrs To 24.00 Hrs | B8: 142 | C8: 169 | D8: 49 | E8: 10 | F8: 29 | G8: 74 | H8: 18 | I8: 0 | J8: 29 | K8: 0 | L8: 0 | M8: =SUM(B8:L8) -> 520
A9: Day 3 From 0.00 Hrs To 24.00 Hrs | B9: 139 | C9: 171 | D9: 51 | E9: 11 | F9: 28 | G9: 76 | H9: 18 | I9: 0 | J9: 35 | K9: 0 | L9: 0 | M9: =SUM(B9:L9) -> 529
A10: Total | B10: =B9+B8+B7 -> 416 | C10: =C9+C8+C7 -> 505 | D10: =D9+D8+D7 -> 142 | E10: =E9+E8+E7 -> 31 | F10: =F9+F8+F7 -> 82 | G10: =G9+G8+G7 -> 225 | H10: =H9+H8+H7 -> 51 | I10: =I9+I8+I7 -> 0 | ... L10: =L9+L8+L7 -> 0 | M10: =SUM(B10:L10) -> 1540 | N10: CVPD
A11: Average Daily Traffic | B11: =ROUND(B10/3,0) -> 139 | C11: =ROUND(C10/3,0) -> 168 | D11: =ROUND(D10/3,0) -> 47 | E11: =ROUND(E10/3,0) -> 10 | F11: =ROUND(F10/3,0) -> 27 | G11: =ROUND(G10/3,0) -> 75 | H11: =ROUND(H10/3,0) -> 17 | I11: =ROUND(I10/3,0) -> 0 | J11: =ROUND(J10/3,0) -> 29 | K11: =K10/3 -> 0 | L11: =ROUND(L10/3,0) -> 0 | M11: =SUM(B11:L11) -> 512 | N11: =D11+E11+F11+G11+H11+I11 -> 176
A12: ADT in the year of Traffic Count | E12: ADT = | G12: =M11 -> 512 | H12: Nos | I12: 0 | J12: 1 for if Peak season traffic count
A13: ADT in Lean | E13: T = | G13: =IF(I12=0,G12,ROUNDUP(G12/2,0)) -> 512 | H13: Nos | J13: 0 for Lean season traffic count
A14: ADT in Peak | G14: =IF(I12=1,G12,ROUNDUP(G12*2,0)) -> 1024 | H14: Nos
A15: No of Harvesting Seasons | E15: n = | G15: 2 | J15: 75 | K15: Peak Seasons Days
A16: Base Year Traffic | E16: AADT (T)= | G16: =ROUND(G13+(1.2*G13*J15)/365,0) -> 638 | H16: Nos | I16: (Avarage annual daily trafic i.e AADT = T + n x T x t)
D17: Let us assuming an intial growth rate of 6% for 2years | K17: T= Lean Traffic
A18: Opening of the road after complition | E18: AADT = | G18: =ROUND(G16*1.06^2,0) -> 717 | H18: Nos | J18: (AADT * (1.06)2)
A19: From the given traffic count data, proportions of
A20: As per IRC SO 72-2015: | E20: MCV = | G20: =ROUND(((D11)/M11)*G18,0) -> 66 | H20: Nos | J20: (Laden Medium Commercial Vehicle)
A21: CBR Value: | B21: Curve | E21: MCV = | G21: =ROUND(((E11)/M11)*G18,0) -> 14 | H21: Nos | J21: (Un Laden Medium Commercial Vehicle)
A22: 10 | B22: ='ESAL-result'!J16 -> T | C22: ='ESAL-result'!K16 -> 9 | E22: MCV = | G22: =ROUND(((F11)/M11)*G18,0) -> 38 | H22: Nos | J22: (Over Laden Medium Commercial Vehicle)
E23: HCV = | G23: =ROUND(((G11)/M11)*G18,0) -> 105 | H23: Nos | J23: (LadenHeavy Commercial Vehicle)
E24: HCV = | G24: =ROUND(((H11)/M11)*G18,0) -> 24 | H24: Nos | J24: (Unladen Heavy Commercial Vehicle)
E25: HCV = | G25: =ROUND(((I11)/M11)*G18,0) -> 0 | H25: Nos | J25: (Over Laden Heavy Commercial Vehicle)
A26: Cumulative ESAL applications for 10year with uniform growth rate @ 6% | J26: (VDF = Vehicle Damage Factor)
A27: Equivalent Standard Axle Load = | E27: ESAL = HCV x VDF+MCV x VDF | J27: Vehicle | K27: Laden | L27: Unladen | M27: Ov.Laden
E28: ESAL = | F28: ="("&K28&"x"&G23&") + ("&L28&"x"&G24&") + ("&M28&"x"&G25&") + ("&K29&"x"&G20&") + ("&L29&"x"&G21&") + ("&M29&"x"&G22&")" -> (2.58x105) + (0.31x24) + (2.86x0) + (0.31x66) + (0.02x14) + (0.34x38) | J28: HCV | K28: 2.58 | L28: 0.31 | M28: 2.86
E29: ESAL = | G29: =ROUND(G20*K29+G21*L29+G22*M29+G23*K28+G24*L28+G25*M28,2) -> 312 | H29: Nos/day | J29: MCV | K29: 0.31 | L29: 0.02 | M29: 0.34
A30: Cumulative ESAL Applications = | E30: N = | G30: =G29*4811*1 -> 1501032 | I30: ( N = ESAL x 4811 x L) | Q30: =1.075^15 -> 2.9588774 | R30: =Q30-1 -> 1.9588774
H31: Where L= Lane distribution Factor = 1 for single lane) | R31: =365*R30 -> 714.99023
B33: Asst.Exe Engineer | E33: Dy.Executive Engineer | H33: Executive Engineer | J33: Superintending Engineer
B34: ='Slab-Culverts Data'!C678 -> PRSD Maddur | E34: ='Slab-Culverts Data'!G678 -> PRSD, Maddur | H34: ='Slab-Culverts Data'!C682 -> PR Division, Narayanpet | K34: ='Slab-Culverts Data'!G682 -> PR, Circle, Vikarabad
R35: =R31/0.075 -> 9533.2031
R36: =R35*382*0.75*2.5 -> 6828156.7
R37: 6.82 msa

Sheet SPR
A1: SPECIFICATION REPORT FOR WORKING ESTIMATE
A2: Name of the Work : | E2: ='Input Data'!E1:J1 -> BT Renewal from Balabadraipally to Danamma Thanda of Gundumal Mandal in Narayanpet District
B3: Grant | C3: ='Input Data'!I6 -> SDF | D3: ='Input Data'!I7 -> 2024-25 | L3: Est. Cost . Rs. | O3: ='Input Data'!J4 -> 96.15 | Q3: Lakhs
A5: 1) | B5: Habitations Benifitted
B6: The following villages will be benifitted by providing this road.
B8: Sl.No. | C8: Name of the Mandal | F8: Name of the Village | J8: Popupation asper 2011cencus
J9: SC | L9: ST | O9: Plain
B10: 1 | C10: ='Input Data'!D7 -> Gundumal | F10: Balabadraiaplly | J10: 602 | L10: 0 | O10: 1085
B11: 2 | C11: =C10 -> Gundumal | F11: Danamma Thanda | J11: 0 | L11: 145 | O11: 0
F12: Total | J12: =SUM(J10:K11) -> 602 | L12: 260 | O12: =SUM(O10:Q11) -> 1085 | R12: =J12+L12+O12 -> 1947
A14: 2) | B14: Existing Surface Details
B15: The existing surface details of the road for proposed length as follows.
B17: S.No | C17: Existing Type of surface | F17: Reaches | K17: Total Length in mts | M17: Remarks
B18: 1 | C18: Damaged BT | F18: ='Inspection Report'!D20 -> 0/000 to 2/070 km | K18: 2700 | M18: BM 50mm over BC 30mm over WMM 150mm as the existing BT Surface is badly damaged along with WMM | W18: =M18 -> BM 50mm over BC 30mm over WMM 150mm as the existing BT Surface is badly damaged along with WMM
B19: 3 | C19: Earthen
C20: Total | K20: =SUM(K18:L19) -> 2700
A22: 3) | B22: Traffic intensity
B23: Base year traffic volume Count is as follows
B25: Dates of Traffic count (3 days) | C25: Vehicle Class | Q25: Total
C26: Cars, Jeeps, Vans, Three-wheelers | D26: Motorised two- wheelers | E26: Agricultural Tractors/ Trailers (MCV) | H26: Trucks / Buses (HCV) | K26: Cycles | L26: Cycle Rickshaws | M26: Animal Drawn Vehicles | O26: CVPD
E27: Laden | F27: Unladen | G27: Over Laden | H27: Laden | I27: Unladen | J27: Over Laden
C28: ='TRAFF-Count-ESAL-Cal'!B11 -> 139 | D28: ='TRAFF-Count-ESAL-Cal'!C11 -> 168 | E28: ='TRAFF-Count-ESAL-Cal'!D11 -> 47 | F28: ='TRAFF-Count-ESAL-Cal'!E11 -> 10 | G28: ='TRAFF-Count-ESAL-Cal'!F11 -> 27 | H28: ='TRAFF-Count-ESAL-Cal'!G11 -> 75 | I28: ='TRAFF-Count-ESAL-Cal'!H11 -> 17 | J28: ='TRAFF-Count-ESAL-Cal'!I11 -> 0 | ... L28: ='TRAFF-Count-ESAL-Cal'!K11 -> 0 | M28: 0 | O28: =E28+F28+G28+H28+I28+J28 -> 176 | Q28: =C28+D28+E28+F28+G28+H28+I28+J28+K28+L28+L28+M28 -> 512
A30: 4) | B30: Reach wise CBR and proposed road Crust thickness w.r.t existing surface details are as follows
A31: Slno | B31: Reach | E31: CBR in % | F31: Crust required asper design of IRC-SP-72-2015 | I31: Existing & Proposed Crust provision | T31: Crust thick ness Check +/- | U31: DBM 50 and BC30
I32: Gravel | K32: GR-VI | M32: WMM | O32: CC | Q32: Total Pavement thickness
I33: Existing | J33: Proposed | K33: Ext | L33: Pr | M33: Ext | N33: Pr | O33: Ext | P33: Pr | Q33: Ext | R33: Pr | S33: Total | U33: Ext | V33: Pr
A34: 1 | B34: =F18 -> 0/000 to 2/070 km | E34: 0.1 | F34: =S34 -> 430 | I34: 0 | J34: 0 | K34: 125 | M34: 75 | N34: 150 | O34: 0 | P34: 0 | Q34: =I34+K34+M34+O34 -> 200 | R34: =J34+L34+N34+P34 -> 150 | S34: =Q34+R34+V34 -> 430 | T34: 0 | U34: 0 | V34: 80
A37: 5) | B37: CD works Existing Proposed Details are as follows.
B38: Existing CD works with type | F38: Nos | G38: Existing Reaches | K38: Proposed CD works with type | O38: Nos | R38: Proposed Reaches
A39: 1 | B39: Construction of HP Culvert 1V of 1000mm Dia. NP4 Pipes
A40: 2 | B40: Construction of HP Culvert 2V of 1000mm Dia. NP4 Pipes
A41: 3 | B41: Construction of 1vent 6.00 x 1.50m span slab culvert at 0/340 KM (1 No)
A42: 4 | B42: 2vent 6.00 x 2.00m span slab culvert at 1/600 Km
A43: 5 | B43: Protection walls at 1/800, 2/400 & 3/500 KM
A44: 6 | B44: Construction of Village Side Drains
B45: Total Nos | F45: =SUM(F38:F38) -> 0 | K45: Total Nos | O45: =SUM(O38:O43) -> 0
B48: The following provisions are made in the working estimate up to BT standards
A49: 1 | B49: Clearing and grubbing road land including uprooting rank vegetation, grass, bushes, shrubs, saplings and trees girth up to 300 mm, removal of stumps of trees as per the Techinical Specification Clause 201 MoRTH 5th Revision
A50: 2 | B50: Forming Embankment with material obtained from borrowed useful earth from outside road boundary by mechanical means upto SDR with all leads and lifts as per MoRT&H specification 305 (5th revision). (The soil CBR>10%, PI<18% & MDD>1.8 g/cc) from
A51: 3 | B51: Construction of granular sub-base by providing close graded material (Table 400.1) with Grading VI Material CBR Value not less than 100 and PI Value less than 6 spreading in uniform layers with Vibratory Roller to achieve the desired density, complete as directed by the Engineer-in-charge and as per Technical Specification Clause 401 MoRT&H (5th Revision)
A52: 3) | B52: Providing, laying, spreading and compacting graded stone aggregate to Wet mix macadam specification including premixing the material with water at OMC in mechanical mixer (Pug Mill), as per Technical Specification Clause 406 MoRT&H ( 5th revision )
A53: 4) | B53: Providing and applying primer coat with bitumen emulsion (SS-1) on prepared surface of granular base including cleaning of road surface as per Technical Specification Clause 502 MoRT&H (5th Revision) from Km 0/0 to 0/800
A54: 5 | B54: Providing and applying tack coat-1with Bitumen emulsion (RS-1) using emulsion distributor at the rate of 0.20 kg per sqm on as per Technical Specification Clause 503 MoRT&H (5th Revision)
A55: 6 | B55: Providing and laying 50 mm thick of Dense Graded Bituminous Macadam with 100-120 TPH batch type hot mix plant using HBG crushed aggregates of Grading - II as per table 500-10 of MoRT&H Specification 505 (5th revision) premixed with bitumen VG-30 grade (60/70)@ 4 to 4.50% of weight of total mixture, transported to site, laid over a previously prepared surface with Mechanical Paver finisher to the required grade, level and alignment and rolled as per Clauses 501.6 and 501.7 to achieve the desired compaction for finished item of work as directed by the Engineer-in-Charge including hire and operational charges all T&P and all other contingent charges necessary including charges of all materials etc., complete and as per MoRTH specification No. 505(5th Revision)
A56: 7 | B56: Providing and applying tack coat-2 with Bitumen emulsion (RS-1) using emulsion distributor at the rate of 0.20 kg per sqm on the prepared Bitumenus surfaces & cleaned with Hydraulic broom,as directed by the Engineer-in-Charge and as per Technical Specification Clause 503 MoRT&H (5th Revision), including overhead charges & Contractors profit excluding Seignarage charges etc complete.
A57: 8 | B57: Providing and laying bituminous concrete with 100-120 TPH batch type hot mix plant producing an average output of 75 tonnes per hour using crushed aggregates of grading-II premixed with bituminous binder @ 5.0 to 5.4 percent of mix as per MORTH specification clause No. 509 complete in all respects from Km
A58: 9 | B58: Construction of un-reinforced, expansion and construction joint plain cement concrete pavement, thickness as per design, over a prepared sub base, with 43 grade cement or any other type as per Clause 1501.2.2 M30 (Grade), as per drawing and Technical Specification Clause 1501 MORD from Km 0/800 to 1/00
A59: 10 | B59: Construction of earthen shoulders with selective soils obtained from borrow pits with MDD of 18 KN/Cum , CBR ≥ 12%, PI < 12% from approved sources, as per MoRT&H specification 305 (5th revision) from Km 0/0 to 1/00
A60: 11 | B60: Construction of CD works.
A61: 11 | B61: Construction of Side drain
A62: 12 | B62: Provide Road furniture and Road safety interventions
A64: 11 | B64: The estimate is prepared with the SSR for the year 2021-2022. | I64: The estimate is prepared with the SSR for the year 2021-2022. | P64: The estimate is prepared with the SSR for the year 2021-2022.
A65: 12 | B65: Construction of 8V of 1000 mm dia NP4 RCC pipe Vented Road Dams at km 3/950 and 4/450
A66: 13 | B66: Construction of 1 V of 3 m span slab culvert at Km. 3/650
A67: 16 | B67: Construction of 1 V of 3 m span slab culvert at Km. 6/850
A68: 10 | B68: C/o 30m Retaning wall to Open well at Km 1/050
A70: 7) | B70: DESIGN CRITERIA:
A71: i) | B71: The road surface is designed to carry design speed of 50 KMPH.
A72: ii) | B72: The recommended land width as per SP-20/MORD guidelines is available.
A73: iii) | B73: The road way width of 7.50 mtrs and carriage way width of 3.75 meters was provided as per MORD Guidelines.
A74: iv) | B74: Pavement camber of 1 in 50 is provided.
A75: v) | B75: Super elevation are provided as per site requirement
A76: vi) | B76: Road is designed for vertical alignment and gradient. : a) Vertical curves are not required as the road is having plain embankment all along the entire length.
B77: b) Maximum Height of embankment of 0.50 mts is to be provided at reaches where the formation to be done.
A78: vii) | B78: Pavement materials provided in the estimate satisfy the MORD & SP20 guidelines
B80: The estmate is prepared with MORTH Data duly adopting Cement and Steel rates of Nov 2024 and BT rates are adopted as on 16.12.2024
B81: The Detailed Estimate is prepared with the SSR for 2024-25 and with above provisions for Rs.175.50 lakhs and same is submitted for according early technical Sanction.
B86: =GA!B34 -> Asst Exe Engineer, | F86: Dy Executive Engineer | L86: =GA!B37 -> District Panchayat Raj Engineer, | Q86: Superintending Engineer
B87: =GA!B35 -> PRSD Maddur | F87: =GA!C35 -> PRSD, Maddur | L87: =GA!B38 -> PR Division, Narayanpet | Q87: ='Road Estimate'!I73 -> PR, Circle, Vikarabad

Sheet Key Map
B1: KEY MAP
B4: Name of the Work: | D4: ='Input Data'!E1 -> BT Renewal from Balabadraipally to Danamma Thanda of Gundumal Mandal in Narayanpet District
K7: Mirjapur
A14: Danamma Thanda | C14: Proposed BT Renewal road
L15: Balabadraipally
C17: 2/070 Km | J17: 0/00 Km
K27: Bhaktimalla
B34: =GA!B34 -> Asst Exe Engineer, | E34: =GA!B34 -> Asst Exe Engineer, | H34: =GA!B37 -> District Panchayat Raj Engineer,
B35: =GA!B35 -> PRSD Maddur | E35: =GA!B35 -> PRSD Maddur | H35: =GA!B38 -> PR Division, Narayanpet
H39: Superintending Engineer
H40: PR, Circle, Vikarabad

Sheet Road Estimate
A1: ROAD PART ESTIMATE WITH SSR 2024-25
A2: Name of the Work : | C2: ='Input Data'!E1 -> BT Renewal from Balabadraipally to Danamma Thanda of Gundumal Mandal in Narayanpet District
A3: Sl. No. | B3: Description of work | C3: No. | F3: L | G3: B | H3: D | I3: Quantity | J3: Rate | K3: Per | L3: Amount (Rs.)
A4: 1 | B4: 2 | C4: 3 | F4: 4 | G4: 5 | H4: 6 | I4: 7 | J4: 8 | K4: 9 | L4: 10
A5: 1 | B5: ='Road data'!B5:G5 -> Clearing and grubbing road land including uprooting rank vegetation, grass, bushes, shrubs, saplings and trees girth up to 300 mm, removal of stumps of trees cut earlier and disposal of unserviceable materials and stacking of serviceable material to be used or auctioned, up to a lead of 1000 metres including removal and disposal of top organic soil not exceeding 150 mm in thickness by Mechanical means as per the Techinical Specification Clause 201 MoRTH 5th Revision
B6: 0/000 to 2/070 km | C6: 1 | D6: x | E6: 2 | F6: ='Input Data'!J5*1000 -> 2070 | G6: 2.5 | I6: =C6*E6*F6*G6 -> 10350
B7: Deduct Village Portions | C7: 1 | D7: x | E7: 2 | F7: -430 | G7: 2.5 | I7: =C7*E7*F7*G7 -> -2150
F8: =SUM(F6:F7) -> 1640 | I8: =SUM(I6:I7) -> 8200
B9: Deduct voids @40% | I9: =-(I8)*40% -> -3280
I10: =SUM(I8:I9) -> 4920 | J10: ='Road data'!G22 -> 3.93 | K10: 1 | L10: =ROUND(I10*J10,0) -> 19336
I11: Sqm | K11: Sqm
A12: 2 | B12: ='Road data'!B255:G255 -> Scarifying the granular surface to a depth of 50 mm by Mechanical means and re-using the scarified material with all leads and lifts as per MoRT&H (5th Revision) Specn. No.305.4.3
B13: =B6 -> 0/000 to 2/070 km | C13: 0 | D13: x | E13: 1 | F13: 1000 | G13: 3.75 | I13: =C13*E13*F13*G13 -> 0
I14: =SUM(I13) -> 0 | J14: ='Road data'!G270 -> 43.84 | K14: 1 | L14: =ROUND(I14*J14,0) -> 0
I15: Sqm | K15: Sqm
A16: 2 | B16: ='Road data'!B117:G117 -> Excavation for roadwork in soil by mechanical means including cutting and pushing the earth to the site of Embankment upto a lead of 100m,including trimming bottom and side slopes, in accordance with requirements of lines, grades and cross sections as per Technical sanction Clause 302.3MORD/301 MORTH including overhead charges& Contractor's profit but excluding seignioarge charges for finished item of work .
B17: =B13 -> 0/000 to 2/070 km | C17: 0 | D17: x | E17: 2 | F17: 2100 | G17: 1.03 | H17: 0.2 | I17: =C17*E17*F17*G17 -> 0
I18: =SUM(I17) -> 0 | J18: ='Road data'!G134 -> 127.41 | K18: 1 | L18: =ROUND(I18*J18,0) -> 0
I19: Cum | K19: cum
A20: =A5+1 -> 2 | B20: ='Road data'!B272:G272 -> Scarifying the existing bitumen surface to a depth of 50 mm by Mechanical means and disposal of scarified material with all leads and lifts upto 1000 Mtrs as per MoRT&H (5th Revision) Specn. No.305.4.3
B21: =B6 -> 0/000 to 2/070 km | C21: 1 | D21: x | E21: 1 | F21: =F8 -> 1640 | G21: 3.75 | I21: =PRODUCT(C21:H21) -> 6150 | Q21: =I21*5% -> 307.5
I22: =I21 -> 6150 | J22: ='Road data'!G290 -> 10.22 | L22: =ROUND(I22*J22,0) -> 62853
I23: Cum | K23: Cum
A24: =A20+1 -> 3 | B24: ='Road data'!B400:G400 -> Providing, laying, spreading and compacting graded stone aggregate to Wet mix macadam specification including premixing the material with water at OMC in mechanical mixer (Pug Mill), carriage of mixed material by tipper to site, laying in uniform layers in sub-base/base course on a well prepared sub-base and compacting with Vibratory roller of 80 to 100kN to achieve the desired density including lighting, barricading and maintenance of diversion, etc as directed by the Engineer-in-Charge and as per Technical Specification Clause 406 MoRT&H ( 5th revision ), including overhead charges & Contractor profit excluding Seignarage charges etc complete.
B25: =B13 -> 0/000 to 2/070 km | C25: 1 | D25: x | E25: 1 | F25: =F21 -> 1640 | G25: 3.75 | H25: 0.1 | I25: =ROUND(C25*E25*F25*G25*H25,2) -> 615
I26: =SUM(I25:I25) -> 615 | J26: ='Road data'!G431 -> 3101.04 | K26: 1 | L26: =ROUND(I26*J26,0) -> 1907140
I27: Cum | K27: cum
A28: =A24+1 -> 4 | B28: ='Road data'!B481:G481 -> Providing and applying primer coat with bitumen emulsion (SS-1) on prepared surface of granular base including cleaning of road surface and spraying primer at the rate of 0.60 kg/sqm using mechanical means, as directed by the Engineer-in-Charge and as per Technical Specification Clause 502 MoRT&H (5th Revision) (for use on Wet mix macadam & WBM) ,including overhead charges & Contractors profit excluding Seignarage charges etc complete.
B29: =B21 -> 0/000 to 2/070 km | C29: 1 | D29: x | E29: 1 | F29: =F25 -> 1640 | G29: =G25 -> 3.75 | I29: =F29*G29 -> 6150
I30: =SUM(I29:I29) -> 6150 | J30: ='Road data'!G505 -> 57.03 | K30: 1 | L30: =ROUND(I30*J30,0) -> 350735
I31: Sqm | K31: sqm
A32: =A28+1 -> 5 | B32: ='Road data'!B433:G433 -> Providing and applying tack coat with Bitumen emulsion (RS-1) using emulsion distributor at the rate of 0.275 kg per sqm on the prepared granular surfaces treated with primer & cleaned with Hydraulic broom,as directed by the Engineer-in-Charge and as per Technical Specification Clause 503 MoRT&H (5th Revision), including overhead charges & Contractors profit excluding Seignarage charges etc complete.
B33: =B6 -> 0/000 to 2/070 km | C33: 1 | D33: x | E33: 1 | F33: =F6 -> 2070 | G33: 3.75 | I33: =F33*G33 -> 7762.5
B34: Tack Coat-1 | I34: =SUM(I33:I33) -> 7762.5 | J34: ='Road data'!G455 -> 16.65 | K34: 1 | L34: =ROUND(I34*J34,0) -> 129246
I35: Sqm | K35: sqm
A36: 8 | B36: ='Road data'!B508:G508 -> Providing, laying and rolling of open-graded premix carpet of 20 mm thickness composed of 13.2 mm to 5.6 mm aggregates either using penetration grade bitumen 60/70 grade at the rate of 14.6 kg/10 sqm to required line, grade and level to serve as wearing course on a previously prepared base, including mixing in a Hot Mix plant of 60TPH, laying and rolling with a three wheel 80-100 kN static roller capacity, finished to required level and grades to be followed by seal coat of Type B including cost and conveyance of all materials from approved sources, , labour charges and hire and operational charges of power road roller and all other machinery, tools and plants, providing barricading for diversion of traffic, erecting red flags other incidental and operational charges etc., complete for finished item of work, as directed by the Engineer-in-Charge and as per clause 511 MoRT&H (5th Revision), including overhead charges & Contractors profit excluding Seignarage charges etc complete.
B37: =#REF! -> #REF! | C37: 1 | D37: x | E37: 1 | F37: =#REF! -> #REF! | G37: =#REF! -> #REF!
I38: =SUM(I37:I37) -> 0 | J38: ='Road data'!G536 -> 156.64 | K38: 1 | L38: =ROUND(I38*J38,0) -> 0
I39: Sqm | K39: sqm
A40: 9 | B40: ='Road data'!B567:G567 -> Providing and laying bituminous premixed Seal coat (Type B) with HMP of appropriate capacity not less than 60TPH comprising of a thin application of fine aggregate premixed by mechanical means with bituminous binder of grading as defined in table 500.16 of MOST Crushed sand defined as passing through 2.36 mm sieve and retained on 180 micron seive applied @ 0.06 cum per 10 sqm.to be laid simultaneously along with the bitumunous course using 6.80 kgs of bitumen 60/70 grade for 10 sqm and rolling with power roller including of required line, level, grade to serve as wearing course on previously prepared surface and finishing to rquired level and grades including cost and conveyance of all materials from approved sources and stacking at site to departmental gauge for premeasurements, seigniorage, labour charges and hire and operational charges of power road roller 8 to 10 tonnes capacity and all other machinery, tools and plants, providing barricading for diversion of traffic, erecting red flags other incidental and operational charges etc., complete for finished item of work as directed by the Engineer-in-Charge and as per technical specification clause 513 of MoRT&H (5th Revision) Using Hot mix plant including contractors profit & Over head charges excluding Seignarage charges etc complete using Mechanical means
B41: =B37 -> #REF! | C41: 1 | D41: x | E41: 1 | F41: =F37 -> #REF! | G41: =G37 -> #REF!
I42: =SUM(I41:I41) -> 0 | J42: ='Road data'!G593 -> 62.3 | K42: 1 | L42: =ROUND(I42*J42,0) -> 0
I43: Sqm | K43: sqm
A44: 6 | B44: ='Road data'!B682:G682 -> Providing and laying 50 mm thick of Dense Graded Bituminous Macadam with 100-120 TPH batch type hot mix plant using HBG crushed aggregates of Grading - II as per table 500-10 of MoRT&H Specification 505 (5th revision) premixed with bitumen VG-30 grade (60/70)@ 4 to 4.50% of weight of total mixture, transported to site, laid over a previously prepared surface with Mechanical Paver finisher to the required grade, level and alignment and rolled as per Clauses 501.6 and 501.7 to achieve the desired compaction for finished item of work as directed by the Engineer-in-Charge including hire and operational charges all T&P and all other contingent charges necessary including charges of all materials etc., complete and as per MoRTH specification No. 505(5th Revision)
B45: =B33 -> 0/000 to 2/070 km | C45: 1 | D45: x | E45: 1 | F45: =F33 -> 2070 | G45: 3.75 | H45: 0.05 | I45: 0
I46: =SUM(I45:I45) -> 0 | J46: ='Road data'!G721 -> 10406.88 | K46: 1 | L46: =ROUND(I46*J46,0) -> 0
I47: Cum | K47: cum
A48: 7 | B48: ='Road data'!B457:G457 -> Providing and applying tack coat with Bitumen emulsion (RS-1) using emulsion distributor at the rate of 0.20 kg per sqm on the prepared Bitumenus surfaces & cleaned with Hydraulic broom,as directed by the Engineer-in-Charge and as per Technical Specification Clause 503 MoRT&H (5th Revision), including overhead charges & Contractors profit excluding Seignarage charges etc complete.
B49: =B45 -> 0/000 to 2/070 km | C49: 1 | D49: x | E49: 1 | F49: =$F$45 -> 2070 | G49: =G45 -> 3.75 | I49: =ROUND(C49*E49*F49*G49,2) -> 7762.5
B50: Tack Coat-2 | I50: 0 | J50: ='Road data'!G479 -> 12.69 | K50: 1 | L50: =ROUND(I50*J50,0) -> 0
I51: Sqm | K51: sqm
A52: 16 | B52: ='Road data'!B808:G808 -> Providing and laying semi dense bituminous concrete with 100-120 TPH batch type HMP producing an average output of 75 tonnes per hour using crushed aggregates of grading-II, premixed with bituminous binder 60/70 @ 4.5 to 5 per cent of mix and filler, transporting the hot mix to work site, laying with a hydrostatic paver finisher with sensor control to the required grade, level and alignment, rolling with smooth wheeled, vibratory and tandem rollers to achieve the desired compaction as per MoRTH specification clause No. 508 (5th Revision) complete in all respects
B53: =B45 -> 0/000 to 2/070 km | C53: 1 | D53: x | E53: 1 | F53: 0 | G53: 3.75 | H53: 0.025 | I53: =ROUND(C53*E53*F53*G53*H53,2) -> 0
I54: =SUM(I53:I53) -> 0 | J54: ='Road data'!G845 -> 10958.84 | K54: 1 | L54: =ROUND(I54*J54,0) -> 0
I55: Cum | K55: cum
A56: =A32+1 -> 6 | B56: ='Road data'!B766:G766 -> Providing and laying bituminous concrete with 100-120 TPH batch type hot mix plant producing an average output of 75 tonnes per hour using crushed aggregates of grading-II premixed with bituminous binder 60/70 @ 5.4 to 5.6 percent of mix and filler with stone dust, transporting the hot mix to work site, laying with a Mechanical paver finisher to the required grade, level and alignment, rolling with smooth wheeled, vibratory and tandem rollers to achieve the desired compaction as per MORTH specification clause No. 507 complete in all respects
B57: =B33 -> 0/000 to 2/070 km | C57: =C33 -> 1 | D57: x | E57: 1 | F57: =F33 -> 2070 | G57: =G33 -> 3.75 | H57: 0.05 | I57: =ROUND(C57*E57*F57*G57*H57,2) -> 388.13
I58: =SUM(I57:I57) -> 388.13 | J58: ='Road data'!G806 -> 11734.57 | K58: 1 | L58: =ROUND(I58*J58,0) -> 4554539
I59: Cum | K59: cum
A60: =A56+1 -> 7 | B60: ='Road data'!B228:G228 -> Construction of earthen shoulders with selective soils obtained from borrow pits with MDD of 18 KN/Cum , CBR ≥ 12%, PI < 12% from approved sources, grading and consoilidation with 8 to 10 Tonnes Vibratory Road Roller @ OMC to meet requirement of MoRT&H, including all hire and operational charges of T&P complete for finished item of work as per MoRT&H specification 305 (5th revision)
B61: =B6 -> 0/000 to 2/070 km | C61: 1 | D61: x | E61: 2 | F61: =F6 -> 2070 | G61: 1.875 | H61: 0.15 | I61: =ROUND(C61*E61*F61*G61*H61,2) -> 1164.38 | K61: BT
I62: =SUM(I61:I61) -> 1164.38 | J62: ='Road data'!G253 -> 288.3 | K62: 1 | L62: =ROUND(I62*J62,0) -> 335691
I63: Cum | K63: cum
J64: Total | L64: =SUM(L5:L63) -> 7359540
E68: =GA!B34 -> Asst Exe Engineer, | I68: Dy. Exe. Engineer
E69: =+GA!$B$35 -> PRSD Maddur | I69: =+GA!$C$35 -> PRSD, Maddur
F72: Executive Engineer, | I72: Superintending Engineer
E73: =+GA!$B$38 -> PR Division, Narayanpet | I73: =+GA!$C$38 -> PR, Circle, Vikarabad

Sheet ESAL-calculation 
A2: (cars/vans/jeeps/ three wheelers | B2: LCV | C2: HCV (Truck/Buses) | F2: MCV ( Tractor/Trollies/Mini-Buses) | I2: Two wheelers | J2: Bicycles | K2: Bullock cart (solid wheeled) | M2: ADT
C3: Laden | D3: Unladen | E3: Over loaded | F3: Laden | G3: Unladen | H3: Overloaded | K3: solid wheel | L3: Pnu. Tyres
A4: ='ESAL-result'!D9 -> 139 | B4: ='ESAL-result'!D10:D10 -> 0 | C4: ='ESAL-result'!D11 -> 75 | D4: ='ESAL-result'!D12 -> 17 | E4: ='ESAL-result'!D13 -> 0 | F4: ='ESAL-result'!D14 -> 47 | G4: ='ESAL-result'!D15 -> 10 | H4: ='ESAL-result'!D16 -> 27 | I4: ='ESAL-result'!D17:D17 -> 168 | J4: ='ESAL-result'!D18 -> 29 | K4: ='ESAL-result'!D19 -> 0 | L4: ='ESAL-result'!D20 -> 0 | M4: =SUM(A4:L4) -> 512
D6: Number of harvesting season= | G6: ='ESAL-result'!E25 -> 2 | I6: Traffic count during harvesting | M6: ='ESAL-result'!E24 -> NO
D7: value of n | G7: ='ESAL-result'!E27 -> 1 | I7: Duration of harvesting season | M7: ='ESAL-result'!E26 -> 75
I8: Average Daily Traffic ( non- haresting/harvesting) | M8: =IF(M6="yes",M4/2,M4) -> 512
I9: AADT= | M9: =ROUND(M8+((0.6*G7*M7*G6*M8)/365),0) -> 638
I10: Before opening to traffic , AADT= | M10: =ROUND(M9*((1.06)^'ESAL-result'!E23),0) -> 717
I11: Proportion factor (AADT/ADT) = | M11: =M10/M4 -> 1.4003906
A12: =M11 -> 1.4003906 | B12: =M11 -> 1.4003906 | C12: =M11 -> 1.4003906 | D12: =M11 -> 1.4003906 | E12: =M11 -> 1.4003906 | F12: =M11 -> 1.4003906 | G12: =M11 -> 1.4003906 | H12: =M11 -> 1.4003906 | I12: =M11 -> 1.4003906 | J12: =M11 -> 1.4003906 | K12: =M11 -> 1.4003906 | L12: =M11 -> 1.4003906
A14: (cars/vans/jeeps/ three wheelers | B14: LCV | C14: HCV (Truck/Buses) | F14: MCV ( Tractor/Trollies) | I14: Two wheelers | J14: Bicycles | K14: Bullock cart (solid wheeled)
C15: Laden | D15: Unladen | E15: Over loaded | F15: Laden | G15: Unladen | H15: Overloaded | K15: solid wheel | L15: Pnu. Tyres
A16: =ROUND(A4*A12,0) -> 195 | B16: =ROUND(B4*B12,0) -> 0 | C16: =ROUND(C4*C12,0) -> 105 | D16: =ROUND(D4*D12,0) -> 24 | E16: =ROUND(E4*E12,0) -> 0 | F16: =ROUND(F4*F12,0) -> 66 | G16: =ROUND(G4*G12,0) -> 14 | H16: =ROUND(H4*H12,0) -> 38 | ... L16: =ROUND(L4*L12,0) -> 0
A18: VDF | B18: VDF values | C18: HCV (Truck/Buses)
C19: Laden | D19: Unladen | E19: Over loaded | F19: Laden | G19: Unladen | H19: Overloaded
C20: ='ESAL-result'!E11 -> 2.58 | D20: ='ESAL-result'!E12 -> 0.31 | E20: ='ESAL-result'!E13 -> 2.86 | F20: ='ESAL-result'!E14 -> 0.31 | G20: ='ESAL-result'!E15 -> 0.02 | H20: ='ESAL-result'!E16 -> 0.34
B22: Calculated | C22: HCV (Truck/Buses) | F22: MCV ( Tractor/Trollies) | I22: ESAL/per day
C23: Laden | D23: Unladen | E23: Over loaded | F23: Laden | G23: Unladen | H23: Overloaded
C24: =C16*C20 -> 270.9 | D24: =D16*D20 -> 7.44 | E24: =E16*E20 -> 0 | F24: =F16*F20 -> 20.46 | G24: =G16*G20 -> 0.28 | H24: =H16*H20 -> 12.92 | I24: =ROUNDUP(SUM(C24:H24),2) -> 312 | K24: ESAL/per day | M24: =I24 -> 312
K26: Cumulative ESAL over 10 years | M26: =M24*4811*1 -> 1501032
K28: Correction factor | M28: =IF(K4=0,1,(IF(AND(M10>100,M10<150),((((L43-L42)/(K43-K42))*(M10-K42))+L42),0)+IF(AND(M10>150,M10<200),((((L44-L43)/(K44-K43))*(M10-K43))+L43),0)+IF(AND(M10>200,M10<300),((((L45-L44)/(K45-K44))*(M10-K44))+L44),0)+IF(AND(M10>300,M10<400),((((L46-L45)/(K46-K45))*(M10-K45))+L45),0)+IF(AND(M10>400,M10<500),((((L47-L46)/(K47-K46))*(M10-K46))+L46),0))) -> 1
K30: Final cumulative ESAL | M30: =M26*M28 -> 1501032
K32: Traffic Category | L32: T | M32: =IF(AND(M30>10000,M30<30000),1,0)+IF(AND(M30>30000,M30<60000),2,0)+IF(AND(M30>60000,M30<100000),3,0)+IF(AND(M30>100000,M30<200000),4,0)+IF(AND(M30>200000,M30<300000),5,0)+IF(AND(M30>300000,M30<600000),6,0)+IF(AND(M30>600000,M30<1000000),7,0) -> 0
G35: CASENO.
D36: CBR | E36: ='ESAL-result'!$E$29 -> 10 | G36: =IF(E36=2,1,0)+IF(AND(E36>=3,E36<=4),2,0)+IF(AND(E36>=5,E36<=6),3,0)+IF(AND(E36>=7,E36<=9),4,0)+IF(AND(E36>=10,E36<=15),5,0) -> 5 | I36: Traffic Category | J36: T | K36: =M32 -> 0
B39: PAVEMENT LAYERS
H40: THICKNESS | J40: correction factor interpolation
E41: BITUMINOUS SURFACE TREATED WBM/CRMB | H41: =INDEX('ESAL-Data'!B30:H34,'ESAL-calculation '!G36,'ESAL-calculation '!M32) -> 75
E42: WBM/CRMB/ BASE OF GRAVEL | H42: =INDEX('ESAL-Data'!B23:H27,'ESAL-calculation '!G36,'ESAL-calculation '!M32) -> 150 | K42: 100 | L42: 1.7
E43: GRAVEL BASE | H43: =INDEX('ESAL-Data'!B16:H20,'ESAL-calculation '!G36,'ESAL-calculation '!M32) -> 0 | K43: 150 | L43: 1.25
E44: GRANULAR SUBASE | H44: =INDEX('ESAL-Data'!B9:H13,'ESAL-calculation '!G36,'ESAL-calculation '!M32) -> 125 | K44: 200 | L44: 1.2
E45: IMPROVED SUBGRADE | H45: =INDEX('ESAL-Data'!B2:H6,'ESAL-calculation '!G36,'ESAL-calculation '!M32) -> 0 | K45: 300 | L45: 1.15
K46: 400 | L46: 1.1
F47: TOTAL THICKNESS | H47: =SUM(H41:H45) -> 350 | K47: 500 | L47: 1.07

Sheet ESAL-Data
A1: CBR | B1: 1 | C1: 2 | D1: 3 | E1: 4 | F1: 5 | G1: 6 | H1: 7
A2: 1 | B2: 100 | C2: 100 | D2: 100 | E2: 150 | F2: 150 | G2: 150 | H2: 225
A3: 2 | B3: 0 | C3: 0 | D3: 0 | E3: 100 | F3: 150 | G3: 150 | H3: 150
A4: 3 | B4: 0 | C4: 0 | D4: 0 | E4: 0 | F4: 0 | G4: 100 | H4: 100 | J4: Modified soil/improved subgrade
A5: 4 | B5: 0 | C5: 0 | D5: 0 | E5: 0 | F5: 0 | G5: 0 | H5: 0
A6: 5 | B6: 0 | C6: 0 | D6: 0 | E6: 0 | F6: 0 | G6: 0 | H6: 0
A8: CBR | B8: 1 | C8: 2 | D8: 3 | E8: 4 | F8: 5 | G8: 6 | H8: 7
A9: 1 | B9: 0 | C9: 0 | D9: 100 | E9: 100 | F9: 150 | G9: 225 | H9: 200
A10: 2 | B10: 0 | C10: 0 | D10: 150 | E10: 100 | F10: 100 | G10: 100 | H10: 150 | J10: Granular subbase
A11: 3 | B11: 0 | C11: 0 | D11: 0 | E11: 125 | F11: 150 | G11: 100 | H11: 100
A12: 4 | B12: 0 | C12: 0 | D12: 0 | E12: 100 | F12: 125 | G12: 150 | H12: 150
A13: 5 | B13: 0 | C13: 0 | D13: 0 | E13: 0 | F13: 100 | G13: 125 | H13: 125
A15: CBR | B15: 1 | C15: 2 | D15: 3 | E15: 4 | F15: 5 | G15: 6 | H15: 7
A16: 1 | B16: 200 | C16: 150 | D16: 0 | E16: 0 | F16: 0 | G16: 0 | H16: 0
A17: 2 | B17: 200 | C17: 275 | D17: 0 | E17: 0 | F17: 0 | G17: 0 | H17: 0 | J17: Gravel Base
A18: 3 | B18: 175 | C18: 250 | D18: 275 | E18: 0 | F18: 0 | G18: 0 | H18: 0
A19: 4 | B19: 150 | C19: 175 | D19: 225 | E19: 0 | F19: 0 | G19: 0 | H19: 0
A20: 5 | B20: 125 | C20: 150 | D20: 175 | E20: 0 | F20: 0 | G20: 0 | H20: 0
A22: CBR | B22: 1 | C22: 2 | D22: 3 | E22: 4 | F22: 5 | G22: 6 | H22: 7
A23: 1 | B23: 0 | C23: 0 | D23: 100 | E23: 100 | F23: 100 | G23: 100 | H23: 150
A24: 2 | B24: 0 | C24: 0 | D24: 100 | E24: 100 | F24: 100 | G24: 150 | H24: 150 | J24: WBM/CRMB
A25: 3 | B25: 0 | C25: 0 | D25: 0 | E25: 100 | F25: 100 | G25: 100 | H25: 150
A26: 4 | B26: 0 | C26: 0 | D26: 0 | E26: 100 | F26: 100 | G26: 100 | H26: 150
A27: 5 | B27: 0 | C27: 0 | D27: 0 | E27: 150 | F27: 100 | G27: 100 | H27: 150
A29: CBR | B29: 1 | C29: 2 | D29: 3 | E29: 4 | F29: 5 | G29: 6 | H29: 7
A30: 1 | B30: 0 | C30: 75 | D30: 75 | E30: 75 | F30: 75 | G30: 75 | H30: 75
A31: 2 | B31: 0 | C31: 0 | D31: 75 | E31: 75 | F31: 75 | G31: 75 | H31: 75 | J31: Bituminous surface Treated WBM/CRMB
A32: 3 | B32: 0 | C32: 0 | D32: 0 | E32: 75 | F32: 75 | G32: 75 | H32: 75
A33: 4 | B33: 0 | C33: 0 | D33: 0 | E33: 75 | F33: 75 | G33: 75 | H33: 75
A34: 5 | B34: 0 | C34: 0 | D34: 0 | E34: 75 | F34: 75 | G34: 75 | H34: 75

Sheet Cover
C3: GOVERNMENT OF TELANGANA
D7: PANCHAYATRAJ ENGINEERING DEPARTMENT
C12: Name of Grant | I12: : | J12: CRR -2018-19
C15: Name of Work:-
C16: ='Input Data'!E1 -> BT Renewal from Balabadraipally to Danamma Thanda of Gundumal Mandal in Narayanpet District
D21: Amount Sanctioned | K21: : | L21: Rs. | M21: =+'Input Data'!$J$4 -> 96.15 | O21: Lakhs
D22: Sanctioned Length | K22: : | L22: =+'Input Data'!$J$5 -> 2.07 | N22: Km
C26: (P.R) Circle | G26: :: | H26: =+'Input Data'!$D$3 -> Vikarabad
C27: District | G27: :: | H27: =+'Input Data'!$D$4 -> Narayanpet
C28: (P.R) Division | G28: :: | H28: =+'Input Data'!$D$5 -> Narayanpet
C29: (P.R) Sub-Division | G29: :: | H29: =+'Input Data'!$D$6 -> Maddur
C30: Mandal | G30: :: | H30: =+'Input Data'!$D$7 -> Gundumal

Sheet google-map

Sheet Road-furniture 
A1: SUB-ESTIMATE FOR ROAD FURNITURE WITH SSR 2023-24
A2: ='Input Data'!E1 -> BT Renewal from Balabadraipally to Danamma Thanda of Gundumal Mandal in Narayanpet District
A3: S.No | B3: Description | C3: Quantity | E3: Rate | G3: Amount
A4: 1 | B4: ='Road Furniture-Data'!D231 -> Reinforced cement concrete M15 grade kilometre stone/local stone of standard design as per IRC:8 fixing in position including painting and printing, etc as per drawing and Technical Specification Clause 1703 MORD / 804 MORTH ,including overhead charges & Contractors profit ,but excluding Seignarage charges.
B5: Ordinery KM Stone | C5: =ROUND('Road Estimate'!F6/1000,0) -> 2 | D5: Nos | E5: ='Road Furniture-Data'!H281 -> 2691.9102 | F5: / No. | G5: =ROUND(+C5*E5,) -> 5384
B6: H.M Stone (200M) Stone | C6: =ROUND('Input Data'!J5*4,0) -> 8 | D6: Nos | E6: ='Road Furniture-Data'!H306 -> 746.89365 | F6: / No. | G6: =ROUND(+C6*E6,) -> 5975
A7: 2 | B7: ='Road Furniture-Data'!D309 -> Providing and fixing of typical CRR informatory and Name Board with necessary Logo as per specifications and drawing. Three MS Plates of 1.6 mm thick, top and middle plate duly welded with MS flat iron 25mm x 5m size on back on edges. The lower plate will be we welded with MS angle irone frame of 25 mm x 25 mm x 5 mm. The angle iron frame of the lower most plate and flat iron frame of middle plate will be welded to 2 nos. 75 mm x 75 mm of 12 SWG sheet tubes posts duly embedded in cement concrete M-15 grade blocks of 450 mm x 450 mm x 600 mm, 600 mm below ground level. The top most diamond plate will be welded to middle plate by 47 mm x 47mm of 12 SWG sheet tube. All M.s. will be stove enameled on both sides. Lettering and printing arrows, border etc., will be pointed with ready mixed synthetic enamel paint of superior quality in required shade and colour. All sections of framed posts and steel tube will be painted with primer and two coats of epoxy paint as per drawing clause 1701 MORD ,including overhead charges & Contractors profit ,but excluding Seignarage charges.
B8: Information Sign board | C8: 2 | D8: Nos | E8: ='Road Furniture-Data'!H345 -> 15913.927 | F8: / No. | G8: =ROUND(+C8*E8,) -> 31828
A9: 3 | B9: ='Road Furniture-Data'!D167 -> Providing and erecting direction and place identifications of semi reflective sign boards as per IRC:67 made of 2 mm thick M.S. Sheet duly stove enameled paint in white colour in front and grey colour on back with red reflective border of 70 mm width and required message, letters, figures with reflective engineering grade tape as per MORD specifications of required shade and colour. supported and welded on 47 mm x 47 mm of 12 SWG Square tube of 3050 mm height duly strengthened by 25 mm x 5 mm M/s flat iron on edges on back firmly fixed to the ground by means of properly designed foundation with M15 grade cement concrete 450 mm x 450 mm x 600 mm, 600 mm below ground level as per drawings and Technical Specification Clause 1701 MORD.,including overhead charges & Contractors profit ,but excluding Seignarage charges.
B10: 1000x900mm size | C10: 2 | D10: Nos | E10: ='Road Furniture-Data'!H192 -> 3001.1833 | F10: / No. | G10: =ROUND(+C10*E10,) -> 6002
A11: 4 | B11: ='Road Furniture-Data'!D123 -> Providing and fixing of semi reflective cautionary, mandatory and informatory sign board as per IRC:67 made of 1.5 mm thick MS Sheet duly stove white colour in front and gray colour on back with red reflective border of 65 mm width and required letters and figures with reflective tape engineering grade as per Clause 1701.3.9 of MORD for Rural Roads of required shade and colour supported and welded on 47 mm x 47 mm 12 SWG sheet tube firmly fixed to the ground by means of properly designed foundation with M15 grade cement concrete 450 mm x 450 mm x 600 mm, 600 mm below ground level as per drawings and Technical Specification Clause 1701 MORD ,including overhead charges & Contractors profit ,but excluding Seignarage charges.
B12: 600mmx600mm size | C12: 4 | D12: Nos | E12: ='Road Furniture-Data'!H160 -> 2296.218 | F12: / No. | G12: =ROUND(+C12*E12,) -> 9185
A14: 5 | B14: Supplying of hot applied thermoplastic road marking compound, 2.5mm thick including reflectorising glass beads @ 250gms with Reflectorising Glass Beads on Bituminous Surface at 250 gms per sqm area, thickness of 2.5mm is exclusive of surface applied glass bead as per MORTH Section 803.4 and IRC: 35-2015, the material should satisfy the requirements as per MORTH specifications 803.4 and must comply with the following: a) White index for the product should be in the range of 60-70 when measured against standard reference. The applied panel 7/8 number must be submitted for checking up the white index in the department lab. In case the department approves the white index of any vendor, the department engineer may carryout random checking of the applied products at site against the approved panel. In case of any major deviation, beyond
C15: 0 | D15: 0.1 | E15: =C15*D15 -> 0
E16: =E15 -> 0 | F16: 663 | G16: =F16*E16 -> 0
E18: Total | F18: Rs. | G18: =SUM(G4:G17) -> 58374
B21: Asst Exe Engineer, | D21: Dy. Exe. Engineer
B22: ='Pipe data'!D274 -> PRSD Maddur | D22: ='Pipe data'!E274 -> PRSD, Maddur
B25: ='Pipe data'!D399 -> District Panchayat Raj Engineer, | D25: ='Pipe data'!E399 -> Superintending Engineer
B26: ='Pipe data'!D400 -> PR Division, Narayanpet | D26: ='Pipe data'!E400 -> PR, Circle, Vikarabad
B29: ='1V 1m dia Pipe Culverts'!B44 -> District Panchayat Raj Engineer, | E29: ='1V 1m dia Pipe Culverts'!H44 -> Superintending Engineer
B30: ='1V 1m dia Pipe Culverts'!B45 -> PR Division, Narayanpet | E30: ='1V 1m dia Pipe Culverts'!H45 -> PR, Circle, Vikarabad

Sheet RSI-Estt
A1: ROAD SAFETY INTERVENTIONS - SUB ESTIMATE
A2: ='Road-furniture '!A2 -> BT Renewal from Balabadraipally to Danamma Thanda of Gundumal Mandal in Narayanpet District
A3: S.No | B3: Description | C3: No | F3: Measurments | I3: Quantity | J3: Rate | L3: Amount
F4: L | G4: B | H4: D
A5: 1 | B5: 2 | C5: 3 | F5: 4 | G5: 5 | H5: 6 | I5: 7 | J5: 8 | L5: 9
A6: 1 | B6: Cost, supply and fixing on road of Reflective Studs - RMP (Twin Moulded Shanks) including cost and conveyance and all labour charges and including contractors profit & Over head charges, but excluding GST etc,. Complete.
A7: i) | B7: At Junctions to be provided two rows of 0.5m spacing at Junction Start & after Junctions
B8: Junctions | C8: 1 | D8: x | E8: 2 | F8: 6 | I8: =C8*E8*F8 -> 12
A9: ii) | B9: At curves to be provided in both edges @ 1.00 mts intervals of curve potion
B10: curves | C10: 1 | D10: x | E10: 2 | F10: 5 | I10: =C10*E10*F10 -> 10
I12: =SUM(I8:I11) -> 22 | J12: 399 | K12: / Each | L12: =ROUND(I12*J12,0) -> 8778
I13: Nos
A14: 2 | B14: Cost, supply and Painting on road of Thermoplastic Paint of 2.50 mm thick including cost and conveyance and all labour charges and including contractors profit & Over head charges, but excluding GST etc,. Complete.
A15: ii) | B15: Lenth of the road
B16: Both Sides of the road | C16: 1 | D16: x | E16: 2 | F16: ='Road Estimate'!F6 -> 2070 | G16: 0.1 | I16: =C16*E16*F16*G16 -> 414
B17: Center line | C17: 0 | D17: x | E17: 1 | F17: =F16-N17 -> 1610 | G17: 0.1 | I17: =C17*E17*F17*G17 -> 0 | N17: =F16/4.5 -> 460
I18: =SUM(I16:I17) -> 414 | J18: 728 | K18: / Sqm | L18: =ROUND(I18*J18,0) -> 301392
A19: 3 | B19: Providing and erecting a "W" metal beam crash barrier comprising of 3mm thick corrugated sheet metal beam rail 70 cm above road/ground level, fixed on ISMC series chennel verical post 150x75x5mm spaced 2.00m cente-to-centre, 1.80m high, 1.10m below ground/road level, all steel parts and fitiings to be galvanized by hot dip process, all fittings to confirm to IS:1367 and IS: 1364, metal beam rail to be fixed on vertical post with a spacer of chennel section 150x75x5mm, 330mm longs complete as per clause 810, including cost and conveyance and all labour charges and including contractors profit & Over head charges, but excluding GST etc,. Complete. | I19: Sqm
B20: High Level Bridge / High Banking portion | C20: 1 | D20: x | E20: 2 | F20: 0 | I20: =C20*E20*F20 -> 0
B21: at
I22: =SUM(I20:I21) -> 0 | J22: 3183 | K22: / Rm | L22: =ROUND(I22*J22,0) -> 0
I23: Rms
A24: 4 | B24: Cost, supply and Painting on road for Rumble strips 7.5mm thick (in 3 layers each of 2.5mm thick) including cost and conveyance and all labour charges and including contractors profit & Over head charges, but excluding GST etc,. Complete.
B25: 2.5mm thick in 3 layers | C25: 1 | D25: x | E25: 6 | F25: 3.75 | G25: 0.2 | I25: =C25*E25*F25*G25 -> 4.5
I26: =SUM(I25:I25) -> 4.5 | J26: 2107 | K26: 1Sqm | L26: =ROUND(I26*J26,0) -> 9482
I27: Sqm
J28: Total Rs. | L28: =SUM(L10:L26) -> 319652
B33: ='Road-furniture '!B21 -> Asst Exe Engineer, | C33: ='Road-furniture '!D21 -> Dy. Exe. Engineer | H33: ='Road-furniture '!B29 -> District Panchayat Raj Engineer,
B34: ='Road-furniture '!B22 -> PRSD Maddur | C34: ='Road-furniture '!D22 -> PRSD, Maddur | H34: ='Road-furniture '!B30 -> PR Division, Narayanpet
H38: ='Road-furniture '!E29 -> Superintending Engineer
H39: ='Road-furniture '!E30 -> PR, Circle, Vikarabad

Sheet Road data
B1: ROAD - DATA With SSR 2024-25
A2: Name of Work ::- | D2: ='Input Data'!E1 -> BT Renewal from Balabadraipally to Danamma Thanda of Gundumal Mandal in Narayanpet District
A4: S.No. | B4: Quantity | D4: Description of Item | E4: Rate | F4: per | G4: Amount (Rs.)
A5: 1 | B5: Clearing and grubbing road land including uprooting rank vegetation, grass, bushes, shrubs, saplings and trees girth up to 300 mm, removal of stumps of trees cut earlier and disposal of unserviceable materials and stacking of serviceable material to be used or auctioned, up to a lead of 1000 metres including removal and disposal of top organic soil not exceeding 150 mm in thickness by Mechanical means as per the Techinical Specification Clause 201 MoRTH 5th Revision
B6: Unit = 10 sqm
B7: Taking output = 1 hectare
B8: (A) | C8: Labour
B9: 0.16 | C9: day | D9: Mate | E9: ='SSR-rates'!$K$58 -> 575 | F9: day | G9: =ROUND(B9*E9,2) -> 92
B10: 4 | C10: day | D10: Mazdoor unskilled | E10: ='SSR-rates'!$K$60 -> 575 | F10: day | G10: =ROUND(B10*E10,2) -> 2300
B11: ='Input Data'!$D$23 -> 0 | D11: Agency area allowance | E11: =SUM(G9:G10) -> 2392 | G11: =B11*E11 -> 0
G12: =SUM(G9:G11) -> 2392
B13: (B) | C13: Machinery
B14: 10 | C14: Hr | D14: Dozer 80 HP with attachment for removal of trees & stumps | E14: ='SSR-rates'!K62 -> 3164.8 | G14: =ROUND(B14*E14,2) -> 31648
B15: 1 | C15: Hr | D15: Tractor with trolley 3t | E15: ='SSR-rates'!K70 -> 512 | G15: =ROUND(B15*E15,2) -> 512
E16: Total | G16: =SUM(G12:G15) -> 34552
B17: (C) | C17: Over head charges & CP
B18: ='Input Data'!$D$24 -> 0.13615 | C18: Over head charges 4.615% on (A) + (B)+( C) | E18: =G15+G14+G12 -> 34552 | G18: =E18*B18 -> 4704.2548
B19: ='Input Data'!$E$24 -> 0 | C19: Contractor profit | E19: =E18+G18 -> 39256.255 | G19: =E19*B19 -> 0
B20: (D) | C20: Total of (A) + (B)+( C) | G20: =G16+G18+G19 -> 39256.255
C21: Cost unit hectare
C22: Rate per Sqm (D/10000) | G22: =ROUND(G20/10000,2) -> 3.93 | H22: x
A24: 2 | B24: Dismantling of flexible pavements (bituminous courses) by mechanical means and disposal of dismantled materials up to a lead of 1000 metres, stacking serviceable and unserviceable materials separately as per Drawings and Technical Specification Clause MoRT&H 202 and as directed by the Engineer.
D25: Page 36 of MoRT&H SDB
B26: Bituminous Concrete
D27: Unit = cum
D28: Taking output = 1 cum
D29: (A) Labour
B30: 0.01 | C30: no | D30: Mate | E30: ='SSR-rates'!$K$58 -> 575 | F30: 1 | G30: =ROUND(B30*E30,2) -> 5.75
B31: 0.3 | C31: no | D31: Mazdoor unskilled | E31: ='SSR-rates'!$K$60 -> 575 | F31: 1 | G31: =ROUND(B31*E31,2) -> 172.5
B32: ='Input Data'!$D$23 -> 0 | D32: Agency area allowance | E32: =SUM(G30:G31) -> 178.25 | G32: =B32*E32 -> 0
D33: TOTAL | F33: A = | G33: =SUM(G30:G32) -> 178.25
D34: (B ) Machinery
B35: 0.38 | C35: hour | D35: Tractor Trolley | E35: ='SSR-rates'!$K$70 -> 512 | F35: 1 | G35: =ROUND(B35*E35,2) -> 194.56
B36: 0.017 | D36: Farm tractor with ripper @ 60 cum per hour | E36: ='SSR-rates'!$K$72 -> 625 | F36: 1 | G36: =ROUND(B36*E36,2) -> 10.63
D37: TOTAL | F37: B = | G37: =SUM(G35:G36) -> 205.19
D38: (A + B ) | G38: =G33+G37 -> 383.44
C39: (C) | D39: Over head charges & CP
B40: ='Input Data'!$D$24 -> 0.13615 | D40: ="Over head charges & CP "&'Input Data'!$D$24*100&"% on (A) + (B)" -> Over head charges & CP 13.615% on (A) + (B) | E40: =G38 -> 383.44 | G40: =E40*B40 -> 52.205356
B42: 1 | C42: cum | D42: =CONCATENATE("TOTAL Cost for ",B42," ",C42," = (A+B+C)",) -> TOTAL Cost for 1 cum = (A+B+C) | G42: =SUM(G38:G41) -> 435.64536
D43: =CONCATENATE("Rate per 1 ",C42) -> Rate per 1 cum | G43: =G42/B42 -> 435.64536
D44: =D43 -> Rate per 1 cum | G44: =ROUND(G43,2) -> 435.65 | H44: x
A46: 3 | B46: Cutting of trees, including cutting of trunks branches and removal of stumps,roots, stacking of serviceable material with al lifts and upto lead of 1000m and earth filling in the dression/pit.
D47: Girth from 300mm to 600mm
B48: Unit : Each | D48: Page 19 of MoRT&H SDB
B50: (A) | C50: Labour
B51: 0.02 | C51: day | D51: Mate | E51: ='SSR-rates'!$K$58 -> 575 | F51: day | G51: =ROUND(B51*E51,2) -> 11.5
B52: 0.6 | C52: day | D52: Mazdoor unskilled | E52: ='SSR-rates'!$K$60 -> 575 | F52: day | G52: =ROUND(B52*E52,2) -> 345
B53: ='Input Data'!$D$23 -> 0 | D53: Agency area allowance | E53: =SUM(G51:G52) -> 356.5 | G53: =B53*E53 -> 0
G54: =SUM(G51:G53) -> 356.5
B55: (B) | C55: Machinery
B56: 0.1 | C56: hr | D56: Tractor-Trolley | E56: ='SSR-rates'!$K$71 -> 520 | F56: hr | G56: =ROUND(B56*E56,2) -> 52
B58: (C) | C58: Over head charges & CP
B59: ='Input Data'!$D$24 -> 0.13615 | C59: ="Over head charges & CP "&'Input Data'!$D$24*100&"% on (A) + (B)" -> Over head charges & CP 13.615% on (A) + (B) | E59: =G56+G54 -> 408.5 | G59: =E59*B59 -> 55.617275
B60: (D) | C60: Total of (A) + (B)+( C) | G60: =G54+G56+G57+G59 -> 464.11728
D61: Cost per Each | G61: =SUM(G60:G60) -> 464.11728
D62: Rate for each | G62: =ROUND(G61,2) -> 464.12 | H62: x
D64: Girth from 600mm to 900mm
B65: Unit : Each | D65: Page 19 of MoRT&H SDB
B66: (A) | C66: Labour
B67: 0.04 | C67: day | D67: Mate | E67: ='SSR-rates'!$K$58 -> 575 | F67: day | G67: =ROUND(B67*E67,2) -> 23
B68: 0.9 | C68: day | D68: Mazdoor unskilled | E68: ='SSR-rates'!$K$60 -> 575 | F68: day | G68: =ROUND(B68*E68,2) -> 517.5
B69: ='Input Data'!$D$23 -> 0 | D69: Agency area allowance | E69: =SUM(G67:G68) -> 540.5 | G69: =B69*E69 -> 0
G70: =SUM(G67:G69) -> 540.5
B71: (B) | C71: Machinery
B72: 0.3 | C72: hr | D72: Tractor-Trolley | E72: ='SSR-rates'!$K$71 -> 520 | F72: hr | G72: =ROUND(B72*E72,2) -> 156
B74: (C) | C74: Over head charges & CP
B75: ='Input Data'!$D$24 -> 0.13615 | C75: ="Over head charges & CP "&'Input Data'!$D$24*100&"% on (A) + (B)" -> Over head charges & CP 13.615% on (A) + (B) | E75: =G72+G70 -> 696.5 | G75: =E75*B75 -> 94.828475
B76: (D) | C76: Total of (A) + (B)+( C) | G76: =G70+G72+G73+G75 -> 791.32848
D77: Cost per Each | G77: =SUM(G76:G76) -> 791.32848
D78: Rate for each | G78: =ROUND(G77,2) -> 791.33 | H78: x
D80: Girth from 900mm to 1800mm
B81: Unit : Each | D81: Page 19 of MoRT&H SDB
B83: (A) | C83: Labour
B84: 0.08 | C84: day | D84: Mate | E84: ='SSR-rates'!$K$58 -> 575 | F84: day | G84: =ROUND(B84*E84,2) -> 46
B85: 2 | C85: day | D85: Mazdoor unskilled | E85: ='SSR-rates'!$K$60 -> 575 | F85: day | G85: =ROUND(B85*E85,2) -> 1150
B86: ='Input Data'!$D$23 -> 0 | D86: Agency area allowance | E86: =SUM(G84:G85) -> 1196 | G86: =B86*E86 -> 0
G87: =SUM(G84:G86) -> 1196
B88: (B) | C88: Machinery
B89: 0.4 | C89: hr | D89: Tractor-Trolley | E89: ='SSR-rates'!$K$71 -> 520 | F89: hr | G89: =ROUND(B89*E89,2) -> 208
B91: (C) | C91: Over head charges & CP
B92: ='Input Data'!$D$24 -> 0.13615 | C92: ="Over head charges & CP "&'Input Data'!$D$24*100&"% on (A) + (B)" -> Over head charges & CP 13.615% on (A) + (B) | E92: =G89+G87 -> 1404 | G92: =E92*B92 -> 191.1546
B93: (D) | C93: Total of (A) + (B)+( C) | G93: =G87+G89+G90+G92 -> 1595.1546
D94: Cost per Each | G94: =SUM(G93:G93) -> 1595.1546
D95: Rate for each | G95: =ROUND(G94,2) -> 1595.15 | H95: x
A97: 4 | B97: Earthwork excavation in soils upto SDR by mechanical means including trimming bottom and side slopes in accordance with requirements of lines, grades and cross sections etc., complete including for finished item of work for trench cutting as per MoRT&H specification 301(5th Revision) and as directed by the Engineer-in-Charge.
B98: Unit : Cum | D98: Page 50 of MoRT&H SDB
B99: Taking out put = 180 Cum
B100: (A) | C100: Labour
B101: 0.08 | C101: day | D101: Mate | E101: ='SSR-rates'!$K$58 -> 575 | F101: day | G101: =ROUND(B101*E101,2) -> 46
B102: 2 | C102: day | D102: Mazdoor unskilled | E102: ='SSR-rates'!$K$60 -> 575 | F102: day | G102: =ROUND(B102*E102,2) -> 1150
B103: ='Input Data'!$D$23 -> 0 | D103: Agency area allowance | E103: =SUM(G101:G102) -> 1196 | G103: =B103*E103 -> 0
G104: =SUM(G101:G103) -> 1196
B106: (B) | C106: Machinery
B107: 2 | C107: hr | D107: Hydraulic Excavator | E107: ='SSR-rates'!$K$64 -> 3557.7 | F107: hr | G107: =B107*E107 -> 7115.4
B108: (C) | C108: Over head charges & CP
B109: ='Input Data'!$D$24 -> 0.13615 | C109: ="Over head charges & CP "&'Input Data'!$D$24*100&"% on (A) + (B)" -> Over head charges & CP 13.615% on (A) + (B) | E109: =G107+G104 -> 8311.4 | G109: =E109*B109 -> 1131.5971
B110: (D) | C110: Total of (A) + (B)+( C) | G110: =G104+G107+G109 -> 9442.9971
C111: Cost per 180 cum | G111: =SUM(G110:G110) -> 9442.9971
C112: Rate per Cum | G112: =G111/180 -> 52.461095
D113: Rate per 1 cum | G113: =ROUNDUP(G112,3) -> 52.462
...

Sheet Road Furniture-Data
A1: TRAFFIC SIGNS, MARKINGS AND OTHER ROAD APPURTENANCES WITH SSR 2023-24
A2: ='Input Data'!E1 -> BT Renewal from Balabadraipally to Danamma Thanda of Gundumal Mandal in Narayanpet District
A3: Index-code | B3: S. No | D3: Description | E3: Unit | F3: Quantity | G3: Rate Rs. | H3: Amount Rs.
B4: 1 | D4: 2 | E4: 3 | F4: 4 | G4: 5 | H4: 6
B5: Allowances Made
B6: Over heads | F6: =+'Input Data'!D24 -> 0.13615
D7: Contractor's Profit | F7: =+'Input Data'!E24 -> 0
B8: ="Muncipal AAllowance/Area Allowance @ "&F8*100&"%" -> Muncipal AAllowance/Area Allowance @ 0% | F8: =+'Input Data'!D23 -> 0
A9: Sub Analysis
A10: RBR-FNDN-7 | B10: 1 | D10: Supplying, fitting and placing HYSD bar reinforcement in foundation complete as per drawings and technical specifications Clauses 1000 and 1202 &1100, 1600 MORTH for Bars below 36 mm dia including over laps and wastage, where they are not welded.
D11: Unit = t
D12: (a) Material
D13: HYSD bars including 5 per cent for overlaps and wastage | E13: t | F13: 1.05 | G13: =+lead!J37 -> 49000 | H13: =ROUND(F13*G13,2) -> 51450
D14: Binding wire | E14: kg | F14: 6 | G14: =+'SSR-rates'!K93 -> 83 | H14: =ROUND(F14*G14,2) -> 498
D15: (b) Labour for cutting, bending, shifting to site, tying and placing in position
D16: Mate | E16: day | F16: -
D17: Blacksmith | E17: day | F17: 2 | G17: =+'SSR-rates'!K56 -> 640 | H17: =ROUND(F17*G17,2) -> 1280
D18: Mazdoor (Unskilled) | E18: day | F18: 6.4 | G18: =+'SSR-rates'!K60 -> 575 | H18: =ROUND(F18*G18,2) -> 3680
D19: =B8 -> Muncipal AAllowance/Area Allowance @ 0% | E19: =F8 -> 0 | H19: =SUM(H16:H18)*E19 -> 0
D20: c&d) Overheads & Contractors Profit | E20: 0 | H20: =SUM(H17:H19)*E20 -> 0
D21: Rate per t = a+b+c+d | H21: =SUM(H13:H20) -> 56908
A24: RBR-FNDN-1 | B24: =B10+1 -> 2 | D24: Earthwork excavation in soils upto SDR by mechanical means for foundations of structures as per drawing and technical specification including setting out, construction of shoring and bracing, removal of stumps and other deleterious matter, dressing sides of bottom, back filling the excavation earth to the extent required etc., complete excluding seignioarge charges for finished item of work as per MoRT&H specification 304(5th Revision) and as directed by the Engineer-in-Charge.
D25: Note : Classifications of Earth Work Specification are as per 302.2.1(a) of MORD and 301.2.1 of MORT&H
D26: Ordinary soil
D27: Manual means
B28: i | D28: Upto 3 m depth
D29: Unit = cum
D30: Taking output = 10 cum
D31: a) Labour
D32: Mate | E32: day | F32: 0.64 | G32: =+'SSR-rates'!K58 -> 575 | H32: =ROUND(F32*G32,2) -> 368
D33: Mazdoor (Unskilled) | E33: day | F33: 3 | G33: =+'SSR-rates'!K60 -> 575 | H33: =ROUND(F33*G33,2) -> 1725
D34: =$B$8 -> Muncipal AAllowance/Area Allowance @ 0% | E34: =$F$8 -> 0 | H34: =SUM(H32:H33)*E34 -> 0
D35: Seignorage Charges for earth | E35: cum | F35: 10 | G35: 0 | H35: =ROUND(F35*G35,2) -> 0
H36: =SUM(H32:H35) -> 2093
D37: Rate per cum = /10 | H37: =ROUND(H36/10,2) -> 209.3
D39: For Road Furniture Items
A40: RBR-FNDN-4 | B40: =B24+1 -> 3 | D40: Plain/reinforced cement concrete in Foundations complete as per drawings and technical specification Clauses 802, 804, 805, 806, 807, 1202 and 1204 MORD and 1500, 1700 & 2200 MORTH
D41: Note : Water for concrete : A provision for cost of water may be added at 1.2 kl / 1 cum (including curing purpose) keeping the site conditions
D42: Coarse Aggregate : Single grade nominal size can also be used instead of graded metal, keeping the site conditions in view
D43: For height upto 5 m
D44: Unit = cum
D45: P.C.C grade M 15
D46: Unit = 15 cum
D47: (a) Material
D48: Cement | E48: t | F48: 4.13 | G48: =+lead!J36 -> 5000 | H48: =ROUND(F48*G48,2) -> 20650 | J48: =H48 -> 20650 | K48: =+J48*12.5% -> 2581.25 | L48: =+J48+K48 -> 23231.25 | M48: =+L48+#REF! -> #REF! | N48: =+M48/1.125 -> #REF!
D49: 50% Natural Sand as per IS:383 and conforming to clause 1500.2.4.2. | E49: cum | F49: =6.75/2 -> 3.375 | G49: =+lead!$J$31 -> 1850.9213 | H49: =ROUND(F49*G49,2) -> 6246.86
D50: 50% Manufactured sand(Rock Sand) | E50: cum | F50: =6.75/2 -> 3.375 | G50: =+lead!$J$33 -> 1473.2188 | H50: =ROUND(F50*G50,2) -> 4972.11
D51: 40 mm aggregate | E51: cum | F51: 8.1 | G51: =+lead!J14 -> 1732.2188 | H51: =ROUND(F51*G51,2) -> 14030.97
D52: 20 mm aggregate | E52: cum | F52: 4.05 | G52: =+lead!J16 -> 2031.2188 | H52: =ROUND(F52*G52,2) -> 8226.44
D53: 10 mm aggregate | E53: cum | F53: 1.35 | G53: =+lead!J18 -> 1780.2188 | H53: =ROUND(F53*G53,2) -> 2403.3
D54: (b) Labour
D55: Mate | E55: day | F55: 0.86 | G55: =+'SSR-rates'!K58 -> 575 | H55: =ROUND(F55*G55,2) -> 494.5
D56: Mason (1st Class) | E56: day | F56: 1.5 | G56: =+'SSR-rates'!K96 -> 645 | H56: =ROUND(F56*G56,2) -> 967.5
D57: Mazdoor (Unskilled) | E57: day | F57: 20 | G57: =+'SSR-rates'!K60 -> 575 | H57: =ROUND(F57*G57,2) -> 11500
D58: =$B$8 -> Muncipal AAllowance/Area Allowance @ 0% | E58: =$F$8 -> 0 | H58: =SUM(H55:H57)*E58 -> 0
D59: (c) Machinery
D60: Concrete mixer 0.4/0.28 cum capacity | E60: hour | F60: 6 | G60: =+'SSR-rates'!K88 -> 697.9 | H60: =ROUND(F60*G60,2) -> 4187.4
D61: (d) Formwork @ 4% on cost of material, labour and machinery (a+b+c) | F61: 0.04 | H61: =SUM(H48:H60)*F61 -> 2947.1632
H62: =SUM(H48:H61) -> 76626.243
D63: e&f) Overheads & Contractors Profit | E63: 0 | H63: =H62*E63 -> 0
D64: Rate per cum = a+b+c+d+e+f | H64: =ROUND(SUM(H62:H63)/15,2) -> 5108.42 | I64: XX
A65: RBR-FNDN-4 | B65: =B40+1 -> 4 | D65: Providing concrete for plain concrete (1:3:6) grade in open foundations using 40 mm nominal size Graded hard stone aggregate, mechanically mixed, placed in foundation and compacted by vibration including curing for 14 days complete as per drawings and technical specifications Clause 802, 803, 1202 & 1203 MORD and 1500, 1700 & 2100 MORTH ,including overhead charges & Contractors profit ,but excluding Seignarage charges.
D66: Nominal mix 1:3:6
D67: Unit = 15 cum
D68: (a) Material
D69: Cement | E69: t | F69: 3.45 | G69: =G48 -> 5000 | H69: =ROUND(F69*G69,2) -> 17250
D70: 50% Natural Sand as per IS:383 and conforming to clause 1500.2.4.2. | E70: cum | F70: =6.75/2 -> 3.375 | G70: =+lead!$J$31 -> 1850.9213 | H70: =ROUND(F70*G70,2) -> 6246.86
D71: 50% Manufactured sand(Rock Sand) | E71: cum | F71: =6.75/2 -> 3.375 | G71: =+lead!$J$33 -> 1473.2188 | H71: =ROUND(F71*G71,2) -> 4972.11
D72: 40 mm aggregate | E72: cum | F72: 13.5 | G72: =G51 -> 1732.2188 | H72: =ROUND(F72*G72,2) -> 23384.95
D73: Water | E73: kl | F73: 18 | G73: 0 | H73: =ROUND(F73*G73,2) -> 0
D74: (b) Labour
D75: Mate | E75: day | F75: 0.64 | G75: =+G55 -> 575 | H75: =ROUND(F75*G75,2) -> 368
D76: Mason (1st Class) | E76: day | F76: 1 | G76: =+G56 -> 645 | H76: =ROUND(F76*G76,2) -> 645
D77: Mazdoor (Unskilled) | E77: day | F77: 15 | G77: =+G57 -> 575 | H77: =ROUND(F77*G77,2) -> 8625
D78: =$B$8 -> Muncipal AAllowance/Area Allowance @ 0% | E78: =$F$8 -> 0 | H78: =SUM(H75:H77)*E78 -> 0
D79: (c) Machinery
D80: Mechanical concrete mixer 0.4/0.28 cum capacity fitted with water measuring device and preferably also with load cell. | E80: hour | F80: 6 | G80: =+'SSR-rates'!K88 -> 697.9 | H80: =ROUND(F80*G80,2) -> 4187.4
D81: Water tanker 6 kl capacity | E81: hour | F81: 0.13 | G81: =+'SSR-rates'!K69 -> 769 | H81: =ROUND(F81*G81,2) -> 99.97
H82: =SUM(H69:H81) -> 65779.29
D83: e&f) Overheads & Contractors Profit | E83: 0 | H83: =H82*E83 -> 0
D84: Rate per cum = a+b+c+d+e+f | H84: =ROUND(SUM(H82:H83)/15,2) -> 4385.29 | I84: XX
A86: MoRTH 801 | B86: =B65+1 -> 5 | D86: Printing New Letters and Figures of any Shade
D87: Printing new letter and figures of any shade with synthetic enamel paint black or any other approved colour to give an even shade as per drawings and Technical Specification Clause 1701 MORD / 801 MORTH ,including overhead charges & Contractors profit ,but excluding Seignarage charges.
C88: (ii) | D88: English and Roman
D89: Hyphens, commas and the like not to be measured and paid for.
D90: Detail for 100 letters of 160 mm height, i.e. 1600 cm
D91: Unit = per cm height per letter
D92: a) Labour
D93: Mate | E93: day | F93: 0.12 | G93: =+G75 -> 575 | H93: =ROUND(F93*G93,2) -> 69
D94: Painter 1st Class | E94: day | F94: 2 | G94: =+'SSR-rates'!K113 -> 740 | H94: =ROUND(F94*G94,2) -> 1480
D95: Painter Assistant | E95: day
D96: Mazdoor (Unskilled) | E96: day | F96: 1 | G96: =+'SSR-rates'!K60 -> 575 | H96: =ROUND(F96*G96,2) -> 575
D97: =$B$8 -> Muncipal AAllowance/Area Allowance @ 0% | E97: =$F$8 -> 0 | H97: =SUM(H93:H96)*E97 -> 0
D98: b) Material
D99: Paint | E99: litre | F99: 0.5 | G99: 240 | H99: =ROUND(F99*G99,2) -> 120
D100: c&d) Overheads & Contractors Profit | E100: 0 | H100: =SUM(H94:H99)*E100 -> 0
D101: Cost for 1600 cm = a+b+c+d | H101: =SUM(H93:H100) -> 2244
A102: 3 | D102: Rate per cm height per letter = (a+b+c+d)/1600 | H102: =H101/1600 -> 1.4025 | I102: XX
A120: ROAD FURNITURE MAIN ANALYSIS
A121: RBR-TSRA-2 | B121: =B86+1 -> 6 | D121: Traffic Signs
...

Sheet CD Abs
A1: CD WORKS ABSTRACT
A2: ='Input Data'!E1 -> BT Renewal from Balabadraipally to Danamma Thanda of Gundumal Mandal in Narayanpet District
A3: S.No. | B3: Item of work | C3: No | D3: Rate/ each | E3: Amount
A4: 1 | B4: 2 | C4: 3 | D4: 4 | E4: 5
A5: 1 | B5: ='1V 1m dia Pipe Culverts'!A3 -> Construction of HP Culvert 1V of 1000mm Dia.NP4 Pipes at Km | C5: 0 | D5: ='1V 1m dia Pipe Culverts'!L35 -> 347561 | E5: =+C5*D5 -> 0
A6: 1 | B6: ='2V 1m dia Pipe Culverts'!A3 -> Construction of HP Culvert 2V of 1000mm Dia.NP4 Pipes at Km | C6: 0 | D6: ='2V 1m dia Pipe Culverts'!L35 -> 519897 | E6: =+C6*D6 -> 0
A7: 2 | B7: Construction of HP Culvert 3V of 1000mm Dia. NP4 Pipes | C7: 0 | D7: ='3V 1m dia Pipe Culverts'!L35 -> 896747 | E7: =+C7*D7 -> 0
A8: =A5+1 -> 2 | B8: 1vent 5.00 x 2.00m span slab culvert at 2/100Km | C8: 0 | D8: ='Slab Culvert 1V 5m x 2m span'!L100 -> 1933229 | E8: =+C8*D8 -> 0
A9: 2 | B9: Construction of 1vent 6.00 x 1.50m span slab culvert at 0/340 KM (1 No) | C9: 0 | D9: ='Slab Culvert 1V 6m x 2m spa'!L108 -> 2541649 | E9: =+C9*D9 -> 0
A10: =A9+1 -> 3 | B10: 2vent 6.00 x 2.00m span slab culvert at 1/600 Km | C10: 0 | D10: ='Slab Culvert 2V 6m x 2m spa'!L108 -> 3530609 | E10: =+C10*D10 -> 0
B11: Construction of Road dam | C11: 0 | D11: ='Road dam 30m'!L64 -> 1982849 | E11: =+C11*D11 -> 0
A12: =A10+1 -> 4 | B12: Construction of Retaining walls/Protection walls | C12: 0 | D12: ='Ret wall'!L29 -> 204327 | E12: =+C12*D12 -> 0
A13: 2 | B13: Construction of Village Side Drains | C13: 0 | D13: ='Drain '!L33 -> 2358187 | E13: =+C13*D13 -> 0
B14: Total CD work No's | C14: =SUM(C5:C13) -> 0 | E14: =SUM(E5:E13) -> 0
B23: =GA!B34 -> Asst Exe Engineer, | C23: ='Road Estimate'!I68 -> Dy. Exe. Engineer
B24: =GA!B35 -> PRSD Maddur | C24: ='Road Estimate'!I69 -> PRSD, Maddur
B28: ='Road Estimate'!F72 -> Executive Engineer, | C28: ='Road Estimate'!I72 -> Superintending Engineer
B29: ='Road Estimate'!E73 -> PR Division, Narayanpet | C29: ='Road Estimate'!I73 -> PR, Circle, Vikarabad

Sheet Mtc-Abs
A1: ABSTRACT MAINTANANCE ESTIMATE
A2: ='Input Data'!E1 -> BT Renewal from Balabadraipally to Danamma Thanda of Gundumal Mandal in Narayanpet District
D3: Length of Road | E3: ='MTS Esti'!C6/1000 -> 2.5
D4: Total Estimate Cost Rs. | E4: =E3*3 -> 7.5
D5: Cost per Km | E5: =E4/E3 -> 3
C6: The routine meaintanance estimates is prepared for 5 years period, each 6 months period i.e. 6 months premonsoon and 6 months postmonsoon period. As per the estimates the following is the estimate cost for the years mentioned below.
C7: Cost of routine maintanance for 5 years Rs | E7: =D15 -> 661485 | F7: =(E7/100000)/E3 -> 2.64594
C9: Year | D9: Total Amount | E9: Generated % Year wise | F9: Remarks per Km rate | G9: Actual Cost
C10: 1 | D10: =ROUND(G10,0) -> 84931 | E10: =ROUND(D10/$E$7,2) -> 0.13 | F10: =D10/$E$3 -> 33972.4 | G10: ='MTS Esti'!N80 -> 84931.208
C11: 2 | D11: =ROUND(G11,0) -> 106810 | E11: =ROUND(D11/$E$7,2) -> 0.16 | F11: =D11/$E$3 -> 42724 | G11: ='MTS Esti'!O80 -> 106809.57
C12: 3 | D12: =ROUND(G12,0) -> 133199 | E12: =ROUND(D12/$E$7,2) -> 0.2 | F12: =D12/$E$3 -> 53279.6 | G12: ='MTS Esti'!P80 -> 133199.43
C13: 4 | D13: =ROUND(G13,0) -> 157248 | E13: =ROUND(D13/$E$7,2) -> 0.24 | F13: =D13/$E$3 -> 62899.2 | G13: ='MTS Esti'!Q80 -> 157248.29
C14: 5 | D14: =ROUND(G14,0) -> 179297 | E14: =ROUND(D14/$E$7,2) -> 0.27 | F14: =D14/$E$3 -> 71718.8 | G14: ='MTS Esti'!R80 -> 179297.15
C15: Total Cost of routine Maintenance cost Rs. | D15: =SUM(D10:D14) -> 661485 | E15: =ROUND(SUM(E10:E14),0) -> 1 | G15: =SUM(G10:G14) -> 661485.65
C16: Add 12% GST on Above amount | D16: =ROUND(D15*0.12,0) -> 79378
C17: LS Provision for Emergency repairs due to floods , other natural calamities etc., | D17: =D18-D15-D16 -> 9137
C18: Total Maintenance Cost Rs. | D18: =E4*100000 -> 750000
C22: ="The maintanance Abstract sub estiamte is approved for Rs. "&D18&" Only" -> The maintanance Abstract sub estiamte is approved for Rs. 750000 Only

Sheet MTS Esti
A1: Estimate for maintenance of BT work as per guidelines issued by NRRDA for 5 years
A2: ='Input Data'!E1 -> BT Renewal from Balabadraipally to Danamma Thanda of Gundumal Mandal in Narayanpet District | O2: =$C$6/1000 -> 2.5 | R2: Dia / Span of CD work
B3: Carriage way width | C3: 3.75 | D3: Mtrs | G3: Rainfall | H3: Low-1 | I3: Medium-2 | J3: High-3 | K3: 2
B4: Roadway Width | C4: 10 | D4: Mtrs | G4: Traffic CVPD | H4: Value of CPVD | K4: 78 | L4: ='Mtc-Abs'!D17 -> 9137 | N4: Sum of vents of Pipe Culverts | Q4: 0 | R4: 0.6 | S4: =Q4*R4 -> 0
B5: Shoulder width | C5: 0.95 | D5: Mtrs | K5: Total | L5: =L80/100000 -> 6.61486 | N5: Sum of vents of Pipe Culverts | Q5: 0 | R5: 0.9 | S5: =Q5*R5 -> 0
B6: Total length | C6: 2500 | D6: Mtrs | F6: Total Road dam/Cause way Lengths | I6: 0 | J6: Mtrs | K6: Per Km | L6: =L5*1000/C6 -> 2.645944 | N6: Sum of vents of Pipe Culverts | Q6: 0 | R6: 1 | S6: =Q6*R6 -> 0
B7: BT length | C7: 2200 | D7: Mtrs | F7: Total No. of Pipe Culverts | I7: =S7 -> 0 | J7: No of equalent vents of 1000mm dia | Q7: `Total equalent Pipe culvet Vents of 1000mm dia= | S7: =SUM(S4:S6) -> 0
B8: CC length | C8: =C6-C7 -> 300 | D8: Mtrs | F8: Total No. of Slab Culverts | I8: =S13 -> 0 | J8: No of eqalent vents f 2.00m Span | R8: Sum of Total Spans
B9: Drain Length | C9: 0 | D9: Mtrs | F9: Guard stone Nos | I9: 0 | J9: Nos | N9: Total Nos Slab Culvert Vents of 2m | Q9: 0 | R9: 2 | S9: =Q9*R9 -> 0
N10: Total Nos Slab Culvert Vents of 3m | Q10: 0 | R10: 3 | S10: =Q10*R10 -> 0
A11: Sl.No | B11: Details | C11: L (m) | D11: B(m) | E11: D(m) | F11: Nos | G11: Percentage/Frequency | H11: Multiplying factor | I11: Quantity | J11: Unit | K11: As per SSR-Rates as per SSR 2016-17 | N11: Total Nos Slab Culvert Vents of 5m | Q11: 0 | R11: 5 | S11: =Q11*R11 -> 0
K12: Rate | L12: Amount | Q12: `Total Ventage in meters = | S12: =SUM(S9:S11) -> 0
A13: 1 | B13: 2 | C13: 3 | D13: 4 | E13: 5 | F13: 6 | G13: 7 | H13: 8 | I13: 9 | J13: 10 | K13: 11 | L13: 12 | Q13: `Total equalent 2.00m Vents = | S13: =S12/2 -> 0
A14: 1 | B14: Filling of Pot holes | N14: YEAR WISE BREAKUP FOR MTC. AMOUNT
B15: BT SURFACE | M15: year | N15: 1 st year | O15: 2nd year | P15: 3 rd year | Q15: 4th year | R15: 5th year | S15: TOTAL
B16: 1st year | C16: =$C$7 -> 2200 | D16: =$C$3 -> 3.75 | F16: 1 | G16: 0.5 | H16: 1.5 | I16: =C16*D16*F16*(G16/100)*H16 -> 61.875 | J16: sqm | K16: ='Mtc-data'!G77 -> 187.40853 | L16: =ROUND(I16*K16,2) -> 11595.9 | N16: =L16 -> 11595.9
B17: 2nd year | C17: =$C$7 -> 2200 | D17: =$D$16 -> 3.75 | F17: 1 | G17: 1 | H17: 1.5 | I17: =C17*D17*F17*(G17/100)*H17 -> 123.75 | J17: sqm | K17: =$K$16 -> 187.40853 | L17: =I17*K17 -> 23191.806 | O17: =L17 -> 23191.806
B18: 3rd year | C18: =$C$7 -> 2200 | D18: =$D$16 -> 3.75 | F18: 1 | G18: 1.5 | H18: 1.5 | I18: =C18*D18*F18*(G18/100)*H18 -> 185.625 | J18: sqm | K18: =$K$16 -> 187.40853 | L18: =I18*K18 -> 34787.709 | P18: =L18 -> 34787.709
B19: 4th Year | C19: =$C$7 -> 2200 | D19: =$D$16 -> 3.75 | F19: 1 | G19: 2 | H19: 1.5 | I19: =C19*D19*F19*(G19/100)*H19 -> 247.5 | J19: sqm | K19: =$K$16 -> 187.40853 | L19: =I19*K19 -> 46383.611 | Q19: =L19 -> 46383.611
B20: 5th Year | C20: =$C$7 -> 2200 | D20: =$D$16 -> 3.75 | F20: 1 | G20: 2.5 | H20: 1.5 | I20: =C20*D20*F20*(G20/100)*H20 -> 309.375 | J20: sqm | K20: =$K$16 -> 187.40853 | L20: =I20*K20 -> 57979.514 | R20: =L20 -> 57979.514
B21: WBM TOP LAYER/WMM layer With B C
B22: 3rd year | C22: =$C$7 -> 2200 | D22: =$D$16 -> 3.75 | E22: 0.075 | F22: 1 | G22: 1.5 | H22: 1.5 | I22: =C22*D22*E22*F22*(G22/100)*H22 -> 13.921875 | J22: cum | K22: ='Mtc-data'!G112 -> 467.71715 | L22: =I22*K22 -> 6511.4997 | P22: =L22 -> 6511.4997
B23: 4th Year | C23: =$C$7 -> 2200 | D23: =$D$16 -> 3.75 | E23: 0.075 | F23: 1 | G23: 2 | H23: 1.5 | I23: =C23*D23*E23*F23*(G23/100)*H23 -> 18.5625 | J23: cum | K23: =K22 -> 467.71715 | L23: =I23*K23 -> 8681.9996 | Q23: =L23 -> 8681.9996
B24: 5th Year | C24: =$C$7 -> 2200 | D24: =$D$16 -> 3.75 | E24: 0.075 | F24: 1 | G24: 2.5 | H24: 1.5 | I24: =C24*D24*E24*F24*(G24/100)*H24 -> 23.203125 | J24: cum | K24: =K23 -> 467.71715 | L24: =I24*K24 -> 10852.499 | R24: =L24 -> 10852.499
A25: Subtotal | L25: =SUM(L16:L20,L22,L23,L24) -> 199984.54 | S25: =SUM(N16:R24) -> 199984.54
A26: 2 | B26: Making up of berms/shoulders stripping excesss soil from the shoulder surface to achieve the required level
B27: 1st year | C27: =$C$6 -> 2500 | D27: =$C$5 -> 0.95 | F27: 2 | G27: 10 | H27: 1.5 | I27: =C27*D27*F27*(G27/100)*H27 -> 712.5 | J27: sqm | K27: ='Mtc-data'!G49 -> 48.042444 | L27: =I27*K27 -> 34230.241 | N27: =L27 -> 34230.241
B28: 2nd year | C28: =$C$6 -> 2500 | D28: =$D$27 -> 0.95 | F28: 2 | G28: 12 | H28: 1.5 | I28: =C28*D28*F28*(G28/100)*H28 -> 855 | J28: sqm | K28: =$K$27 -> 48.042444 | L28: =I28*K28 -> 41076.289 | O28: =L28 -> 41076.289
B29: 3rd year | C29: =$C$6 -> 2500 | D29: =$D$27 -> 0.95 | F29: 2 | G29: 14 | H29: 1.5 | I29: =C29*D29*F29*(G29/100)*H29 -> 997.5 | J29: sqm | K29: =$K$27 -> 48.042444 | L29: =I29*K29 -> 47922.337 | P29: =L29 -> 47922.337
B30: 4th Year | C30: =$C$6 -> 2500 | D30: =$D$27 -> 0.95 | F30: 2 | G30: 16 | H30: 1.5 | I30: =C30*D30*F30*(G30/100)*H30 -> 1140 | J30: sqm | K30: =$K$27 -> 48.042444 | L30: =I30*K30 -> 54768.386 | Q30: =L30 -> 54768.386
B31: 5th Year | C31: =$C$6 -> 2500 | D31: =$D$27 -> 0.95 | F31: 2 | G31: 18 | H31: 1.5 | I31: =C31*D31*F31*(G31/100)*H31 -> 1282.5 | J31: sqm | K31: =$K$27 -> 48.042444 | L31: =I31*K31 -> 61614.434 | R31: =L31 -> 61614.434
A32: Subtotal | L32: =SUM(L27:L31) -> 239611.69 | S32: =SUM(N27:R31) -> 239611.69
A33: 3 | B33: Restoration of berms and raincuts in hard shoulders
B34: A- 50% by soil for embankment
B35: 1st year | C35: =$C$6 -> 2500 | D35: =$C$5/2 -> 0.475 | E35: 0.3 | F35: 1 | G35: 6 | H35: 1.5 | I35: =C35*D35*E35*F35*(G35/100)*H35 -> 32.0625 | J35: cum | K35: ='Mtc-data'!G25 -> 189.97337 | L35: =I35*K35 -> 6091.0211 | N35: =L35 -> 6091.0211
B36: 2nd year | C36: =$C$6 -> 2500 | D36: =D35 -> 0.475 | E36: 0.3 | F36: 1 | G36: 7.2 | H36: 1.5 | I36: =C36*D36*E36*F36*(G36/100)*H36 -> 38.475 | J36: cum | K36: =$K$35 -> 189.97337 | L36: =I36*K36 -> 7309.2254 | O36: =L36 -> 7309.2254
B37: 3rd year | C37: =$C$6 -> 2500 | D37: =D36 -> 0.475 | E37: 0.3 | F37: 1 | G37: 8.4 | H37: 1.5 | I37: =C37*D37*E37*F37*(G37/100)*H37 -> 44.8875 | J37: cum | K37: =$K$35 -> 189.97337 | L37: =I37*K37 -> 8527.4296 | P37: =L37 -> 8527.4296
B38: 4th Year | C38: =$C$6 -> 2500 | D38: =D37 -> 0.475 | E38: 0.3 | F38: 1 | G38: 9.6 | H38: 1.5 | I38: =C38*D38*E38*F38*(G38/100)*H38 -> 51.3 | J38: cum | K38: =$K$35 -> 189.97337 | L38: =I38*K38 -> 9745.6338 | Q38: =L38 -> 9745.6338
B39: 5th Year | C39: =$C$6 -> 2500 | D39: =D38 -> 0.475 | E39: 0.3 | F39: 1 | G39: 10.8 | H39: 1.5 | I39: =C39*D39*E39*F39*(G39/100)*H39 -> 57.7125 | J39: cum | K39: =$K$35 -> 189.97337 | L39: =I39*K39 -> 10963.838 | R39: =L39 -> 10963.838
B40: Subsub Total | L40: =SUM(L35:L39) -> 42637.148 | S40: =SUM(N35:R39) -> 42637.148
B41: B-50% by hard shoulder
B42: 1st year | C42: =$C$6 -> 2500 | D42: =D39 -> 0.475 | E42: 0.3 | F42: 1 | G42: 6 | H42: 1.5 | I42: =C42*D42*E42*F42*(G42/100)*H42 -> 32.0625 | J42: cum | K42: =$K$35 -> 189.97337 | L42: =I42*K42 -> 6091.0211 | N42: =L42 -> 6091.0211
B43: 2nd year | C43: =$C$6 -> 2500 | D43: =D42 -> 0.475 | E43: 0.3 | F43: 1 | G43: 7.2 | H43: 1.5 | I43: =C43*D43*E43*F43*(G43/100)*H43 -> 38.475 | J43: cum | K43: =$K$35 -> 189.97337 | L43: =I43*K43 -> 7309.2254 | O43: =L43 -> 7309.2254
B44: 3rd year | C44: =$C$6 -> 2500 | D44: =D43 -> 0.475 | E44: 0.3 | F44: 1 | G44: 8.4 | H44: 1.5 | I44: =C44*D44*E44*F44*(G44/100)*H44 -> 44.8875 | J44: cum | K44: =$K$35 -> 189.97337 | L44: =I44*K44 -> 8527.4296 | P44: =L44 -> 8527.4296
B45: 4th Year | C45: =$C$6 -> 2500 | D45: =D44 -> 0.475 | E45: 0.3 | F45: 1 | G45: 9.6 | H45: 1.5 | I45: =C45*D45*E45*F45*(G45/100)*H45 -> 51.3 | J45: cum | K45: =$K$35 -> 189.97337 | L45: =I45*K45 -> 9745.6338 | Q45: =L45 -> 9745.6338
B46: 5th Year | C46: =$C$6 -> 2500 | D46: =D45 -> 0.475 | E46: 0.3 | F46: 1 | G46: 10.8 | H46: 1.5 | I46: =C46*D46*E46*F46*(G46/100)*H46 -> 57.7125 | J46: cum | K46: =$K$35 -> 189.97337 | L46: =I46*K46 -> 10963.838 | R46: =L46 -> 10963.838
B47: Subsub Total | L47: =SUM(L42:L46) -> 42637.148 | S47: =SUM(N42:R46) -> 42637.148
A48: SubTotal | L48: =L40+L47 -> 85274.296
A49: 4 | B49: Labour for cleaning the shoulders one labour for 200m for one year | C49: =$C$6/1000 -> 2.5 | G49: exam. For 1 km length 5 labour hence for 5 year 5x5=25 man days | I49: 25 | J49: man days | K49: ='SSR-rates'!$H$60 -> 490 | L49: =C49*I49*K49 -> 30625 | N49: =$L49/5 -> 6125 | O49: =$L49/5 -> 6125 | P49: =$L49/5 -> 6125 | Q49: =$L49/5 -> 6125 | R49: =$L49/5 -> 6125
A50: Subtotal | L50: =L49 -> 30625 | S50: =SUM(N49:R49) -> 30625
A51: 5 | B51: Cleaning of CD opening and maintenance of CD pitchning etc 3 CD per KM two labour or one | C51: =$C$6/1000 -> 2.5 | G51: For 1 km length 6 labour hence for 5 year 5x6=30 man days | I51: 30 | J51: man days | K51: ='SSR-rates'!$H$60 -> 490 | L51: =C51*I51*K51 -> 36750 | N51: =$L51/5 -> 7350 | O51: =$L51/5 -> 7350 | P51: =$L51/5 -> 7350 | Q51: =$L51/5 -> 7350 | R51: =$L51/5 -> 7350
A52: Subtotal | L52: =L51 -> 36750 | S52: =SUM(N51:R51) -> 36750
A53: 6 | B53: Maintenance of 200 m stones and Km stones by way of refiting , repairing with cement mortar , cleaning and lettering as per drawing and technical specification clause 1912 (Clause 2.3 of OM for Frequency) | C53: =$C$6/1000 -> 2.5 | G53: Once in year . 5 times in 5 years | I53: 5 | J53: km | K53: 600 | L53: =C53*I53*K53 -> 7500 | N53: =$L53/5 -> 1500 | O53: =$L53/5 -> 1500 | P53: =$L53/5 -> 1500 | Q53: =$L53/5 -> 1500 | R53: =$L53/5 -> 1500
A54: Subtotal | L54: =L53 -> 7500 | S54: =SUM(N53:R53) -> 7500
A55: 7 | B55: Maintenance of Drains include erosion, repair, clearing,reshaping, regarding ,deeping of side drains as well as catch water drains as per clause 1907 of the specification. ( 50 % length of drains , for | C55: =C9/2 -> 0 | F55: =2*0.5 -> 1 | G55: Twice in a year.For 5 years 10 times | I55: 10 | J55: Rmt | K55: 3 | L55: =C55*I55*K55 -> 0 | N55: =$L55/5 -> 0 | O55: =$L55/5 -> 0 | P55: =$L55/5 -> 0 | Q55: =$L55/5 -> 0 | R55: =$L55/5 -> 0
A56: Subtotal | L56: =SUM(L55) -> 0 | S56: =SUM(N55:R55) -> 0
A57: 8 | B57: Clearing wild seasonal growth on berm/shoulders etc. ( 50 % area) | C57: 1000 | D57: =$D$27 -> 0.95 | F57: =2*0.5 -> 1 | G57: Once in a years 5 times in 5 year | H57: =$C$6/1000 -> 2.5 | I57: =C57*D57*F57*5 -> 4750 | J57: sqm | K57: ='Road data'!G22 -> 3.93 | L57: =I57*K57*H57 -> 46668.75 | N57: =$L57/5 -> 9333.75 | O57: =$L57/5 -> 9333.75 | P57: =$L57/5 -> 9333.75 | Q57: =$L57/5 -> 9333.75 | R57: =$L57/5 -> 9333.75
B58: Cutting of Tree Branches ( assuming 10 trees in 1 km ) | F58: 10 | H58: =$C$6/1000 -> 2.5 | I58: =F58*5 -> 50 | J58: each | K58: 104.571 | L58: =I58*K58*H58 -> 13071.375 | N58: =$L58/5 -> 2614.275 | O58: =$L58/5 -> 2614.275 | P58: =$L58/5 -> 2614.275 | Q58: =$L58/5 -> 2614.275 | R58: =$L58/5 -> 2614.275
B59: White washing and Geo painting of Tree Trunks ( 0.5 sqm per tree) | C59: 0.5 | F59: 10 | H59: 0 | I59: =C59*F59*5 -> 25 | J59: sqm | K59: 0 | L59: =I59*K59*H59 -> 0 | N59: =$L59/5 -> 0 | O59: =$L59/5 -> 0 | P59: =$L59/5 -> 0 | Q59: =$L59/5 -> 0 | R59: =$L59/5 -> 0
A60: Subtotal | L60: =SUM(L57:L59) -> 59740.125 | S60: =SUM(N57:R59) -> 59740.125
A61: 9 | B61: Maintanence of Guard rails and parapet rails as per 1911 clause (considering 10 sqm area ) | C61: 0 | G61: Once in a year 5 times in 5 year | I61: =C61*5 -> 0 | J61: sqm | L61: =I61*K61 -> 0 | N61: =$L61/5 -> 0 | O61: =$L61/5 -> 0 | P61: =$L61/5 -> 0 | Q61: =$L61/5 -> 0 | R61: =$L61/5 -> 0
A62: Subtotal | L62: =L61 -> 0 | S62: =SUM(N61:R61) -> 0
A63: 10 | B63: Maintenance of culverts and cause ways as per 1908 and 1909
B64: Pipe Culverts / ASPER ACTUAL | C64: =I7 -> 0 | F64: 1 | G64: Twice in a year 10 times in 5 years | H64: =ROUND(C64/F64,0) -> 0 | I64: =F64*10 -> 10 | J64: per row of hume pipe | K64: 1200 | L64: =I64*K64*H64 -> 0 | N64: =$L64/5 -> 0 | O64: =$L64/5 -> 0 | P64: =$L64/5 -> 0 | Q64: =$L64/5 -> 0 | R64: =$L64/5 -> 0
B65: Slab Culverts ASPER ACTUAL | C65: =I8 -> 0 | F65: 1 | G65: Twice in a year 10 times in 5 years | H65: =ROUND(C65/F65,0) -> 0 | I65: =F65*10 -> 10 | J65: Per Vent | K65: 2000 | L65: =I65*K65*H65 -> 0 | N65: =$L65/5 -> 0 | O65: =$L65/5 -> 0 | P65: =$L65/5 -> 0 | Q65: =$L65/5 -> 0 | R65: =$L65/5 -> 0
B66: Cause way ( assuming 10 m causeway ) ASPER ACTUAL LENGTH | C66: =I6 -> 0 | F66: 1 | G66: Twice in a year 10 times in 5 years | I66: =C66*F66*10 -> 0 | J66: RM | K66: 60 | L66: =I66*K66 -> 0 | N66: =$L66/5 -> 0 | O66: =$L66/5 -> 0 | P66: =$L66/5 -> 0 | Q66: =$L66/5 -> 0 | R66: =$L66/5 -> 0
B67: White washing parapets of CD works | C67: =C64+C65 -> 0 | D67: 5.5 | E67: 2 | F67: 1 | G67: Once in a year 5 times in 5 year | I67: =C67*D67*E67*F67*5 -> 0 | J67: sqm | K67: 25 | L67: =I67*K67 -> 0 | N67: =$L67/5 -> 0 | O67: =$L67/5 -> 0 | P67: =$L67/5 -> 0 | Q67: =$L67/5 -> 0 | R67: =$L67/5 -> 0
A68: Subtotal | L68: =SUM(L64:L67) -> 0 | S68: =SUM(N64:R67) -> 0
A69: 11 | B69: Maintence of Road Furniture & Signs | C69: 1 | H69: Once in two years | I69: =C69*2 -> 2 | J69: Kms | K69: 1000 | L69: =I69*K69 -> 2000
B70: Road Furniture
K74: 1096.015 | O74: =$L$75/2 -> 1000 | Q74: =$L$75/2 -> 1000
A75: Subtotal | L75: =SUM(L69) -> 2000 | S75: =SUM(N70:R74) -> 2000
A76: 12 | B76: Maintence of Guard Stones
B77: Refixing of Guard Stones ( 20 % of total Numbers) | C77: =$I$9 -> 0 | F77: 0.2 | G77: Once in a years 5 times in 5 year | I77: =C77*F77*5 -> 0 | J77: each | K77: 0 | L77: =I77*K77 -> 0 | N77: =$L77/5 -> 0 | O77: =$L77/5 -> 0 | P77: =$L77/5 -> 0 | Q77: =$L77/5 -> 0 | R77: =$L77/5 -> 0
B78: White washing of Guard Stone | C78: =$I$9 -> 0 | F78: 0.2 | G78: Twice in a year 10 times in 5 years | I78: =C78*F78*10 -> 0 | J78: each | K78: 0 | L78: =I78*K78 -> 0 | N78: =$L78/5 -> 0 | O78: =$L78/5 -> 0 | P78: =$L78/5 -> 0 | Q78: =$L78/5 -> 0 | R78: =$L78/5 -> 0
A79: Subtotal | L79: =SUM(L77:L78) -> 0 | S79: =SUM(N77:R78) -> 0
A80: Total | L80: =ROUND(L79+L75+L68+L62+L60+L56+L54+L52+L50+L48+L32+L25,0) -> 661486 | N80: =SUM(N16:N79) -> 84931.208 | O80: =SUM(O16:O79) -> 106809.57 | P80: =SUM(P16:P79) -> 133199.43 | Q80: =SUM(Q16:Q79) -> 157248.29 | R80: =SUM(R16:R79) -> 179297.15 | S80: =SUM(S16:S79) -> 661485.65

Sheet Mtc-data
A1: DATA FOR MAINTENANCE OF ROADS SSR 2022-23
A2: ='Input Data'!E1 -> BT Renewal from Balabadraipally to Danamma Thanda of Gundumal Mandal in Narayanpet District
A3: Sl. No | B3: Sr. No | C3: Reference to MoRTH Specification | D3: Description | E3: Unit | F3: Quantity | G3: Rate Rs.
A4: 1 | B4: 2 | C4: 3 | D4: 4 | E4: 5 | F4: 6 | G4: 7
A5: ='Road data'!A930+1 -> 22 | B5: 10.1 | C5: 3002 | D5: Restoration of Rain Cuts
D6: Restoration of rain cuts with soil, moorum, gravel or a mixture of these, clearing the loose soil, benching for 300 mm width, laying fresh material in layers not exceeding 250 mm and compacting with plate compactor or power rammers to restore the original alignment, levels and slopes
D7: Mechanical Means ( Page No 278 )
D8: Unit = cum
D9: Taking output = 10 cum
D10: (a) Labour
B11: 0.08 | C11: day | D11: Mate | E11: ='SSR-rates'!$I$58 -> 520 | F11: day | G11: =ROUND(B11*E11,2) -> 41.6
B12: 2 | C12: day | D12: Mazdoor | E12: ='SSR-rates'!$I$60 -> 520 | F12: day | G12: =ROUND(B12*E12,2) -> 1040
G13: =SUM(G11:G12) -> 1081.6
D14: (b) Machinery
B15: 0.13 | C15: hour | D15: Excavator1.0 cum bucket capacity @ 60 cum per hour | E15: ='SSR-rates'!$I$64 -> 3502.9 | F15: hour | G15: =ROUND(B15*E15,2) -> 455.38
B16: =12*1 -> 12 | C16: tonne.km | D16: Tipper (12L -> L is average lead in km for borrow earth =12x1=12 ) | E16: ='Road data'!$G$205 -> 8 | F16: tonne.km | G16: =ROUND(B16*E16,2) -> 96
B17: 0.1 | D17: Add 10 per cent of cost of carriage towards loading and unloading charges. | E17: =G16 -> 96 | G17: =ROUND(B17*E17,2) -> 9.6
B18: 0.5 | C18: hour | D18: Plate compactor | E18: ='SSR-rates'!$I$91 -> 59 | F18: hour | G18: =ROUND(B18*E18,2) -> 29.5
G19: =SUM(G15:G18) -> 590.48
G20: =G13+G19 -> 1672.08
B21: (C) | C21: Over head charges & CP
B22: ='Input Data'!$D$24 -> 0.13615 | D22: ="Over head charges & CP "&'Input Data'!$D$24*100&"% on (A) + (B)+(C)" -> Over head charges & CP 13.615% on (A) + (B)+(C) | E22: =G20 -> 1672.08 | G22: =E22*B22 -> 227.65369
B23: ='Input Data'!$E$24 -> 0 | D23: Contractor profit | E23: =E22+G22 -> 1899.7337 | G23: =E23*B23 -> 0
B24: (D) | C24: Total of (A) + (B)+( C) | G24: =G20+G22+G23 -> 1899.7337
D25: Cost per 1.00 Cum | F25: Total Rs. | G25: =G24/10 -> 189.97337
D26: Note : Only 75% of fresh material has been provided as 25% can be retrieved from site from earth i.e. flown down the slop in the form of slurry and deposited at the foot of rain cuts.
A27: =A5+1 -> 23 | B27: 10.2 | C27: 3003 | D27: Maintenance of Earthen shoulder (filling with fresh selected soil)
D28: Making up loss of material/ irregularities on shoulder to the design level by adding fresh approved soil and compacting it with appropriate equipment.
D29: Page No 279
D30: Unit = sqm
D31: Taking output = 100 sqm
D32: Assuming average thickness of filling to be 150 mm
D33: Quality of fresh material = 15 cum
D34: (a) Labour
B35: 0.18 | C35: day | D35: Mate | E35: ='SSR-rates'!$I$58 -> 520 | F35: day | G35: =ROUND(B35*E35,2) -> 93.6
B36: 4.5 | C36: day | D36: Mazdoor | E36: ='SSR-rates'!$I$60 -> 520 | F36: day | G36: =ROUND(B36*E36,2) -> 2340
G37: =SUM(G35:G36) -> 2433.6
D38: (b) Machinery
B39: 0.25 | C39: hour | D39: Excavator1.0 cum bucket capacity @ 60 cum per hour | E39: ='SSR-rates'!$I$64 -> 3502.9 | F39: hour | G39: =ROUND(B39*E39,2) -> 875.73
B40: =24*1 -> 24 | C40: tonne.km | D40: Tipper (24L -> L is average lead in km for borrow earth =24x1=24 ) | E40: ='Road data'!$G$205 -> 8 | F40: tonne.km | G40: =ROUND(B40*E40,2) -> 192
B41: 0.1 | D41: Add 10 per cent of cost of carriage towards loading and unloading charges. | E41: =G40 -> 192 | G41: =ROUND(B41*E41,2) -> 19.2
B42: 12 | C42: hour | D42: Plate compactor @ 25 Sqm per hour | E42: ='SSR-rates'!$I$91 -> 59 | F42: hour | G42: =ROUND(B42*E42,2) -> 708
G43: =SUM(G39:G42) -> 1794.93
G44: =G43+G37 -> 4228.53
B45: (C) | C45: Over head charges & CP
B46: ='Input Data'!$D$24 -> 0.13615 | D46: ="Over head charges & CP "&'Input Data'!$D$24*100&"% on (A) + (B)+(C)" -> Over head charges & CP 13.615% on (A) + (B)+(C) | E46: =G44 -> 4228.53 | G46: =E46*B46 -> 575.71436
B47: ='Input Data'!$E$24 -> 0 | D47: Contractor profit | E47: =E46+G46 -> 4804.2444 | G47: =E47*B47 -> 0
B48: (D) | C48: Total of (A) + (B)+( C) | G48: =G44+G46+G47 -> 4804.2444
D49: Cost per 1.00 Sqm | F49: Total Rs. | G49: =G48/100 -> 48.042444
A50: =A27+1 -> 24 | B50: 10.4 | C50: 3004.2 | D50: Filling Pot-holes and Patch Repairs with open-Graded Premix surfacing, 20mm.
D51: Removal of all failed material, trimming of completed excavation to provide firm vertical faces, cleaning of surface, painting of tack coat on the sides and base of excavation as per clause 503, back filling the pot holes with hot bituminous material as per clause 511, compacting, trimming and finishing the surface to form a smooth continuous surface, all as per clause 3004.2
D52: Page No 281
D53: Unit = Sqm
D54: Taking out put = 10250 sqm (205 cum)(405 tonne)
D55: a) Labour
B56: 3.76 | C56: Day | D56: Mate | E56: ='SSR-rates'!$I$58 -> 520 | F56: Day | G56: =ROUND(B56*E56,2) -> 1955.2
B57: 90 | C57: Day | D57: Mazdoor | E57: ='SSR-rates'!$I$60 -> 520 | F57: Day | G57: =ROUND(B57*E57,2) -> 46800
B58: 4 | C58: Day | D58: Mazdoor skilled | E58: ='SSR-rates'!$I$59 -> 550 | F58: Day | G58: =ROUND(B58*E58,2) -> 2200
G59: =SUM(G56:G58) -> 50955.2
D60: b) Machinery
B61: 6 | C61: hour | D61: Air compressor 250 cfm | E61: ='SSR-rates'!$I$73 -> 668.6 | F61: hour | G61: =ROUND(B61*E61,2) -> 4011.6
B62: 6 | C62: hour | D62: HMP 100-110 TPH Capacity | E62: ='SSR-rates'!$P$78 -> 33344 | F62: hour | G62: =ROUND(B62*E62,2) -> 200064
B63: 45 | C63: hour | D63: Tipper 10 tonnes capacity | E63: ='SSR-rates'!$I$89 -> 1205.7 | F63: hour | G63: =ROUND(B63*E63,2) -> 54256.5
B64: 12 | C64: hour | D64: Smooth wheeled roller 8-10 tonnes | E64: ='SSR-rates'!$I$68 -> 1734.8 | F64: hour | G64: =ROUND(B64*E64,2) -> 20817.6
G65: =SUM(G61:G64) -> 279149.7
D66: c) Material
B67: 184.5 | C67: cum | D67: Crushed stone aggregates nominal size 13.2mm @ 0.18 Cum / 10 Sqm | E67: =lead!$J$8 -> 1880.2188 | F67: cum | G67: =ROUND(B67*E67,2) -> 346900.36
B68: 92.25 | C68: cum | D68: Crushed stone aggregates nominal size 11.2mm @ 0.09 Cum / 10 Sqm | E68: =lead!$J$9 -> 1780.2188 | F68: cum | G68: =ROUND(B68*E68,2) -> 164225.18
B69: 14.97 | C69: tonne | D69: Bitumen 60/70 @ 14.60 Cum / 10 Sqm | E69: =BT_Rate_60_70 -> 49114.645 | F69: tonne | G69: =ROUND(B69*E69,2) -> 735246.24
B70: 2.46 | C70: tonne | D70: Bitumen emulsion RS-1 for tack coat including vertical sides of pot hole. | E70: =Emution_RS -> 46449.645 | F70: tonne | G70: =ROUND(B70*E70,2) -> 114266.13
G71: =SUM(G67:G70) -> 1360637.9
G72: =G59+G65+G71 -> 1690742.8
B73: (D) | C73: Over head charges & CP
B74: ='Input Data'!$D$24 -> 0.13615 | D74: ="Over head charges & CP "&'Input Data'!$D$24*100&"% on (A) + (B)+(C)" -> Over head charges & CP 13.615% on (A) + (B)+(C) | E74: =G72 -> 1690742.8 | G74: =E74*B74 -> 230194.63
B75: ='Input Data'!$E$24 -> 0 | D75: Contractor profit | E75: =E74+G74 -> 1920937.4 | G75: =E75*B75 -> 0
B76: (E) | C76: Total of (A) + (B)+( C)+(D) | G76: =G72+G74+G75 -> 1920937.4
D77: Cost per 1.00 Sqm | F77: Total Rs. | G77: =G76/10250 -> 187.40853
A78: =A50+1 -> 25 | B78: 10.5 | C78: 3004.2 | D78: Filling Pot-holes and Patch Repairs with Bituminous concrete, 40mm.
D79: Removal of all failed material, trimming of completed excavation to provide firm vertical faces, cleaning of surface, painting of tack coat on the sides and base of excavation as per clause 503, back filling the pot holes with hot bituminous material as per clause 504, compacting, trimming and finishing the surface to form a smooth continuous surface, all as per clause 3004.2
D80: Page No : 282
D81: Unit = Sqm
D82: Taking out put = 4900 sqm (196 cum)(450 Tonnes)
D83: a) Labour
B84: 2.92 | C84: Day | D84: Mate | E84: ='SSR-rates'!$I$58 -> 520 | F84: Day | G84: =ROUND(B84*E84,2) -> 1518.4
B85: 70 | C85: Day | D85: Mazdoor | E85: ='SSR-rates'!$I$60 -> 520 | F85: Day | G85: =ROUND(B85*E85,2) -> 36400
B86: 3 | C86: Day | D86: Mazdoor skilled | E86: ='SSR-rates'!$I$59 -> 550 | F86: Day | G86: =ROUND(B86*E86,2) -> 1650
G87: =SUM(G84:G86) -> 39568.4
D88: b) Machinery
B89: 6 | C89: hour | D89: Air compressor 250 cfm | E89: ='SSR-rates'!$I$73 -> 668.6 | F89: hour | G89: =ROUND(B89*E89,2) -> 4011.6
B90: 6 | C90: hour | D90: HMP 100-110 TPH Capacity | E90: ='SSR-rates'!$P$78 -> 33344 | F90: hour | G90: =ROUND(B90*E90,2) -> 200064
B91: 45 | C91: hour | D91: Tipper 10 tonnes capacity | E91: ='SSR-rates'!$I$89 -> 1205.7 | F91: hour | G91: =ROUND(B91*E91,2) -> 54256.5
B92: 12 | C92: hour | D92: Smooth wheeled roller 8-10 tonnes | E92: ='SSR-rates'!$I$68 -> 1734.8 | F92: hour | G92: =ROUND(B92*E92,2) -> 20817.6
G93: =SUM(G89:G92) -> 279149.7
D94: c) Material
B95: 22.5 | C95: tonne | D95: I) Bitumen 60/70 Grade | E95: =BT_Rate_60_70 -> 49114.645 | F95: tonne | G95: =ROUND(B95*E95,2) -> 1105079.5
B96: 1.18 | C96: tonne | D96: ii) Bitumen emulsion for tack coat . (RS) | E96: =Emution_RS -> 46449.645 | F96: tonne | G96: =ROUND(B96*E96,2) -> 54810.58
G97: =SUM(G95:G96) -> 1159890.1
D98: iii) Aggregates
D99: Grading I - 19mm(Nominal size)
B100: 99.75 | C100: cum | D100: 20-10mm 35 per cent | E100: =AVERAGE(lead!J7:J9) -> 1897.2188 | F100: cum | G100: =ROUND(B100*E100,2) -> 189247.57
...

Sheet Slab Culvert 2V 6m x 2m spa
A1: SUB-ESTIMATE FOR SLAB CULVERT WITH SSR 2021-22
A2: Name of the Work | F2: ='Input Data'!E1 -> BT Renewal from Balabadraipally to Danamma Thanda of Gundumal Mandal in Narayanpet District
A3: Construction of 2 Vent of 6.00 x 2.00m span Slab Culverts- 1nos at Km 1/600
A4: Sl. No. | B4: Description of work | C4: No. | F4: L | G4: B | H4: D | I4: Quantity | J4: Rate | K4: Per | L4: Amount (Rs.)
A5: 1 | B5: 2 | C5: 3 | F5: 4 | G5: 5 | H5: 6 | I5: 7 | J5: 8 | K5: 9 | L5: 10
A6: 1 | B6: ='Pipe data'!B4:G4 -> Earthwork excavation in soils upto SDR by mechanical means for foundations of structures as per drawing and technical specification including setting out, construction of shoring and bracing, removal of stumps and other deleterious matter, dressing sides of bottom, back filling the excavation earth to the extent required etc., complete excluding seignioarge charges for finished item of work as per MoRT&H specification 304(5th Revision) and as directed by the Engineer-in-Charge.
B7: Abutment, | C7: 1 | D7: x | E7: 2 | F7: 8.45 | G7: 3.5 | H7: 2.15 | I7: =ROUND(PRODUCT(C7:H7),2) -> 127.17
B8: Piers | C8: 1 | D8: x | E8: 1 | F8: 8.38 | G8: 3.35 | H8: 2.15 | I8: =ROUND(PRODUCT(C8:H8),2) -> 60.36
B9: Wing walls | C9: 2 | D9: x | E9: 2 | F9: 3.5 | G9: 2.38+1.85 2 | H9: 2.15 | I9: =ROUND(PRODUCT(C9:H9)*(2.38+1.85)/2,2) -> 63.66
I10: =SUM(I7:I9) -> 251.19 | J10: ='Pipe data'!G20 -> 123.69928 | K10: 1 | L10: =ROUND(I10*J10,0) -> 31072
I11: cum | K11: cum
A12: 2 | B12: ='Pipe data'!B55:G55 -> Sand Filling in foundation trenches as per drawing and technical specification Clause 304 of MORTH including overhead charges & Contractors profit etc complete.
B13: For abutments | C13: 1 | D13: x | E13: 1 | F13: 0 | G13: 3 | H13: 0.15 | I13: =ROUND(C13*E13*F13*G13*H13,2) -> 0
I14: =SUM(I13:I13) -> 0 | J14: ='Pipe data'!G72 -> 1237.43 | K14: 1 | L14: =ROUND(I14*J14,0) -> 0
I15: cum | K15: cum
A16: 2 | B16: ='Slab-Culverts Data'!B5:J5 -> Providing Plain Cement Concrete (1:3:6) mix using 40mm size HBG crushed stone aggregate and fine aggregate(Natural sand 50%+Manufactured sand(Rock Sand)50% ) conforming to table 1000-2 of MoRT&H including cost, conveyance of all materials to site and labour charges, centering, machine mixing, laying, Vibrating, curing etc., including all other incidental and operational charges of all T&P etc., complete for finished item of work as per MoRT&H specification 1500,1700, 2100 (5th Revision) and as directed by the Engineer-in-Charge for foundation.
B17: Abutment, | C17: 1 | D17: x | E17: 2 | F17: 8.45 | G17: 3.5 | H17: 0.15 | I17: =ROUND(PRODUCT(C17:H17),2) -> 8.87
B18: Piers | C18: 1 | D18: x | E18: 1 | F18: 8.38 | G18: 3.35 | H18: 0.15 | I18: =ROUND(PRODUCT(C18:H18),2) -> 4.21
B19: Wing walls | C19: 2 | D19: x | E19: 2 | F19: 3.5 | G19: 2.38+1.85 2 | H19: 0.15 | I19: =ROUND(PRODUCT(C19:H19)*(2.38+1.85)/2,2) -> 4.44
I20: =SUM(I17:I19) -> 17.52 | J20: ='Slab-Culverts Data'!J31 -> 5748.72 | K20: 1 | L20: =ROUND(I20*J20,0) -> 100718
I21: cum | K21: cum
A22: 3 | B22: ='Slab-Culverts Data'!B33:J33 -> Providing PCC M15 mix using 40mm, 20mm & 10mm size HBG crushed stone aggregate and fine aggregate(Natural sand 50%+Manufactured sand(Rock Sand)50% ) conforming to table 1000-2 of MoRT&H including cost, conveyance of all materials to site and labour charges, centering, machine mixing, laying, Vibrating, curing etc., including all other incidental and operational charges of all T&P etc., complete for finished item of work as per MoRT&H specification 1500,1700, 2100 (5th Revision) and as directed by the Engineer-in-Charge for foundation.
B23: for Piers, Abutments, wing walls, cut off walls etc., below bed level
B24: Abutment 1st steps | C24: 1 | D24: x | E24: 2 | F24: 8.25 | G24: 3.3 | H24: 0.2 | I24: =ROUNDDOWN(PRODUCT(C24:H24),2) -> 10.89
B25: ,, 2nd step | C25: 1 | D25: x | E25: 2 | F25: =F24 -> 8.25 | G25: 2.9 | H25: 0.2 | I25: =ROUNDDOWN(PRODUCT(C25:H25),2) -> 9.57
B26: ,, 3rd step | C26: 1 | D26: x | E26: 2 | F26: =F25 -> 8.25 | G26: 2.5 | H26: 0.4 | I26: =ROUNDDOWN(PRODUCT(C26:H26),2) -> 16.5
B27: ,, tappered | C27: 1 | D27: x | E27: 2 | F27: =F26 -> 8.25 | G27: 2.50+2.10 2 | H27: 0.4 | I27: =ROUNDDOWN(PRODUCT(C27:H27)*(2.5+2.1)/2,2) -> 15.18
B28: Pier 2st step | C28: 1 | D28: x | E28: 1 | F28: 8.38 | G28: 3.15 | H28: 0.5 | I28: =ROUNDDOWN(PRODUCT(C28:H28),2) -> 13.19
B29: ,, 2nd step | C29: 1 | D29: x | E29: 1 | F29: =F28 -> 8.38 | G29: 2.55 | H29: 0.5 | I29: =ROUNDDOWN(PRODUCT(C29:H29),2) -> 10.68
B30: ,, 3rd step | C30: 1 | D30: x | E30: 1 | F30: =F29 -> 8.38 | G30: 1.95 | H30: 0.5 | I30: =ROUNDDOWN(PRODUCT(C30:H30),2) -> 8.17
B31: Wing walls | C31: 2 | D31: x | E31: 2 | F31: 3.5 | G31: 2.18+1.65 2 | H31: 0.4 | I31: =ROUNDDOWN(PRODUCT(C31:H31)*(2.18+1.65)/2,2) -> 10.72
B32: 2nd | C32: 2 | D32: x | E32: 2 | F32: 3.5 | G32: 1.78+1.25 2 | H32: 0.4 | I32: =ROUNDDOWN(PRODUCT(C32:H32)*(1.78+1.25)/2,2) -> 8.48
B33: tappered | C33: 2 | D33: x | E33: 2 | F33: 3.5 | G33: 1.58+1.05 2 | H33: 0.4 | I33: =ROUNDDOWN(PRODUCT(C33:H33)*(1.58+1.05)/2,2) -> 7.36
I34: =SUM(I24:I33) -> 110.74 | J34: ='Slab-Culverts Data'!J62 -> 6425.92 | K34: 1 | L34: =ROUND(I34*J34,0) -> 711606
I35: cum | K35: cum
A36: 4 | B36: ='Slab-Culverts Data'!B177:J177 -> Providing PCC M15 mix using 40mm, 20mm & 10mm size HBG crushed stone aggregate and fine aggregate(Natural sand 50%+Manufactured sand(Rock Sand)50% ) conforming to table 1000-2 of MoRT&H including cost, conveyance of all materials to site and labour charges, centering, machine mixing, laying, Vibrating, curing etc., including all other incidental and operational charges of all T&P etc., complete for finished item of work as per MoRT&H specification 1500,1700, 2100 (5th Revision) and as directed by the Engineer-in-Charge for Substructure.
B37: Abutment | C37: 1 | D37: x | E37: =E26 -> 2 | F37: 8.25 | G37: 2.1+1.30 2 | H37: 1.5 | I37: =ROUNDDOWN(PRODUCT(C37:H37)*(2.1+1.3)/2,2) -> 42.07
B38: Pier | C38: 1 | D38: x | E38: 1 | F38: 8.25 | G38: 1.35+0.76 2 | H38: 1.5 | I38: =ROUNDDOWN(PRODUCT(C38:H38)*(0.76+1.35)/2,2) -> 13.05
B39: Semi circular portion | C39: II/8 | D39: x | E39: =E38 -> 1 | F39: (1.35^2+0.76^2)/2 | H39: 1.5 | I39: =ROUND(PRODUCT(C39:H39)*(3.14/8)*(1.35^2+0.76^2)/2,2) -> 0.71
B40: Abutment dirt wall | C40: 1 | D40: x | E40: 2 | F40: 8.25 | G40: 0.3 | H40: 1 | I40: =ROUNDDOWN(PRODUCT(C40:H40),2) -> 4.95
B41: Wing walls Tappered | C41: 2 | D41: x | E41: 2 | F41: 3.5 | G41: 0.94+0.50 2 | H41: 1.79 | I41: =ROUNDDOWN(PRODUCT(C41:H41)*(0.94+0.5)/2,2) -> 18.04
I42: =SUM(I37:I41) -> 78.82 | J42: ='Slab-Culverts Data'!J206 -> 6796.65 | K42: 1 | L42: =ROUND(I42*J42,0) -> 535712
I43: cum | K43: cum
A45: 5 | B45: ='Slab-Culverts Data'!B239:J239 -> Providing reinforced concrete of M25 mix using 20mm & 10mm size HBG crushed stone aggregate and fine aggregate(Natural sand 50%+Manufactured sand(Rock Sand)50% ) conforming to table 1000-2 of MoRT&H including cost, conveyance of all materials to site and labour charges, centering, machine mixing, laying, Vibrating, curing etc., including all other incidental and operational charges of all T&P etc., complete for finished item of work as per MoRT&H specification 1500,1700, 2100 (5th Revision) and as directed by the Engineer-in-Charge for Sub-structure.for Bed blocks & Backing walls
B46: Bed blocks Over abutment | C46: 1 | D46: x | E46: =E37 -> 2 | F46: =F37 -> 8.25 | G46: 1.1 | H46: 0.5 | I46: =ROUND(PRODUCT(C46:H46),2) -> 9.08
B47: Piers | C47: 1 | D47: x | E47: =E38 -> 1 | F47: 8.25 | G47: 0.96 | H47: 0.5 | I47: =ROUND(PRODUCT(C47:H47),2) -> 3.96
B48: Semi circular portion | C48: II/4*2 | D48: x | E48: =E47 -> 1 | F48: 0.96 | G48: 0.96 | H48: 0.5 | I48: =ROUND(PRODUCT(C48:H48)*(3.14/4),2) -> 0.36
B49: Balance width | C49: 1 | D49: x | E49: 2 | F49: 8.25 | G49: 0.62 | H49: 0.5 | I49: =ROUNDDOWN(PRODUCT(C49:H49),2) -> 5.11
B50: Kerb wall | C50: 1 | D50: x | E50: 2 | F50: 20.52 | G50: 0.525 | H50: 0.3 | I50: =ROUNDDOWN(PRODUCT(C50:H50),2) -> 6.46
I51: =SUM(I46:I50) -> 24.97 | J51: ='Slab-Culverts Data'!J267 -> 7713.58 | K51: 1 | L51: =ROUND(I51*J51,0) -> 192608
I52: cum | K52: cum
A54: 7 | B54: ='Slab-Culverts Data'!B338:J338 -> Vibrated reinforced cement concrete M 25 grade using 20mm & 10mm HBG crushed stone aggregate (Coarse aggregate conforming to table 1000-1 and fine aggregate(Natural sand 50%+Manufactured sand(Rock Sand)50% ) conforming to table 1000-2) including cost, (excluding seigniorage) conveyance of all materials to site and labour charges, centering, machine mixing, laying, vibrating, curing etc., including other incidental hire and operational charges of all T&P as per approved drawings and as directed during execution but excluding cost of steel and its fabrication charges for finished item as per MoRT&H specification 1500,1600,1700 & 2200 (5th revision ) and as directed by the Engineer-in-Charge
B55: for deck slab
B56: for Deck slab | C56: 1 | D56: x | E56: 2 | F56: 8.25 | G56: 6.76 | H56: 0.5 | I56: =ROUND(C56*E56*F56*G56*H56,2) -> 55.77
I57: =I56 -> 55.77 | J57: ='Slab-Culverts Data'!J366 -> 8387.55 | K57: 1 | L57: =ROUND(I57*J57,0) -> 467774
I58: cum | K58: cum
A59: 6 | B59: ='Slab-Culverts Data'!B605:J605 -> Back filling behind abutment, wing wall and return wall complete as per drawing and Technical Specification and specifications of IRC:78 & 2200 MORTH and as directed by the Engineer-in-Charge including overhead charges & Contractors profit ,But Seignarage charges.
B60: For appraches | C60: 1 | D60: x | E60: 2 | F60: 3.5 | G60: 6.6 | H60: 2.00+0.50 2 | I60: =ROUNDDOWN(PRODUCT(C60:H60)*(2+0.5)/2,2) -> 57.75
I61: =I60 -> 57.75 | J61: ='Slab-Culverts Data'!J625 -> 691.79 | K61: 1 | L61: =ROUND(I61*J61,0) -> 39951
I62: cum | K62: cum
A63: 7 | B63: ='Slab-Culverts Data'!B400:J400 -> Vibrated cement concrete M 30 grade using 20mm & 10mm HBG crushed stone aggregate (Coarse aggregate conforming to table 1000-1 and fine aggregate(Natural sand 50%+Manufactured sand(Rock Sand)50% ) conforming to table 1000-2) including cost, (excluding seigniorage) conveyance of all materials to site and labour charges, centering, machine mixing, laying, vibrating, curing etc., including other incidental hire and operational charges of all T&P as per approved drawings and as directed during execution but excluding cost of steel and its fabrication charges for finished item as per SBD specification 1500, 1600, 1700 & 2702 as directed by the Engineer-in-Charge for Wearing Coat.
B64: Over deck slab | C64: 1 | D64: x | E64: 2 | F64: 7.5 | G64: 6.76 | H64: 0.075 | I64: =ROUNDDOWN(PRODUCT(C64:H64),2) -> 7.6
I65: =SUM(I64) -> 7.6 | J65: ='Slab-Culverts Data'!J428 -> 7079.99 | K65: 1 | L65: =ROUND(I65*J65,0) -> 53808
I66: cum | K66: cum
A67: 8 | B67: ='Road data'!B161:G161 -> Forming Embankment with material obtained from borrowed useful earth from outside road boundary by mechanical means upto SDR with all leads and lifts including pre-watering of soil at borrow area, removal of top soil, excavation of soils at borrowed area, conveyance of soil, depositing the soil on the embankment, spreading soil, breaking clods, sectioning, grading and consolidation with 8 to 10 Tonnes Vibratory Road Roller @ OMC to meet requirement of table 300-2 of MoRT&H, including all hire and operational charges of T&P, complete for finished item of work as per MoRT&H specification 305 (5th revision). (The soil CBR>10%, PI<18% & MDD>1.8 g/cc)
B68: For approaches | C68: 1 | D68: x | E68: 2 | F68: 5 | G68: 13.50+7.50 2 | H68: 2.00+0.30 2 | I68: =ROUND(PRODUCT(C68:H68)*(13.5+7.5)/2*(2+0.3)/2,2) -> 120.75
I69: =SUM(I68:I68) -> 120.75 | J69: ='Road data'!G188 -> 318.8 | K69: 1Cum | L69: =ROUND(I69*J69,0) -> 38495
I70: cum
A71: 9 | B71: ='Slab-Culverts Data'!B506:J506 -> Vibrated cement concrete M 15 Grade Concrete using 40mm , 20mm and 10mm size HBG crushed stone aggregate (Coarse aggregate conforming to table 1000-1 and fine aggregate(Natural sand 50%+Manufactured sand(Rock Sand)50% ) conforming to table 1000-2) including cost, (excluding seigniorage) and conveyance of all materials to site and all labour charges ,centering, machine mixing, laying in position, Compacting , Vibrating and curing including all other incidental and all other operational charges of T&P required etc., complete as per MoRT&H Specification 1500,1700, 2100 (5th Revision) for levelling course.
B72: For approaches | C72: 1 | D72: x | E72: 2 | F72: =F60 -> 3.5 | G72: 7.5 | H72: 0.15 | I72: =ROUND(PRODUCT(C72:H72),2) -> 7.88
I73: =SUM(I72:I72) -> 7.88 | J73: ='Slab-Culverts Data'!J535 -> 6182.18 | K73: 1Cum | L73: =ROUND(I73*J73,0) -> 48716
I74: cum
A75: 10 | B75: ='Slab-Culverts Data'!B476:J476 -> Vibrated reinforced cement concrete M30 grade using 20mm & 10mm HBG crushed stone aggregate (Coarse aggregate conforming to table 1000-1 and fine aggregate(Natural sand 50%+Manufactured sand(Rock Sand)50% ) conforming to table 1000-2) including cost, (excluding seigniorage) conveyance of all materials to site and labour charges, centering, machine mixing, laying, vibrating, curing etc., including all other incidental and operational charges of all T&P etc., complete for finished item of work as per Approved drawing but excluding cost of steel and its fabrication charges as per MoRT&H specification 1500, 1600,1700, & 2704 (5th Revision) and as directed by the Engineer-in-Charge for Approach slab.
B76: approach | C76: 1 | D76: x | E76: 2 | F76: 3.5 | G76: 7.5 | H76: 0.15 | I76: =ROUND(PRODUCT(C76:H76),2) -> 7.88
I77: =SUM(I76:I76) -> 7.88 | J77: ='Slab-Culverts Data'!J504 -> 7175.39 | K77: 1Cum | L77: =ROUND(I77*J77,0) -> 56542
I78: cum
A79: 11 | B79: ='Slab-Culverts Data'!B627:J627 -> Construction of p RCC railing of M 25 grade , aggregate size not exceeding 12 mm, true to line and grade, tolerance of vertical RCC post not to exceed 1 in 500, centre to center spacing between vertical post not to exceed 2000 mm , leaving adequate space between vertiacal post for expansion, complete as per approved drawings and Technical Specifications as per MoRTH spn nos.2703,1500,1600,&1700 excluding cost of steel and its fabrication charges
C80: 1 | D80: x | E80: 2 | F80: 20.52 | I80: =ROUND(PRODUCT(C80:H80),2) -> 41.04
I81: =SUM(I80:I80) -> 41.04 | J81: ='Slab-Culverts Data'!J673 -> 617.67139 | K81: Rmt | L81: =ROUND(I81*J81,0) -> 25349
I82: Rmt
A83: 12 | B83: ='Slab-Culverts Data'!B291:J291 -> Providing Weep holes in VCC Abutment/ Wing wall/return wall with 100mm Diameter AC pipe extending through the full width of the structure at 1.00m C/C in both horizontal and vertical direction so that the weep holes in each horizontal direction is staggered from the weep holes laying above and below lines as shown in drawing including cost and conveyance of the A.C pipes and labour charges for cutting to required length, placing the pipe with a slope of about 1V : 20H towards stream side face etc., complete for finished item of work for weep holes as per SSR Data
C84: 2 | D84: x | E84: 2 | F84: 15 | I84: =ROUND(PRODUCT(C84:H84),2) -> 60
I85: =SUM(I84:I84) -> 60 | J85: ='Slab-Culverts Data'!J312 -> 614.33767 | K85: Rmt | L85: =ROUND(I85*J85,0) -> 36860
I86: Rmt
A87: 13 | B87: ='Slab-Culverts Data'!B313:J313 -> Providing and laying of filter media using 50% of 150 mm IRC soling stone and 50 % of 40 mm HBG metal satisfying the requirements laid down in clause 2504.2.2 of MoRT&H specifications to a thickness of not less than 600mm with smaller size towards the soil and bigger size towards the wall and provided over the entire surface behind the abutment, wing wall and return wall to the full height compacted to a firm condition including cost and conveyance of all metal (excluding seigniorage) charges ,and all labour charges as directed by the departmental officers as per drawing and Technical specifications as per clause 710.1.1 of IRC:78 and Clause 2200 of MoRT&H (5th Revision) for finished item of work.
C88: 1 | D88: x | E88: 2 | F88: 14.5 | G88: 0.23 | H88: 2 | I88: =ROUND(PRODUCT(C88:H88),2) -> 13.34
I89: =SUM(I88:I88) -> 13.34 | J89: ='Slab-Culverts Data'!J335 -> 2427.13 | K89: Cum | L89: =ROUND(I89*J89,0) -> 32378
I90: cum
A91: 14 | B91: ='Slab-Culverts Data'!B538:J538 -> Providing and laying boulders apron for bed protection against scour with stone boulders weighing not less than 40kg each complete as per drawing and specification. complete for finished item of work as per MoRT&H specification 2504 ( 5th revision ) and as directed by the Engineer-in-Charge
B92: Vent porton | C92: 1 | D92: x | E92: 3 | F92: 8.25 | G92: 6 | H92: 0.3 | I92: =ROUND(PRODUCT(C92:H92),2) -> 44.55
B93: Up stream side | C93: 1 | D93: x | E93: 1 | F93: 28 | G93: 1.5 | H93: 0.3 | I93: =ROUND(PRODUCT(C93:H93),2) -> 12.6
B94: Down stream side | C94: 1 | D94: x | E94: 1 | F94: 28 | G94: 3 | H94: 0.3 | I94: =ROUND(PRODUCT(C94:H94),2) -> 25.2
I95: =SUM(I92:I94) -> 82.35 | J95: ='Slab-Culverts Data'!J559 -> 2067.88 | K95: Cum | L95: =ROUND(I95*J95,0) -> 170290
I96: cum
A98: 15 | B98: ='Slab-Culverts Data'!B155:J155 -> Supplying, fitting and placing of HYSD bars Fe-500 ( From Primary producers ,Like TATA,SAIL,VSP, JWS & Shyam steel Etc.,) of different diameters, wrought and put up bars of all diameters including cost and conveyance of steel to site and all labour charges for fabrication of reinforcement including cutting, bending, binding rods, tying grills, placing them in position etc., complete including cost and conveyance of binding wire and all handling charges and operational charges etc., and including over lapping welding if required etc., complete for all R.C.C items for finished item of work as per standard drawings, as per the directions of the Engineer-in-Charge and as per MoRT&H specification 1600 &2200 (5th revision) in foundation.
I99: 0.918 | J99: ='Slab-Culverts Data'!J175 -> 64656.02 | K99: 1 | L99: =ROUND(I99*J99,0) -> 59354
I100: MT | K100: MT
A102: 16 | B102: ='Slab-Culverts Data'!B269:J269 -> Supplying, fitting and placing of HYSD bars Fe-500 ( From Primary producers ,Like TATA,SAIL,VSP, JWS & Shyam steel Etc.,) of different diameters, wrought and put up bars of all diameters including cost and conveyance of steel to site and all labour charges for fabrication of reinforcement including cutting, bending, binding rods, tying grills, placing them in position etc., complete including cost and conveyance of binding wire and all handling charges and operational charges etc., and including over lapping welding if required etc., complete for all R.C.C items for finished item of work as per standard drawings, as per the directions of the Engineer-in-Charge and as per MoRT&H specification 1600 &2200 (5th revision) in sub-structure.
I103: 0.918 | J103: ='Slab-Culverts Data'!J290 -> 64943.47 | K103: 1 | L103: =ROUND(I103*J103,0) -> 59618
I104: MT | K104: MT
...

Sheet 3V 1m dia Pipe Culverts
A1: SUB-ESTIMATE FOR PIPE CULVERT WITH SSR 2023-24
A2: Name of the Work | F2: Road from Chevella to Mudimyala via Malkapur in Chevella Mandal of Ranga Reddy District
A3: Construction of HP Culvert 3V of 1000mm Dia.NP4 Pipes at Km
A4: Sl. No. | B4: Description of work | C4: No. | F4: L | G4: B | H4: D | I4: Quantity | J4: Rate | K4: Per | L4: Amount (Rs.)
A5: 1 | B5: 2 | C5: 3 | F5: 4 | G5: 5 | H5: 6 | I5: 7 | J5: 8 | K5: 9 | L5: 10
A6: 1 | B6: Earthwork excavation in soils upto SDR by mechanical means for foundations of structures as per drawing and technical specification including setting out, construction of shoring and bracing, removal of stumps and other deleterious matter, dressing sides of bottom, back filling the excavation earth to the extent required etc., complete excluding seignioarge charges for finished item of work as per MoRT&H specification 304(5th Revision) and as directed by the Engineer-in-Charge.
B7: Body Wall Foundation | C7: 1 | D7: x | E7: 2 | F7: 13.3 | G7: 1.4 | H7: 1.5 | I7: =ROUND(C7*E7*F7*G7*H7,2) -> 55.86
B8: Under Pipes | C8: 1 | D8: x | E8: 1 | F8: =7.5-2.8 -> 4.7 | G8: 5.3 | H8: 0.3 | I8: =ROUND(C8*E8*F8*G8*H8,2) -> 7.47
I9: =SUM(I7:I8) -> 63.33 | J9: ='Pipe data'!G20 -> 123.69928 | K9: 1 | L9: =ROUND(I9*J9,0) -> 7834
I10: Cum | K10: Cum
A11: 2 | B11: Sand Filling in foundation trenches as per drawing and technical specification Clause 304 of MORTH including overhead charges & Contractors profit etc complete.
B12: Body Wall Foundation | C12: 1 | D12: x | E12: 2 | F12: =F7 -> 13.3 | G12: 1.4 | H12: 0.1 | I12: =ROUND(C12*E12*F12*G12*H12,2) -> 3.72
B13: Under Pipes | C13: 1 | D13: x | E13: 1 | F13: =F8 -> 4.7 | G13: =G8 -> 5.3 | H13: 0.3 | I13: =ROUND(C13*E13*F13*G13*H13,2) -> 7.47
I14: =SUM(I12:I13) -> 11.19 | J14: ='Pipe data'!G72 -> 1237.43 | K14: 1 | L14: =ROUND(I14*J14,0) -> 13847
I15: Cum | K15: Cum
A16: 3 | B16: Providing Plain Cement Concrete (1:3:6) mix using 40mm size HBG crushed stone aggregate and fine aggregate(Natural sand 50%+Manufactured sand(Rock Sand)50% ) conforming to table 1000-2 of MoRT&H including cost, conveyance of all materials to site and labour charges, centering, machine mixing, laying, Vibrating, curing etc., including all other incidental and operational charges of all T&P etc., complete for finished item of work as per MoRT&H specification 1500,1700, 2100 (5th Revision) and as directed by the Engineer-in-Charge for foundation.
B17: Head walls | C17: 1 | D17: x | E17: 2 | F17: =F12 -> 13.3 | G17: 1.4 | H17: 0.15 | I17: =ROUND(C17*E17*F17*G17*H17,2) -> 5.59
B18: Under Pipes | C18: 1 | D18: x | E18: 1 | F18: =F13 -> 4.7 | G18: =G13 -> 5.3 | H18: 0.2 | I18: =ROUND(C18*E18*F18*G18*H18,2) -> 4.98
I19: =SUM(I17:I18) -> 10.57 | J19: ='Slab-Culverts Data'!J31 -> 5748.72 | K19: 1 | L19: =ROUND(I19*J19,0) -> 60764
I20: Cum | K20: Cum
A21: =1+A16 -> 4 | B21: Vibrated cement concrete M 15 Grade Concrete using 40mm , 20mm and 10mm size HBG crushed stone aggregate (Coarse aggregate conforming to table 1000-1 and fine aggregate (Natural sand 50%+Manufactured sand(Rock Sand)50% ) conforming to table 1000-2) including cost, (excluding seigniorage) and conveyance of all materials to site and all labour charges , centering, machine mixing, laying in position, Compacting, Vibrating and curing including all other incidental and all other operational charges of T&P required etc., complete as per MoRT&H Specification 1500,1700, 2200 (5th Revision) for foundations.
B22: Body Wall Foundation below GL | C22: 1x | E22: 2 | F22: =F12 -> 13.3 | G22: 1.4 | H22: 0.15 | I22: =ROUND(PRODUCT(C22:H22),2) -> 5.59
B23: Body Wall Foundation below GL | C23: 1x | E23: 2 | F23: =F22 -> 13.3 | G23: 1.25+1.0 2 | H23: 1.25 | I23: =ROUND(PRODUCT(C23:H23)*(1.25+1)/2,2) -> 37.41
I24: =SUM(I22:I23) -> 43 | J24: ='Pipe data'!$G$103 -> 6425.92 | K24: 1 | L24: =ROUND(I24*J24,0) -> 276315
I25: Cum | K25: Cum
A26: =1+A21 -> 5 | B26: Providing PCC M15 mix using 40mm, 20mm & 10mm size HBG crushed stone aggregate and fine aggregate(Natural sand 50%+Manufactured sand(Rock Sand)50% ) conforming to table 1000-2 of MoRT&H including cost, conveyance of all materials to site and labour charges, centering, machine mixing, laying, Vibrating, curing etc., including all other incidental and operational charges of all T&P etc., complete for finished item of work as per MoRT&H specification 1500,1700, 2100 (5th Revision) and as directed by the Engineer-in-Charge for Substructure.
B27: Body Wall Foundation above GL | C27: 1x | E27: 2 | F27: =F22 -> 13.3 | G27: 1.0+0.4 2 | H27: 1.8 | I27: =ROUND(PRODUCT(C27:H27)*(0.4+1)/2,2) -> 33.52
B28: Parapet wall | C28: 1x | E28: 2 | F28: =F23 -> 13.3 | G28: 0.45 | H28: 0.4 | I28: =ROUND(PRODUCT(C28:H28),2) -> 4.79
B29: Deduct for pipe portion | C29: II/4 | E29: -6 | F29: 1.1 | G29: 1.1 | H29: 1.0+0.6 2 | I29: =ROUND(PRODUCT(C29:H29)*PI()/4*AVERAGE(1,0.6),2) -> -4.56
I30: =SUM(I27:I29) -> 33.75 | J30: ='Pipe data'!G230 -> 6796.65 | K30: 1 | L30: =ROUND(I30*J30,0) -> 229387
I31: Cum | K31: cum
A32: =1+A26 -> 6 | B32: Providing, laying Reinforced cement concrete Hume pipes of 1000 mm Dia., NP4 class for pipe culverts including cost and conveyance of Pipes etc., complete and Labour charges for laying, jointing of 1000mm dia. R.C.C Hume pipes in position including lifting, aligning, lowering and hoisting etc., as per drawing and as per MoRT&H Specification 2900, 2905 and 2906 (5th Revision) and IRC Special Publication No: 13 and as directed by the Engineer-in-Charge for finished item of work.
B33: 1000mm dia NP4 | C33: 3 | D33: X | E33: 3 | F33: 2.5 | I33: =ROUND(PRODUCT(C33:H33),2) -> 22.5 | J33: ='Pipe data'!G128 -> 13715.57 | K33: 1 | L33: =ROUND(I33*J33,0) -> 308600
I34: RM | K34: RM
J35: Total Amount | L35: =SUM(L6:L34) -> 896747
B39: Assistant Engineer, | H39: Dy. Exe. Engineer
B40: PR MPP Chevella | H40: PR SD Chevella
B44: District Panchayat Raj Engineer, | H44: Superintending Engineer
B45: PIU Ranga Reddy | H45: PR Circle, Ranga Reddy
B46: District Panchayat Raj Engineer,
B47: PIU Ranga Reddy | I47: Superintending Engineer
I48: PR Circle, Ranga Reddy

Sheet Ret wall
A1: SUB-ESTIMATE FOR SLAB CULVERT WITH SSR 2021-22
A2: Name of the Work | C2: ='Input Data'!E1 -> BT Renewal from Balabadraipally to Danamma Thanda of Gundumal Mandal in Narayanpet District
A3: Construction of Retaining wall of 15.00m Length at Km 1/800,2/400 & 3/500
A4: Sl. No. | B4: Description of work | C4: No. | F4: L | G4: B | H4: D | I4: Quantity | J4: Rate | K4: Per | L4: Amount (Rs.)
A5: 1 | B5: 2 | C5: 3 | F5: 4 | G5: 5 | H5: 6 | I5: 7 | J5: 8 | K5: 9 | L5: 10
A6: 1 | B6: ='Pipe data'!B4:G4 -> Earthwork excavation in soils upto SDR by mechanical means for foundations of structures as per drawing and technical specification including setting out, construction of shoring and bracing, removal of stumps and other deleterious matter, dressing sides of bottom, back filling the excavation earth to the extent required etc., complete excluding seignioarge charges for finished item of work as per MoRT&H specification 304(5th Revision) and as directed by the Engineer-in-Charge.
B7: Fill up | C7: 1 | D7: x | E7: 1 | F7: 15 | G7: 1.5 | H7: 0.9 | I7: =ROUND(C7*E7*F7*G7*H7,2) -> 20.25
I8: =SUM(I7:I7) -> 20.25 | J8: ='Pipe data'!G20 -> 123.69928 | K8: 1 | L8: =ROUND(I8*J8,0) -> 2505
I9: cum | K9: cum
A11: 2 | B11: ='Pipe data'!B55:G55 -> Sand Filling in foundation trenches as per drawing and technical specification Clause 304 of MORTH including overhead charges & Contractors profit etc complete.
B12: From Km 3/060 to 3/080 | C12: 1 | D12: x | E12: 1 | F12: =+F7 -> 15 | G12: 1.2 | H12: 0.1
I13: =SUM(I12) -> 0 | J13: ='Pipe data'!G72 -> 1237.43 | K13: 1 | L13: =ROUND(I13*J13,0) -> 0
I14: cum | K14: cum
A16: 2 | B16: ='Slab-Culverts Data'!B5:J5 -> Providing Plain Cement Concrete (1:3:6) mix using 40mm size HBG crushed stone aggregate and fine aggregate(Natural sand 50%+Manufactured sand(Rock Sand)50% ) conforming to table 1000-2 of MoRT&H including cost, conveyance of all materials to site and labour charges, centering, machine mixing, laying, Vibrating, curing etc., including all other incidental and operational charges of all T&P etc., complete for finished item of work as per MoRT&H specification 1500,1700, 2100 (5th Revision) and as directed by the Engineer-in-Charge for foundation.
B17: Foundation | C17: 1 | D17: x | E17: 1 | F17: =+F12 -> 15 | G17: 1.5 | H17: 0.3 | I17: =ROUND(C17*E17*F17*G17*H17,2) -> 6.75
I18: =SUM(I17) -> 6.75 | J18: ='Slab-Culverts Data'!J31 -> 5748.72 | K18: 1 | L18: =ROUND(I18*J18,0) -> 38804
I19: cum | K19: cum
A21: 3 | B21: ='Slab-Culverts Data'!B33:J33 -> Providing PCC M15 mix using 40mm, 20mm & 10mm size HBG crushed stone aggregate and fine aggregate(Natural sand 50%+Manufactured sand(Rock Sand)50% ) conforming to table 1000-2 of MoRT&H including cost, conveyance of all materials to site and labour charges, centering, machine mixing, laying, Vibrating, curing etc., including all other incidental and operational charges of all T&P etc., complete for finished item of work as per MoRT&H specification 1500,1700, 2100 (5th Revision) and as directed by the Engineer-in-Charge for foundation.
B22: Ret Wall body wall | C22: 1 | D22: x | E22: 1 | F22: =F17 -> 15 | G22: 1.30+0.90 2 | H22: 0.6 | I22: =PRODUCT(D22:H22)*(1.3+0.9)/2 -> 9.9
I23: =SUM(I22) -> 9.9 | J23: ='Slab-Culverts Data'!J62 -> 6425.92 | K23: 1 | L23: =ROUND(I23*J23,0) -> 63617
I24: Cum | K24: cum
A25: 4 | B25: ='Slab-Culverts Data'!B177:J177 -> Providing PCC M15 mix using 40mm, 20mm & 10mm size HBG crushed stone aggregate and fine aggregate(Natural sand 50%+Manufactured sand(Rock Sand)50% ) conforming to table 1000-2 of MoRT&H including cost, conveyance of all materials to site and labour charges, centering, machine mixing, laying, Vibrating, curing etc., including all other incidental and operational charges of all T&P etc., complete for finished item of work as per MoRT&H specification 1500,1700, 2100 (5th Revision) and as directed by the Engineer-in-Charge for Substructure.
B26: Ret Wall body wall | C26: 1 | D26: x | E26: 1 | F26: =F22 -> 15 | G26: 0.90+0.40 2 | H26: 1.5 | I26: =PRODUCT(D26:H26)*(0.4+0.9)/2 -> 14.625
I27: =SUM(I26) -> 14.625 | J27: ='Slab-Culverts Data'!J206 -> 6796.65 | K27: 1 | L27: =ROUND(I27*J27,0) -> 99401
I28: Cum | K28: cum
J29: Total Amount | L29: =SUM(L6:L27) -> 204327
F32: =GA!B34 -> Asst Exe Engineer, | I32: Dy. Exe. Engineer
F33: ='Slab Culvert 2V 6m x 2m spa'!F113 -> PRSD Maddur | I33: ='Slab Culvert 2V 6m x 2m spa'!I113 -> PRSD, Maddur
F36: District Panchayat Raj Engineer, | I36: Superintending Engineer
F37: ='Slab Culvert 2V 6m x 2m spa'!F118 -> PR Division, Narayanpet | I37: ='Slab Culvert 2V 6m x 2m spa'!I118 -> 0

Sheet Slab-Culverts Data
B1: DATA-CD WORKS WITH SSR 2023-24
B2: Name of Work ::- | D2: ='Input Data'!E1 -> BT Renewal from Balabadraipally to Danamma Thanda of Gundumal Mandal in Narayanpet District
A3: S.No. | B3: Quantity | D3: Description of Item | H3: Rate | I3: per | J3: Amount (Rs.)
B4: FOUNDATIONS
A5: ='Pipe data'!A180+1 -> 8 | B5: Providing Plain Cement Concrete (1:3:6) mix using 40mm size HBG crushed stone aggregate and fine aggregate(Natural sand 50%+Manufactured sand(Rock Sand)50% ) conforming to table 1000-2 of MoRT&H including cost, conveyance of all materials to site and labour charges, centering, machine mixing, laying, Vibrating, curing etc., including all other incidental and operational charges of all T&P etc., complete for finished item of work as per MoRT&H specification 1500,1700, 2100 (5th Revision) and as directed by the Engineer-in-Charge for foundation.
D6: Unit = cum | F6: Page No.271 of MoRTH DB
D7: Taking output = 15 cum
B8: (A) | C8: Labour
B9: 0.64 | C9: Day | D9: Mate | H9: =+'SSR-rates'!$K$58 -> 575 | I9: day | J9: =ROUND(B9*H9,2) -> 368
B10: 1 | C10: Day | D10: Mason | H10: =+'SSR-rates'!$K$54 -> 615 | I10: day | J10: =ROUND(B10*H10,2) -> 615
B11: 15 | C11: Day | D11: Mazdoor | H11: =+'SSR-rates'!$K$58 -> 575 | I11: day | J11: =ROUND(B11*H11,2) -> 8625
B12: =+'Input Data'!D23 -> 0 | D12: Agency area allowance | H12: =SUM(J9:J11) -> 9608 | J12: =B12*H12 -> 0
D13: Total | J13: =SUM(J9:J12) -> 9608
B14: (B) | C14: Material
B15: 13.5 | C15: cum | D15: Cost of 40mm SS-5 HBG M/C metal | H15: =lead!$J$14 -> 1732.2188 | I15: cum | J15: =ROUND(B15*H15,2) -> 23384.95
B16: =6.75/2 -> 3.375 | C16: cum | D16: 50% Natural Sand as per IS:383 and conforming to clause 1500.2.4.2. | H16: =lead!$J$31 -> 1850.9213 | I16: cum | J16: =ROUND(B16*H16,2) -> 6246.86
B17: =B16 -> 3.375 | C17: cum | D17: 50% Manufactured sand(Rock Sand) | H17: =lead!$J$33 -> 1473.2188 | I17: cum | J17: =ROUND(B17*H17,2) -> 4972.11
B18: 3.45 | C18: MT | D18: Cement at site | H18: =lead!$J$36 -> 5000 | I18: MT | J18: =ROUND(B18*H18,2) -> 17250
D19: Total | J19: =SUM(J15:J18) -> 51853.92
B20: (C ) | C20: Machinery
B21: 6 | C21: hr | D21: Concrete mixer 0.4/0.28 cum | H21: ='SSR-rates'!K88 -> 697.9 | I21: hr | J21: =ROUND(B21*H21,2) -> 4187.4
B22: 6 | C22: hr | D22: Generator set 33 KVA | H22: ='SSR-rates'!K87 -> 1323.5 | I22: hr | J22: =ROUND(B22*H22,2) -> 7941
B23: 3 | C23: hr | D23: Water tanker 6 KL | H23: ='SSR-rates'!K69 -> 769 | I23: hr | J23: =ROUND(B23*H23,2) -> 2307
D24: Total | J24: =SUM(J21:J23) -> 14435.4
B25: (D) | C25: Over head charges & CP
B26: ='Input Data'!$D$24 -> 0.13615 | C26: Over head charges & CP | J26: =ROUND((J13+J19+J24)*B26,2) -> 10333.42
B27: ='Input Data'!$E$24 -> 0 | C27: Contractor profit | H27: =J13+J19+J24+J26 -> 86230.74 | J27: =H27*B27 -> 0
B28: (E) | C28: Total of (A) + (B)+( C)+(D) | J28: =J13+J19+J24+J26+J27 -> 86230.74
D29: Cost per 15 cum | J29: =SUM(J28:J28) -> 86230.74
D30: Rate for 1 cum | J30: =ROUND(J29/15,2) -> 5748.72
D31: Rate to be adopted | J31: =ROUND(J30,2) -> 5748.72
J32: 1 Cum
A33: =A5+1 -> 9 | B33: Providing PCC M15 mix using 40mm, 20mm & 10mm size HBG crushed stone aggregate and fine aggregate(Natural sand 50%+Manufactured sand(Rock Sand)50% ) conforming to table 1000-2 of MoRT&H including cost, conveyance of all materials to site and labour charges, centering, machine mixing, laying, Vibrating, curing etc., including all other incidental and operational charges of all T&P etc., complete for finished item of work as per MoRT&H specification 1500,1700, 2100 (5th Revision) and as directed by the Engineer-in-Charge for foundation.
D34: Unit = cum
D35: Taking output = 15 cum
B36: (A) | C36: Labour
B37: 0.86 | C37: Day | D37: Mate | H37: =+'SSR-rates'!$K$58 -> 575 | I37: day | J37: =ROUND(B37*H37,2) -> 494.5
B38: 1.5 | C38: Day | D38: Mason | H38: =+'SSR-rates'!$K$54 -> 615 | I38: day | J38: =ROUND(B38*H38,2) -> 922.5
B39: 20 | C39: Day | D39: Mazdoor | H39: =+'SSR-rates'!$K$58 -> 575 | I39: day | J39: =ROUND(B39*H39,2) -> 11500
B40: =+'Input Data'!D23 -> 0 | D40: Agency area allowance | H40: =SUM(J37:J39) -> 12917 | J40: =B40*H40 -> 0
D41: Total | J41: =SUM(J37:J40) -> 12917
B42: (B) | C42: Material
B43: 8.1 | C43: cum | D43: Cost of 40mm SS-5 HBG M/C metal | H43: =+lead!$J$14 -> 1732.2188 | I43: cum | J43: =ROUND(B43*H43,2) -> 14030.97
B44: 4.05 | C44: cum | D44: Cost of 20mm SS-5 HBG M/C metal | H44: =+lead!$J$16 -> 2031.2188 | I44: cum | J44: =ROUND(B44*H44,2) -> 8226.44
B45: 1.35 | C45: cum | D45: Cost of 10mm SS-5 HBG M/C metal | H45: =+lead!$J$18 -> 1780.2188 | I45: cum | J45: =ROUND(B45*H45,2) -> 2403.3
B46: =6.75/2 -> 3.375 | C46: cum | D46: 50% Natural Sand as per IS:383 and conforming to clause 1500.2.4.2. | H46: =lead!$J$31 -> 1850.9213 | I46: cum | J46: =ROUND(B46*H46,2) -> 6246.86
B47: =6.75/2 -> 3.375 | C47: cum | D47: 50% Manufactured sand(Rock Sand) | H47: =lead!$J$33 -> 1473.2188 | I47: cum | J47: =ROUND(B47*H47,2) -> 4972.11
B48: 4.13 | C48: MT | D48: Cement at site | H48: =lead!J36 -> 5000 | I48: MT | J48: =ROUND(B48*H48,2) -> 20650
D49: Total | J49: =SUM(J43:J48) -> 56529.68
B50: (C ) | C50: Machinery
B51: 6 | C51: hr | D51: Concrete mixer 0.4/0.28 cum | H51: =+'SSR-rates'!$K$88 -> 697.9 | I51: hr | J51: =ROUND(B51*H51,2) -> 4187.4
B52: 6 | C52: hr | D52: Generator set 33 KVA | H52: =+'SSR-rates'!$K$87 -> 1323.5 | I52: hr | J52: =ROUND(B52*H52,2) -> 7941
D53: Total | J53: =SUM(J51:J52) -> 12128.4
B54: (D) | C54: Form work
B55: 4 | C55: % | D55: Form work @ 4% on (A)+(B)+( C) | H55: =+J53+J49+J41 -> 81575.08 | I55: Cum | J55: =ROUND(B55*H55/100,2) -> 3263
B56: (D) | C56: Over head charges & CP
B57: ='Input Data'!$D$24 -> 0.13615 | C57: Over head charges & CP | J57: =ROUND((J41+J49+J53+J55)*B57,2) -> 11550.7
B58: ='Input Data'!$E$24 -> 0 | C58: Contractor profit | H58: =J41+J49+J53+J55+J57 -> 96388.78 | J58: =H58*B58 -> 0
B59: (E) | C59: Total of (A) + (B)+( C)+(D) | J59: =J41+J49+J53+J55+J57+J58 -> 96388.78
D60: Cost per 15 cum | J60: =SUM(J59:J59) -> 96388.78
D61: Rate for 1 cum | J61: =ROUND(J60/15,2) -> 6425.92
D62: Rate to be adopted | J62: =ROUND(J61,2) -> 6425.92
J63: 1 Cum
A64: =A33+1 -> 10 | B64: Providing PCC M20 mix using 40mm, 20mm & 10mm size HBG crushed stone aggregate and fine aggregate(Natural sand 50%+Manufactured sand(Rock Sand)50% ) conforming to table 1000-2 of MoRT&H including cost, conveyance of all materials to site and labour charges, centering, machine mixing, laying, Vibrating, curing etc., including all other incidental and operational charges of all T&P etc., complete for finished item of work as per MoRT&H specification 1500,1700, 2100 (5th Revision) and as directed by the Engineer-in-Charge for foundation.
D65: Unit = cum
D66: Taking output = 15 cum
B67: (A) | C67: Labour
B68: 0.86 | C68: Day | D68: Mate | H68: ='SSR-rates'!$K$58 -> 575 | I68: day | J68: =ROUND(B68*H68,2) -> 494.5
B69: 1.5 | C69: Day | D69: Mason | H69: =+'SSR-rates'!$K$54 -> 615 | I69: day | J69: =ROUND(B69*H69,2) -> 922.5
B70: 20 | C70: Day | D70: Mazdoor | H70: ='SSR-rates'!$K$60 -> 575 | I70: day | J70: =ROUND(B70*H70,2) -> 11500
B71: =+'Input Data'!D23 -> 0 | D71: Agency area allowance | H71: =+H40 -> 12917 | J71: =B71*H71 -> 0
D72: Total | J72: =SUM(J68:J71) -> 12917
B73: (B) | C73: Material
B74: 5.4 | C74: cum | D74: Cost of 40mm SS-5 HBG M/C metal | H74: =+lead!$J$14 -> 1732.2188 | I74: cum | J74: =ROUND(B74*H74,2) -> 9353.98
B75: 5.4 | C75: cum | D75: Cost of 20mm SS-5 HBG M/C metal | H75: =+lead!$J$16 -> 2031.2188 | I75: cum | J75: =ROUND(B75*H75,2) -> 10968.58
B76: 2.7 | C76: cum | D76: Cost of 10mm SS-5 HBG M/C metal | H76: =+lead!$J$18 -> 1780.2188 | I76: cum | J76: =ROUND(B76*H76,2) -> 4806.59
B77: =6.75/2 -> 3.375 | C77: cum | D77: 50% Natural Sand as per IS:383 and conforming to clause 1500.2.4.2. | H77: =lead!$J$31 -> 1850.9213 | I77: cum | J77: =ROUND(B77*H77,2) -> 6246.86
B78: =6.75/2 -> 3.375 | C78: cum | D78: 50% Manufactured sand(Rock Sand) | H78: =lead!$J$33 -> 1473.2188 | I78: cum | J78: =ROUND(B78*H78,2) -> 4972.11
B79: 5.16 | C79: MT | D79: Cement at site | H79: =+lead!$J$36 -> 5000 | I79: MT | J79: =ROUND(B79*H79,2) -> 25800
D80: Total | J80: =SUM(J74:J79) -> 62148.12
B81: (C ) | C81: Machinery
B82: 6 | C82: hr | D82: Concrete mixer 0.4/0.28 cum | H82: =+'SSR-rates'!$K$88 -> 697.9 | I82: hr | J82: =ROUND(B82*H82,2) -> 4187.4
B83: 6 | C83: hr | D83: Generator set 35 KVA | H83: =+'SSR-rates'!$K$87 -> 1323.5 | I83: hr | J83: =ROUND(B83*H83,2) -> 7941
D84: Total | J84: =SUM(J82:J83) -> 12128.4
B85: (D) | C85: Form work
B86: 4 | C86: % | D86: Form work @ 4% on (A)+(B)+( C) | H86: =+J84+J80+J72 -> 87193.52 | I86: Cum | J86: =ROUND(B86*H86/100,2) -> 3487.74
B87: (D) | C87: Over head charges & CP
B88: ='Input Data'!$D$24 -> 0.13615 | C88: Over head charges & CP | J88: =ROUND((J72+J80+J84+J86)*B88,2) -> 12346.25
B89: ='Input Data'!$E$24 -> 0 | C89: Contractor profit | H89: =J72+J80+J84+J86+J88 -> 103027.51 | J89: =H89*B89 -> 0
B90: (E) | C90: Total of (A) + (B)+( C)+(D) | J90: =J72+J80+J84+J86+J88+J89 -> 103027.51
D91: Cost per 15 cum | J91: =SUM(J90:J90) -> 103027.51
D92: Rate for 1 cum | J92: =ROUND(J91/15,2) -> 6868.5
D93: Rate to be adopted | J93: =ROUND(J92,2) -> 6868.5
J94: 1 Cum
A95: =A64+1 -> 11 | B95: Vibrated reinforced cement concrete M25 grade using 20mm & 10mm HBG crushed stone aggregate (Coarse aggregate conforming to table 1000-1 and fine aggregate (Natural sand 50%+Manufactured sand(Rock Sand)50% ) conforming to table 1000-2) including cost, (excluding seigniorage) conveyance of all materials to site and labour charges, centering, machine mixing, laying, vibrating, curing etc., including other incidental hire and operational charges of all T&P as per approved drawings and as directed during execution but excluding cost of steel and its fabrication charges for finished item as per SBD specification as directed by the Engineer-in-Charge (for Raft foundation)
D96: Unit = cum | F96: Page 341 SDB, Chapter-12
D97: Taking output = 15cum
B98: (A) | C98: Labour
B99: 0.86 | C99: Day | D99: mate | H99: =+'SSR-rates'!$K$58 -> 575 | I99: day | J99: =ROUND(B99*H99,2) -> 494.5
B100: 1.5 | C100: Day | D100: Mason | H100: =+'SSR-rates'!$K$54 -> 615 | I100: day | J100: =ROUND(B100*H100,2) -> 922.5
...

Sheet Seigneorage
A1: SEIGNEORAGE CHARGES STATEMENT
A2: ='Input Data'!E1 -> BT Renewal from Balabadraipally to Danamma Thanda of Gundumal Mandal in Narayanpet District
A3: Sl. No | B3: Description of item | C3: Unit | D3: Nos | E3: Qty | F3: Seignorage rate | G3: Amount
A4: 1 | B4: 2 | C4: 3 | E4: 4 | F4: 5 | G4: 6
B6: ROAD ITEMS
A8: 1 | B8: C/o of embankment obtained from road way cutting | C8: Cum | E8: 0 | F8: 30 | G8: =ROUND(F8*E8,0) -> 0
A9: 2 | B9: C/o of embankment obtained from borrow pits | C9: Cum | E9: 0 | F9: 30 | G9: =ROUND(F9*E9,0) -> 0
A10: =A9+1 -> 3 | B10: Gravel subbase | C10: Cum | E10: 0 | F10: =1.2*97.5 -> 117 | G10: =ROUND(F10*E10,0) -> 0
A11: =A10+1 -> 4 | B11: Wet Mix | C11: Cum | E11: ='Road Estimate'!I26 -> 615 | F11: =1.33*97.5 -> 129.675 | G11: =ROUND(F11*E11,0) -> 79750
A12: =A10+1 -> 4 | B12: DGBM | C12: Cum | E12: ='Road Estimate'!I46 -> 0 | F12: =1.488*97.5 -> 145.08 | G12: =ROUND(F12*E12,0) -> 0
A13: =A11+1 -> 5 | B13: OGPC | C13: Sqm | E13: 0 | F13: =0.027*97.5 -> 2.6325 | G13: =ROUND(F13*E13,0) -> 0
A14: =A13+1 -> 6 | B14: Seal coat | C14: Sqm | E14: =E13 -> 0 | F14: =0.009*97.5 -> 0.8775 | G14: =ROUND(F14*E14,0) -> 0
A15: =A14+1 -> 7 | B15: BC | C15: Cum | E15: ='Road Estimate'!I58 -> 388.13 | F15: =1.471*97.5 -> 143.4225 | G15: =ROUND(F15*E15,0) -> 55667
A16: =A15+1 -> 8 | B16: CC pavement | C16: Cum | E16: 0 | F16: =(1.125*97.5+0.225*40) -> 118.6875 | G16: =ROUND(F16*E16,0) -> 0 | H16: =(0.9*75+0.225*75+0.225*40) -> 93.375
A17: =A16+1 -> 9 | B17: Shoulders with Earth | C17: Cum | E17: ='Road Estimate'!I62 -> 1164.38 | F17: 30 | G17: =ROUND(F17*E17,0) -> 34931
B18: ='1V 1m dia Pipe Culverts'!A3 -> Construction of HP Culvert 1V of 1000mm Dia.NP4 Pipes at Km
A19: 1 | B19: Earth work excavation for structures | C19: Cum | D19: ='CD Abs'!C5 -> 0 | E19: =('1V 1m dia Pipe Culverts'!I9)*D19 -> 0 | F19: 30 | G19: =ROUND(F19*E19,0) -> 0
A20: =A19+1 -> 2 | B20: Filling sand | C20: Cum | D20: =D19 -> 0 | E20: =('1V 1m dia Pipe Culverts'!I14)*D20 -> 0 | F20: =(0.6*97.5+0.6*40) -> 82.5 | G20: =ROUND(F20*E20,0) -> 0
A21: =A20+1 -> 3 | B21: PCC M15 grade for foundations | C21: Cum | D21: =D19 -> 0 | E21: =('1V 1m dia Pipe Culverts'!I24)*D21+('1V 1m dia Pipe Culverts'!I19)*D21 -> 0 | F21: =(1.125*97.5+0.225*40) -> 118.6875 | G21: =ROUND(F21*E21,0) -> 0
A22: =A21+1 -> 4 | B22: PCC M15 grade for body walls | C22: Cum | D22: =D19 -> 0 | E22: =('1V 1m dia Pipe Culverts'!I30)*D22 -> 0 | F22: =(1.125*97.5+0.225*40) -> 118.6875 | G22: =ROUND(F22*E22,0) -> 0
A23: =A22+1 -> 5 | B23: 1000mm dia pipes | C23: Rmt | D23: =D20 -> 0 | E23: =('1V 1m dia Pipe Culverts'!I33)*D23 -> 0 | F23: =(0.0028*97.5+0.0028*40) -> 0.385 | G23: =ROUND(F23*E23,0) -> 0
B25: ='2V 1m dia Pipe Culverts'!A3 -> Construction of HP Culvert 2V of 1000mm Dia.NP4 Pipes at Km
A26: 1 | B26: Earth work excavation for structures | C26: Cum | D26: ='CD Abs'!C6 -> 0 | E26: =('2V 1m dia Pipe Culverts'!I9)*D26 -> 0 | F26: 30 | G26: =ROUND(F26*E26,0) -> 0
A27: =A26+1 -> 2 | B27: Filling sand | C27: Cum | D27: =D26 -> 0 | E27: =('2V 1m dia Pipe Culverts'!I14)*D27 -> 0 | F27: =(0.6*97.5+0.6*40) -> 82.5 | G27: =ROUND(F27*E27,0) -> 0
A28: =A27+1 -> 3 | B28: PCC M15 grade for foundations | C28: Cum | D28: =D26 -> 0 | E28: =('2V 1m dia Pipe Culverts'!I24)*D28+('2V 1m dia Pipe Culverts'!I19)*D28 -> 0 | F28: =(1.125*97.5+0.225*40) -> 118.6875 | G28: =ROUND(F28*E28,0) -> 0
A29: =A28+1 -> 4 | B29: PCC M15 grade for body walls | C29: Cum | D29: =D27 -> 0 | E29: =('2V 1m dia Pipe Culverts'!I30)*D29 -> 0 | F29: =(1.125*97.5+0.225*40) -> 118.6875 | G29: =ROUND(F29*E29,0) -> 0
A30: =A29+1 -> 5 | B30: 1000mm dia pipes | C30: Rmt | D30: =D28 -> 0 | E30: =('2V 1m dia Pipe Culverts'!I33)*D30 -> 0 | F30: =(0.0028*97.5+0.0028*40) -> 0.385 | G30: =ROUND(F30*E30,0) -> 0
B31: Construction of HP Culvert 3V of 1000mm Dia. NP4 Pipes
A32: 1 | B32: Earth work excavation for structures | C32: Cum | D32: ='CD Abs'!C7 -> 0 | E32: ='3V 1m dia Pipe Culverts'!I9*D32 -> 0 | F32: 30 | G32: =ROUND(F32*E32,0) -> 0
A33: =A32+1 -> 2 | B33: Filling sand | C33: Cum | D33: =D32 -> 0 | E33: ='3V 1m dia Pipe Culverts'!I14*D33 -> 0 | F33: =(0.6*97.5+0.6*40) -> 82.5 | G33: =ROUND(F33*E33,0) -> 0
A34: =A33+1 -> 3 | B34: PCC M15 grade for foundations | C34: Cum | D34: =D33 -> 0 | E34: =('3V 1m dia Pipe Culverts'!I19+'3V 1m dia Pipe Culverts'!I24)*D34 -> 0 | F34: =(1.125*97.5+0.225*40) -> 118.6875 | G34: =ROUND(F34*E34,0) -> 0
A35: =A34+1 -> 4 | B35: PCC M15 grade for body walls | C35: Cum | D35: =D34 -> 0 | E35: ='3V 1m dia Pipe Culverts'!I30*D35 -> 0 | F35: =(1.125*97.5+0.225*40) -> 118.6875 | G35: =ROUND(F35*E35,0) -> 0
A36: =A35+1 -> 5 | B36: 1000mm dia pipes | C36: Rmt | D36: =D35 -> 0 | E36: ='3V 1m dia Pipe Culverts'!I33*D36 -> 0 | F36: =(0.0028*97.5+0.0028*40) -> 0.385 | G36: =ROUND(F36*E36,0) -> 0
B37: 1vent 5.00 x 2.00m span slab culvert at
A38: 1 | B38: Earth work excavation for structures | C38: Cum | D38: ='CD Abs'!C8 -> 0 | E38: =('Slab Culvert 1V 5m x 2m span'!I9)*D38 -> 0 | F38: 30 | G38: =ROUND(F38*E38,0) -> 0
A39: =A38+1 -> 2 | B39: Filling sand | C39: Cum | D39: =D38 -> 0 | F39: =(0.6*97.5+0.6*40) -> 82.5 | G39: =ROUND(F39*E39,0) -> 0
A40: =A39+1 -> 3 | B40: PCC (1:3:6) | C40: Cum | D40: =D39 -> 0 | E40: =('Slab Culvert 1V 5m x 2m span'!I18)*D40 -> 0 | F40: =(0.92*97.5+0.23*97.5+0.23*40) -> 121.325 | G40: =ROUND(F40*E40,0) -> 0
A41: =A40+1 -> 4 | B41: PCC M15 grade for foundations | C41: Cum | D41: =D40 -> 0 | E41: =('Slab Culvert 1V 5m x 2m span'!I29)*D41 -> 0 | F41: =(0.9*97.5+0.225*97.5+0.225*40) -> 118.6875 | G41: =ROUND(F41*E41,0) -> 0
A42: =A41+1 -> 5 | B42: PCC M15 grade for body walls | C42: Cum | D42: =D41 -> 0 | E42: =('Slab Culvert 1V 5m x 2m span'!I35)*D42 -> 0 | F42: =(0.9*97.5+0.225*97.5+0.225*40) -> 118.6875 | G42: =ROUND(F42*E42,0) -> 0
A43: =A42+1 -> 6 | B43: RCC M25 grade for Bed blocks | C43: Cum | D43: =D42 -> 0 | E43: =('Slab Culvert 1V 5m x 2m span'!I39)*D43 -> 0 | F43: =(0.9*97.5+0.225*97.5+0.225*40) -> 118.6875 | G43: =ROUND(F43*E43,0) -> 0
A44: =A43+1 -> 7 | B44: RCC M25 grade for Deckslab | C44: Cum | D44: =D43 -> 0 | E44: =('Slab Culvert 1V 5m x 2m span'!I43-'Slab Culvert 1V 5m x 2m span'!I39)*D44 -> 0 | F44: =(0.9*97.5+0.225*97.5+0.225*40) -> 118.6875 | G44: =ROUND(F44*E44,0) -> 0
A45: =A44+1 -> 8 | B45: PCC M15 bed pitching | C45: Cum | D45: =D44 -> 0 | F45: =(0.9*97.5+0.225*97.5+0.225*40) -> 118.6875 | G45: =ROUND(F45*E45,0) -> 0
A46: =A45+1 -> 9 | B46: PCC M30 Wearing coat | C46: Cum | D46: =D45 -> 0 | E46: =('Slab Culvert 1V 5m x 2m span'!I57)*D46 -> 0 | F46: =(0.9*97.5+0.225*97.5+0.225*40) -> 118.6875 | G46: =ROUND(F46*E46,0) -> 0
A47: =A46+1 -> 10 | B47: RCC M25 grade for Guide stone | C47: Cum | D47: =D46 -> 0 | F47: =(0.9*97.5+0.225*97.5+0.225*40) -> 118.6875 | G47: =ROUND(F47*E47,0) -> 0
A48: =A47+1 -> 11 | B48: Back filling | C48: Cum | D48: =D47 -> 0 | E48: =('Slab Culvert 1V 5m x 2m span'!I53)*D48 -> 0 | F48: =1.2*40 -> 48 | G48: =ROUND(F48*E48,0) -> 0
A49: =A48+1 -> 12 | B49: Carted earth | C49: Cum | D49: =D48 -> 0 | E49: =('Slab Culvert 1V 5m x 2m span'!I61)*D49 -> 0 | F49: 30 | G49: =ROUND(F49*E49,0) -> 0
A50: =A49+1 -> 13 | B50: PCC M15 below approch slab | C50: Cum | D50: =D49 -> 0 | E50: =('Slab Culvert 1V 5m x 2m span'!I65)*D50 -> 0 | F50: =(0.9*97.5+0.225*97.5+0.225*40) -> 118.6875 | G50: =ROUND(F50*E50,0) -> 0
A51: =A50+1 -> 14 | B51: PCC M30 Approch slab | C51: Cum | D51: =D50 -> 0 | E51: =('Slab Culvert 1V 5m x 2m span'!I69)*D51 -> 0 | F51: =(0.9*97.5+0.225*97.5+0.225*40) -> 118.6875 | G51: =ROUND(F51*E51,0) -> 0
A52: 15 | B52: Filter media | C52: Cum | D52: =D50 -> 0 | E52: =('Slab Culvert 1V 5m x 2m span'!I81)*D52 -> 0 | F52: =1.2*97.5 -> 117 | G52: =ROUND(F52*E52,0) -> 0
A53: 16 | B53: Boulder apron | C53: Cum | D53: =D51 -> 0 | E53: =('Slab Culvert 1V 5m x 2m span'!I87)*D53 -> 0 | F53: =1.2*97.5 -> 117 | G53: =ROUND(F53*E53,0) -> 0
B54: 1vent 6.00 x 2.00m span slab culvert at
A55: 1 | B55: Earth work excavation for structures | C55: Cum | D55: ='CD Abs'!C9 -> 0 | E55: =('Slab Culvert 1V 6m x 2m spa'!I9)*D55 -> 0 | F55: 30 | G55: =ROUND(F55*E55,0) -> 0
A56: =A55+1 -> 2 | B56: Filling sand | C56: Cum | D56: =D55 -> 0 | F56: =(0.6*97.5+0.6*40) -> 82.5 | G56: =ROUND(F56*E56,0) -> 0
A57: =A56+1 -> 3 | B57: PCC (1:3:6) | C57: Cum | D57: =D56 -> 0 | E57: =('Slab Culvert 1V 6m x 2m spa'!I18)*D57 -> 0 | F57: =(0.92*97.5+0.23*97.5+0.23*40) -> 121.325 | G57: =ROUND(F57*E57,0) -> 0
A58: =A57+1 -> 4 | B58: PCC M15 grade for foundations | C58: Cum | D58: =D57 -> 0 | E58: =('Slab Culvert 1V 6m x 2m spa'!I31)*D58 -> 0 | F58: =(0.9*97.5+0.225*97.5+0.225*40) -> 118.6875 | G58: =ROUND(F58*E58,0) -> 0
A59: =A58+1 -> 5 | B59: PCC M15 grade for body walls | C59: Cum | D59: =D58 -> 0 | E59: =('Slab Culvert 1V 6m x 2m spa'!I37)*D59 -> 0 | F59: =(0.9*97.5+0.225*97.5+0.225*40) -> 118.6875 | G59: =ROUND(F59*E59,0) -> 0
A60: =A59+1 -> 6 | B60: RCC M25 grade for Bed blocks | C60: Cum | D60: =D59 -> 0 | E60: ='Slab Culvert 1V 6m x 2m spa'!I45*D60 -> 0 | F60: =(0.9*97.5+0.225*97.5+0.225*40) -> 118.6875 | G60: =ROUND(F60*E60,0) -> 0
A61: =A60+1 -> 7 | B61: RCC M25 grade for Deckslab | C61: Cum | D61: =D60 -> 0 | E61: ='Slab Culvert 1V 6m x 2m spa'!I50*D61 -> 0 | F61: =(0.9*97.5+0.225*97.5+0.225*40) -> 118.6875 | G61: =ROUND(F61*E61,0) -> 0
A62: =A61+1 -> 8 | B62: PCC M15 bed pitching | C62: Cum | D62: =D61 -> 0 | F62: =(0.9*97.5+0.225*97.5+0.225*40) -> 118.6875 | G62: =ROUND(F62*E62,0) -> 0
A63: =A62+1 -> 9 | B63: PCC M30 Wearing coat | C63: Cum | D63: =D62 -> 0 | E63: =('Slab Culvert 1V 6m x 2m spa'!I65)*D63 -> 0 | F63: =(0.9*97.5+0.225*97.5+0.225*40) -> 118.6875 | G63: =ROUND(F63*E63,0) -> 0
A64: =A63+1 -> 10 | B64: RCC M25 grade for Guide stone | C64: Cum | D64: =D63 -> 0 | F64: =(0.9*97.5+0.225*97.5+0.225*40) -> 118.6875 | G64: =ROUND(F64*E64,0) -> 0
A65: =A64+1 -> 11 | B65: Back filling | C65: Cum | D65: =D64 -> 0 | E65: =('Slab Culvert 1V 6m x 2m spa'!I60)*D65 -> 0 | F65: =1.2*40 -> 48 | G65: =ROUND(F65*E65,0) -> 0
A66: =A65+1 -> 12 | B66: Carted earth | C66: Cum | D66: =D65 -> 0 | E66: =('Slab Culvert 1V 6m x 2m spa'!I69)*D66 -> 0 | F66: 30 | G66: =ROUND(F66*E66,0) -> 0
A67: =A66+1 -> 13 | B67: PCC M15 below approch slab | C67: Cum | D67: =D66 -> 0 | E67: =('Slab Culvert 1V 6m x 2m spa'!I73)*D67 -> 0 | F67: =(0.9*97.5+0.225*97.5+0.225*40) -> 118.6875 | G67: =ROUND(F67*E67,0) -> 0
A68: =A67+1 -> 14 | B68: PCC M30 Approch slab | C68: Cum | D68: =D67 -> 0 | E68: =('Slab Culvert 1V 6m x 2m spa'!I77)*D68 -> 0 | F68: =(0.9*97.5+0.225*97.5+0.225*40) -> 118.6875 | G68: =ROUND(F68*E68,0) -> 0
A69: 15 | B69: Filter media | C69: Cum | D69: =D67 -> 0 | E69: =('Slab Culvert 1V 6m x 2m spa'!I89)*D69 -> 0 | F69: =1.2*97.5 -> 117 | G69: =ROUND(F69*E69,0) -> 0
A70: 16 | B70: Boulder apron | C70: Cum | D70: =D68 -> 0 | E70: =('Slab Culvert 1V 6m x 2m spa'!I95)*D70 -> 0 | F70: =1.2*97.5 -> 117 | G70: =ROUND(F70*E70,0) -> 0
B71: 2vent 6.00 x 2.00m span slab culvert at
A72: 1 | B72: Earth work excavation for structures | C72: Cum | D72: ='CD Abs'!C10 -> 0 | E72: =('Slab Culvert 2V 6m x 2m spa'!I10)*D72 -> 0 | F72: 30 | G72: =ROUND(F72*E72,0) -> 0
A73: =A72+1 -> 2 | B73: Filling sand | C73: Cum | D73: =D72 -> 0 | F73: =(0.6*97.5+0.6*40) -> 82.5 | G73: =ROUND(F73*E73,0) -> 0
A74: =A73+1 -> 3 | B74: PCC (1:3:6) | C74: Cum | D74: =D73 -> 0 | E74: =('Slab Culvert 2V 6m x 2m spa'!I20)*D74 -> 0 | F74: =(0.92*97.5+0.23*97.5+0.23*40) -> 121.325 | G74: =ROUND(F74*E74,0) -> 0
A75: =A74+1 -> 4 | B75: PCC M15 grade for foundations | C75: Cum | D75: =D74 -> 0 | E75: =('Slab Culvert 2V 6m x 2m spa'!I34)*D75 -> 0 | F75: =(0.9*97.5+0.225*97.5+0.225*40) -> 118.6875 | G75: =ROUND(F75*E75,0) -> 0
A76: =A75+1 -> 5 | B76: PCC M15 grade for body walls | C76: Cum | D76: =D75 -> 0 | E76: =('Slab Culvert 2V 6m x 2m spa'!I42)*D76 -> 0 | F76: =(0.9*97.5+0.225*97.5+0.225*40) -> 118.6875 | G76: =ROUND(F76*E76,0) -> 0
A77: =A76+1 -> 6 | B77: RCC M25 grade for Bed blocks | C77: Cum | D77: =D76 -> 0 | E77: =('Slab Culvert 2V 6m x 2m spa'!I46)*D77 -> 0 | F77: =(0.9*97.5+0.225*97.5+0.225*40) -> 118.6875 | G77: =ROUND(F77*E77,0) -> 0
A78: =A77+1 -> 7 | B78: RCC M25 grade for Deckslab | C78: Cum | D78: =D77 -> 0 | E78: =('Slab Culvert 2V 6m x 2m spa'!I51-'Slab Culvert 2V 6m x 2m spa'!I46)*D78 -> 0 | F78: =(0.9*97.5+0.225*97.5+0.225*40) -> 118.6875 | G78: =ROUND(F78*E78,0) -> 0
A79: =A78+1 -> 8 | B79: PCC M15 bed pitching | C79: Cum | D79: =D78 -> 0 | F79: =(0.9*97.5+0.225*97.5+0.225*40) -> 118.6875 | G79: =ROUND(F79*E79,0) -> 0
A80: =A79+1 -> 9 | B80: PCC M30 Wearing coat | C80: Cum | D80: =D79 -> 0 | E80: =('Slab Culvert 2V 6m x 2m spa'!I65)*D80 -> 0 | F80: =(0.9*97.5+0.225*97.5+0.225*40) -> 118.6875 | G80: =ROUND(F80*E80,0) -> 0
A81: =A80+1 -> 10 | B81: RCC M25 grade for Guide stone | C81: Cum | D81: =D80 -> 0 | F81: =(0.9*97.5+0.225*97.5+0.225*40) -> 118.6875 | G81: =ROUND(F81*E81,0) -> 0
A82: =A81+1 -> 11 | B82: Back filling | C82: Cum | D82: =D81 -> 0 | E82: =('Slab Culvert 2V 6m x 2m spa'!I61)*D82 -> 0 | F82: =1.2*40 -> 48 | G82: =ROUND(F82*E82,0) -> 0
A83: =A82+1 -> 12 | B83: Carted earth | C83: Cum | D83: =D82 -> 0 | E83: =('Slab Culvert 2V 6m x 2m spa'!I69)*D83 -> 0 | F83: 30 | G83: =ROUND(F83*E83,0) -> 0
A84: =A83+1 -> 13 | B84: PCC M15 below approch slab | C84: Cum | D84: =D83 -> 0 | E84: =('Slab Culvert 2V 6m x 2m spa'!I77)*D84 -> 0 | F84: =(0.9*97.5+0.225*97.5+0.225*40) -> 118.6875 | G84: =ROUND(F84*E84,0) -> 0
A85: =A84+1 -> 14 | B85: PCC M30 Approch slab | C85: Cum | D85: =D84 -> 0 | E85: =('Slab Culvert 2V 6m x 2m spa'!I77)*D85 -> 0 | F85: =(0.9*97.5+0.225*97.5+0.225*40) -> 118.6875 | G85: =ROUND(F85*E85,0) -> 0
A86: 15 | B86: Filter media | C86: Cum | D86: =D84 -> 0 | E86: =('Slab Culvert 2V 6m x 2m spa'!I89)*D86 -> 0 | F86: =1.2*97.5 -> 117 | G86: =ROUND(F86*E86,0) -> 0
A87: 16 | B87: Boulder apron | C87: Cum | D87: =D85 -> 0 | E87: =('Slab Culvert 2V 6m x 2m spa'!I95)*D87 -> 0 | F87: =1.2*97.5 -> 117 | G87: =ROUND(F87*E87,0) -> 0
B88: Construction of Road dam at km
A89: 1 | B89: Earth work excavation for structures | C89: Cum | D89: ='CD Abs'!C11 -> 0 | E89: =('Road dam 30m'!I10)*D89 -> 0 | F89: 30 | G89: =ROUND(F89*E89,0) -> 0
A90: =A89+1 -> 2 | B90: Filling sand | C90: Cum | D90: =D89 -> 0 | E90: =('Road dam 30m'!I17)*D90 -> 0 | F90: =(0.6*97.5+0.6*40) -> 82.5 | G90: =ROUND(F90*E90,0) -> 0
A91: =A90+1 -> 3 | B91: PCC M10 grade | C91: Cum | D91: =D90 -> 0 | E91: =('Road dam 30m'!I29)*D91 -> 0 | F91: =(0.92*97.5+0.23*97.5+0.23*40) -> 121.325 | G91: =ROUND(F91*E91,0) -> 0
A92: =A91+1 -> 4 | B92: PCC M15 grade for foundations | C92: Cum | D92: =D91 -> 0 | E92: =('Road dam 30m'!I41)*D92 -> 0 | F92: =(0.9*97.5+0.225*97.5+0.225*40) -> 118.6875 | G92: =ROUND(F92*E92,0) -> 0
A93: =A92+1 -> 5 | B93: PCC M15 grade for body walls | C93: Cum | D93: =D92 -> 0 | E93: 0 | F93: =(0.9*97.5+0.225*97.5+0.225*40) -> 118.6875 | G93: =ROUND(F93*E93,0) -> 0
A94: =A93+1 -> 6 | B94: PCC M10 levelling course | C94: Cum | D94: =D93 -> 0 | E94: 0 | F94: =(0.9*97.5+0.225*97.5+0.225*40) -> 118.6875 | G94: =ROUND(F94*E94,0) -> 0
A95: =A94+1 -> 7 | B95: PCC M30 Wearing coat | C95: Cum | D95: =D94 -> 0 | E95: =('Road dam 30m'!I62)*D95 -> 0 | F95: =(0.9*97.5+0.225*97.5+0.225*40) -> 118.6875 | G95: =ROUND(F95*E95,0) -> 0
A96: =A95+1 -> 8 | B96: Back filling | C96: Cum | D96: =D95 -> 0 | E96: =('Road dam 30m'!I51)*D96 -> 0 | F96: =1.2*40 -> 48 | G96: =ROUND(F96*E96,0) -> 0
A97: 9 | B97: Boulder apron | C97: Cum | D97: =D95 -> 0 | E97: =('Road dam 30m'!I57)*D97 -> 0 | F97: =1.2*97.5 -> 117 | G97: =ROUND(F97*E97,0) -> 0
B98: Protection walls
A99: 1 | B99: Earth work excavation for structures | C99: Cum | D99: ='CD Abs'!C12 -> 0 | E99: =('Ret wall'!I8)*D99 -> 0 | F99: 30 | G99: =ROUND(F99*E99,0) -> 0
A100: =A99+1 -> 2 | B100: PCC M10 grade for foundations | C100: Cum | D100: =D99 -> 0 | E100: =('Ret wall'!I18)*D100 -> 0 | F100: =(0.92*97.5+0.23*97.5+0.23*40) -> 121.325 | G100: =ROUND(F100*E100,0) -> 0
A101: =A100+1 -> 3 | B101: PCC M15 grade for foundations | C101: Cum | D101: =D100 -> 0 | E101: =('Ret wall'!I23)*D101 -> 0 | F101: =(0.9*97.5+0.225*97.5+0.225*40) -> 118.6875 | G101: =ROUND(F101*E101,0) -> 0
A102: =A101+1 -> 4 | B102: PCC M15 grade for body walls | C102: Cum | D102: =D101 -> 0 | E102: =('Ret wall'!I27)*D102 -> 0 | F102: =(0.9*97.5+0.225*97.5+0.225*40) -> 118.6875 | G102: =ROUND(F102*E102,0) -> 0
B103: Construction of Drain
...

Sheet Schedule-A
A1: Schedule A (Part -I)
A2: Schedule of Rates and Approximate Quantities
A3: Name of the work : - | D3: =+'Input Data'!E1 -> BT Renewal from Balabadraipally to Danamma Thanda of Gundumal Mandal in Narayanpet District
A4: Estt.Cost Rs.. | C4: =+'Input Data'!J4 -> 96.15 | D4: Lakhs | E4: Grant | F4: ='Input Data'!J6 -> SDF-2024-25 | H4: ="NIT.No-"&'Input Data'!L5 -> NIT.No--
A5: A) | B5: The quanties here given are those upon which the lumpsum tender cost of work is based but they are subject to alteration, omissions, deductions, or additions as provided for in the conditions of this contract and do not necessarily show the actual quantities of work to be done. The total contract value and unit rates noted below are those governing payment of extras or deductions for omissions according to the conditions to the contract as set forth in the preliminary specifications of the AP Standard Specifications and other conditions of specification of this contract.
A6: B) | B6: It is to be expressly understood that the measured work is to be taken net (not withstanding any custom or practice to the contrary) according to the actual quantities when in place and finished according to the drawings or as may be ordered from time to time by the Executive Engineer and the cost calculated by measurmeent or weight, at their respective rates wihtout any additional charge for any necessary or contingent works connected works connected therewith. The total contract value is for works in situ and complete in every respect.
A7: C) | B7: Additions and alterations in the Schedule of quantities will disqualify the tender
A8: D) | B8: In case of discrepancies between the written description of the item in the Schedule 'A" and the detailed description in the specification of the same item, the latter shall be adopted.
A9: Sl.No | B9: Probable quantity both in figures | C9: Per | D9: Description of works | E9: MoRD/ MoRT&H specification | F9: Unit of Measurement in figures and words | G9: Rate in figures | H9: Amount
A10: 1 | B10: 2 | C10: 3 | D10: 4 | E10: 5 | F10: 6 | G10: 7 | H10: 8
C11: 1 | D11: Road Portion | L11: 1 | M11: 0 | N11: =H11 -> 0
A12: =L12 -> 1 | B12: ='Road Estimate'!I10 -> 4920 | C12: Sqm | D12: ='Road Estimate'!B5 -> Clearing and grubbing road land including uprooting rank vegetation, grass, bushes, shrubs, saplings and trees girth up to 300 mm, removal of stumps of trees cut earlier and disposal of unserviceable materials and stacking of serviceable material to be used or auctioned, up to a lead of 1000 metres including removal and disposal of top organic soil not exceeding 150 mm in thickness by Mechanical means as per the Techinical Specification Clause 201 MoRTH 5th Revision | E12: 201 MoRTH | F12: 1.00 Sqm | G12: ='Road Estimate'!$J$10 -> 3.93 | H12: =ROUND(B12*G12,0) -> 19336 | L12: =IF(M12=M11,0,M12) -> 1 | M12: =IF(N12>0,(M11+1),M11) -> 1 | N12: =H12 -> 19336
A13: =L13 -> 0 | B13: ='Road Estimate'!I14 -> 0 | C13: cum | D13: ='Road Estimate'!B12 -> Scarifying the granular surface to a depth of 50 mm by Mechanical means and re-using the scarified material with all leads and lifts as per MoRT&H (5th Revision) Specn. No.305.4.3 | E13: 305.3.4 MoRTH | F13: 1 Cum | G13: ='Road Estimate'!J14 -> 43.84 | H13: =ROUND(B13*G13,0) -> 0 | L13: =IF(M13=M12,0,M13) -> 0 | M13: =IF(N13>0,(M12+1),M12) -> 1 | N13: =H13 -> 0
A14: =L14 -> 0 | B14: ='Road Estimate'!I18 -> 0 | C14: cum | D14: ='Road Estimate'!B16 -> Excavation for roadwork in soil by mechanical means including cutting and pushing the earth to the site of Embankment upto a lead of 100m,including trimming bottom and side slopes, in accordance with requirements of lines, grades and cross sections as per Technical sanction Clause 302.3MORD/301 MORTH including overhead charges& Contractor's profit but excluding seignioarge charges for finished item of work . | E14: 305 MoRTH | F14: 1 Cum | G14: ='Road Estimate'!$J$18 -> 127.41 | H14: =ROUND(B14*G14,0) -> 0 | L14: =IF(M14=M13,0,M14) -> 0 | M14: =IF(N14>0,(M13+1),M13) -> 1 | N14: =H14 -> 0
B15: 0 | C15: cum | E15: 305 MoRTH | F15: 1 Cum | L15: =IF(M15=M14,0,M15) -> 0 | M15: =IF(N15>0,(M14+1),M14) -> 1 | N15: =H15 -> 0
E16: 305.4.3 MoRTH | F16: 1 Sqm | L16: =IF(M16=M15,0,M16) -> 0 | M16: =IF(N16>0,(M15+1),M15) -> 1 | N16: =H16 -> 0
A17: =L17 -> 2 | B17: ='Road Estimate'!I62 -> 1164.38 | C17: cum | D17: ='Road Estimate'!B60 -> Construction of earthen shoulders with selective soils obtained from borrow pits with MDD of 18 KN/Cum , CBR ≥ 12%, PI < 12% from approved sources, grading and consoilidation with 8 to 10 Tonnes Vibratory Road Roller @ OMC to meet requirement of MoRT&H, including all hire and operational charges of T&P complete for finished item of work as per MoRT&H specification 305 (5th revision) | E17: 305 MoRTH | F17: 1 Cum | G17: ='Road Estimate'!$J$62 -> 288.3 | H17: =ROUND(B17*G17,0) -> 335691 | L17: =IF(M17=M16,0,M17) -> 2 | M17: =IF(N17>0,(M16+1),M16) -> 2 | N17: =H17 -> 335691
A18: =L18 -> 0 | C18: cum | E18: 401 MoRTH | F18: 1 Cum | L18: =IF(M18=M17,0,M18) -> 0 | M18: =IF(N18>0,(M17+1),M17) -> 2 | N18: =H18 -> 0
C19: cum | D19: ='Road Estimate'!#REF! -> #REF! | E19: 404 MoRTH | F19: 1 Cum | L19: =IF(M19=M18,0,M19) -> 0 | M19: =IF(N19>0,(M18+1),M18) -> 2 | N19: =H19 -> 0
C20: cum | D20: ='Road Estimate'!#REF! -> #REF! | E20: 404 MoRTH | F20: 1 Cum | L20: =IF(M20=M19,0,M20) -> 0 | M20: =IF(N20>0,(M19+1),M19) -> 2 | N20: =H20 -> 0
A21: =L21 -> 3 | B21: ='Road Estimate'!I26 -> 615 | C21: cum | D21: ='Road Estimate'!B24 -> Providing, laying, spreading and compacting graded stone aggregate to Wet mix macadam specification including premixing the material with water at OMC in mechanical mixer (Pug Mill), carriage of mixed material by tipper to site, laying in uniform layers in sub-base/base course on a well prepared sub-base and compacting with Vibratory roller of 80 to 100kN to achieve the desired density including lighting, barricading and maintenance of diversion, etc as directed by the Engineer-in-Charge and as per Technical Specification Clause 406 MoRT&H ( 5th revision ), including overhead charges & Contractor profit excluding Seignarage charges etc complete. | E21: 406 MoRTH | F21: 1 Cum | G21: ='Road Estimate'!J26 -> 3101.04 | H21: =ROUND(B21*G21,0) -> 1907140 | L21: =IF(M21=M20,0,M21) -> 3 | M21: =IF(N21>0,(M20+1),M20) -> 3 | N21: =H21 -> 1907140
A22: =L22 -> 4 | B22: ='Road Estimate'!I30 -> 6150 | C22: Sqm | D22: ='Road Estimate'!B28 -> Providing and applying primer coat with bitumen emulsion (SS-1) on prepared surface of granular base including cleaning of road surface and spraying primer at the rate of 0.60 kg/sqm using mechanical means, as directed by the Engineer-in-Charge and as per Technical Specification Clause 502 MoRT&H (5th Revision) (for use on Wet mix macadam & WBM) ,including overhead charges & Contractors profit excluding Seignarage charges etc complete. | E22: 502 MoRTH | F22: 1 Sqm | G22: ='Road Estimate'!J30 -> 57.03 | H22: =ROUND(B22*G22,0) -> 350735 | L22: =IF(M22=M21,0,M22) -> 4 | M22: =IF(N22>0,(M21+1),M21) -> 4 | N22: =H22 -> 350735
A23: =L23 -> 5 | B23: ='Road Estimate'!I34 -> 7762.5 | C23: Sqm | D23: ='Road Estimate'!B32 -> Providing and applying tack coat with Bitumen emulsion (RS-1) using emulsion distributor at the rate of 0.275 kg per sqm on the prepared granular surfaces treated with primer & cleaned with Hydraulic broom,as directed by the Engineer-in-Charge and as per Technical Specification Clause 503 MoRT&H (5th Revision), including overhead charges & Contractors profit excluding Seignarage charges etc complete. | E23: 502 MoRTH | F23: 1 Sqm | G23: ='Road Estimate'!$J$34 -> 16.65 | H23: =ROUND(B23*G23,0) -> 129246 | L23: =IF(M23=M22,0,M23) -> 5 | M23: =IF(N23>0,(M22+1),M22) -> 5 | N23: =H23 -> 129246
A24: =L24 -> 0 | B24: ='Road Estimate'!I38 -> 0 | C24: Sqm | D24: ='Road Estimate'!B36 -> Providing, laying and rolling of open-graded premix carpet of 20 mm thickness composed of 13.2 mm to 5.6 mm aggregates either using penetration grade bitumen 60/70 grade at the rate of 14.6 kg/10 sqm to required line, grade and level to serve as wearing course on a previously prepared base, including mixing in a Hot Mix plant of 60TPH, laying and rolling with a three wheel 80-100 kN static roller capacity, finished to required level and grades to be followed by seal coat of Type B including cost and conveyance of all materials from approved sources, , labour charges and hire and operational charges of power road roller and all other machinery, tools and plants, providing barricading for diversion of traffic, erecting red flags other incidental and operational charges etc., complete for finished item of work, as directed by the Engineer-in-Charge and as per clause 511 MoRT&H (5th Revision), including overhead charges & Contractors profit excluding Seignarage charges etc complete. | E24: 511 MoRTH | F24: 1 Sqm | G24: ='Road Estimate'!$J$38 -> 156.64 | H24: =ROUND(B24*G24,0) -> 0 | L24: =IF(M24=M23,0,M24) -> 0 | M24: =IF(N24>0,(M23+1),M23) -> 5 | N24: =H24 -> 0
